 Dungeon Crawl Stone Soup version 0.29.0-4-gdea44cf6ec (webtiles) character file.

Game seed: 16883240537547699620

675445 qw the Bringer of Light (level 27, 192/192 HPs)
             Began as a Gargoyle Fighter on Sept 8, 2022.
             Was the Champion of the Shining One.
             Quit the game on level 2 of the Depths.
             The game lasted 00:49:19 (72150 turns).

qw the Bringer of Light (Gargoyle Fighter)         Turns: 72150, Time: 00:49:20

Health: 192/192    AC: 70    Str: 32    XL:     27
Magic:  39/39      EV: 24    Int: 10    God:    the Shining One [******]
Gold:   4256       SH: 31    Dex: 27    Spells: 26/26 levels left

rFire   + + +      SeeInvis +   G - +10 broad axe of Kagot {vorpal, Will++ Int-5}
rCold   + . .      Faith    .   z - +0 tower shield
rNeg    + + +      Spirit   .   i - +12 gold dragon scales
rPois   inf        Reflect  +   t - +1 hat "Qaciboqo" {Int+2 Dex+6}
rElec   +          Harm     .   J - +0 cloak "Ybuaptal" {rF++ Str-3 Dex+4}
rCorr   +          Rampage  .   x - +2 pair of gloves
Will    +++..                   g - +0 pair of boots of Fortification {rPois Will- Str+7}
Stlth   ..........              I - amulet of Agnosticism {Reflect rC- rCorr Int+3 Dex+8 SH+5}
HPRegen 0.42/turn               n - ring of Ogroleam {AC+4 Str-5 Slay+5 SInv}
MPRegen 0.26/turn               F - +4 ring of evasion

@: flying, glowing
A: sickness immunity, AC +20, big wings, negative energy resistance 1,
electricity resistance, torment resistance 1, petrification resistance, horns 1,
cold resistance 1, subdued magic 1
}: 4/15 runes: serpentine, barnacled, silver, golden
a: Renounce Religion, Divine Shield, Cleansing Flame, Summon Divine Warrior


You were on level 2 of the Depths.
You worshipped the Shining One.
The Shining One was exalted by your worship.
You visited 10 branches of the dungeon, and saw 50 of its levels.
You visited the Abyss 1 time.

You collected 9147 gold pieces.
You spent 4891 gold pieces at shops.


Innate Abilities, Weirdness & Mutations

You are immune to sickness and miasma.
Your stone body is resilient. (AC +20)
You are immune to poison.
Your large and strong wings let you fly.
You resist negative energy. (rN+)
You are resistant to electric shocks. (rElec)
You are resistant to unholy torment.
You are immune to petrification.
You have a pair of small horns on your head.
Your flesh is cold resistant. (rC+)
Your spells are a little easier to cast, but a little less powerful.


   Skills:
 - Level 24.7 Fighting
 - Level 18.0 Axes
 - Level 14.1 Throwing
 + Level 22.3 Armour
 - Level 17.0 Dodging
 - Level 22.0 Shields
 - Level 24.8 Invocations


You had 26 spell levels left.
You didn't know any spells.
Your spell library was empty.

Inventory:

Hand Weapons
 y - a +9 broad axe of holy wrath
 G - the +10 broad axe of Kagot (weapon) {vorpal, Will++ Int-5}
   (You found it on level 5 of the Vaults)

   It inflicts extra damage upon your enemies.
   Int:       It affects your intelligence (-5).
   Will:      It greatly increases your willpower.
Missiles
 p - 15 boomerangs
 w - 2 javelins (quivered)
Armour
 f - the +0 pair of gloves of the Nightingale {Harm Str+4}
   (Okawaru gifted it to you on level 2 of the Vaults)

   Str:       It affects your strength (+4).
   Harm:      It increases damage dealt and taken.
 g - the +0 pair of boots of Fortification (worn) {rPois Will- Str+7}
   (You acquired it on level 3 of the Lair of Beasts)

   Str:       It affects your strength (+7).
   rPois:     It protects you from poison.
   Will:      It decreases your willpower.
 i - +12 gold dragon scales (worn)
 s - a +2 cloak
 t - the +1 hat "Qaciboqo" (worn) {Int+2 Dex+6}
   (You acquired it on level 1 of the Tomb of the Ancients)

   Int:       It affects your intelligence (+2).
   Dex:       It affects your dexterity (+6).
 x - a +2 pair of gloves (worn)
 z - a +0 tower shield (worn)
 J - the +0 cloak "Ybuaptal" (worn) {rF++ Str-3 Dex+4}
   (Okawaru gifted it to you on level 5 of the Vaults)

   Str:       It affects your strength (-3).
   Dex:       It affects your dexterity (+4).
   rF:        It greatly protects you from fire.
Jewellery
 n - the ring of Ogroleam (left hand) {AC+4 Str-5 Slay+5 SInv}
   (You found it on level 1 of the Crypt)

   [ring of protection]

   AC:        It affects your AC (+4).
   Str:       It affects your strength (-5).
   Slay:      It affects your accuracy & damage with ranged weapons and melee
   (+5).
   SInv:      It lets you see invisible.
 u - the ring "Miafaq" {rF+ rN+ Str+2}
   (You bought it in a shop on level 2 of the Snake Pit)

   [ring of protection from fire]

   Str:       It affects your strength (+2).
   rF:        It protects you from fire.
   rN:        It protects you from negative energy.
 B - the ring "Darru" {+Blink rElec rC- EV+4 Dex+10 Slay-3}
   (You bought it in a shop on level 2 of the Depths)

   [ring of evasion]

   EV:        It affects your evasion (+4).
   Dex:       It affects your dexterity (+10).
   Slay:      It affects your accuracy & damage with ranged weapons and melee
   (-3).
   rC:        It makes you vulnerable to cold.
   rElec:     It insulates you from electricity.
   +Blink:    It lets you blink.
 E - a ring of protection from fire
 F - a +4 ring of evasion (right hand)
 I - the amulet of Agnosticism (around neck) {Reflect rC- rCorr Int+3 Dex+8 SH+5}
   (You bought it in a shop on level 12 of the Dungeon)

   [amulet of reflection]

   It reflects blocked missile attacks.
   Int:       It affects your intelligence (+3).
   Dex:       It affects your dexterity (+8).
   rC:        It makes you vulnerable to cold.
   rCorr:     It protects you from acid and corrosion.
   SH:        It affects your SH (+5).
Scrolls
 a - 19 scrolls of identify
 e - 11 scrolls of blinking
 h - 12 scrolls of fog
 o - 2 scrolls of enchant armour
 A - a scroll of enchant weapon
 C - 6 scrolls of brand weapon
Potions
 c - 9 potions of attraction
 d - 4 potions of might
 j - 17 potions of curing
 k - 2 potions of mutation
 l - 7 potions of heal wounds
 m - 5 potions of cancellation
 q - 5 potions of resistance
 r - 10 potions of haste
 v - 2 potions of magic
 D - 5 potions of lignification

Dungeon Overview and Level Annotations

Branches:
Dungeon (15/15)            Temple (0/1) D:7            Lair (5/5) D:8
 Shoals (4/4) Lair:2        Snake (4/4) Lair:3        Slime (0/5) Lair:4
    Orc (2/2) D:10            Elf (0/3) Orc:2        Vaults (5/5) D:13
  Crypt (3/3) Vaults:3       Tomb (3/3) Crypt:3      Depths (4/4) D:15
    Zot (5/5) Depths:4

Altars:
Ashenzari
Dithmenos
Fedhas
Gozag
Hepliaklqana
Kikubaaqudgha
Makhleb
Nemelex Xobeh
Okawaru
Qazlal
Ru
Trog
Vehumet
Wu Jian
Xom
Yredelemnul
Zin
The Shining One
Lugonu

Shops:
D:2 =   D:4 *[?(   D:5 [   D:12 =   D:14 *   Orc:1 *   Orc:2 =([*   Snake:2 ==:
Vaults:4 **:   Depths:2 =

Portals:
Hell: Depths:1 Depths:2 Depths:3 Depths:4
Abyss: Depths:2 Depths:3
Pandemonium: Depths:2 Depths:4
Ziggurat: Depths:2
Trove: D:14 (give +5 demon trident)

Annotations:
D:3 3 runed translucent doors, qw's ghost, amateur GrBe
Lair:5 1 runed translucent door
Shoals:3 2 runed translucent doors, qw's ghost, adept GrBe
Shoals:4 3 runed translucent doors, qw's ghost, adept GrBe
Orc:1 2 transporters, burt's ghost, journeyman DrCj
Vaults:2 3 runed translucent doors, qw's ghost, adept MiBe
Vaults:4 3 runed translucent doors, Eldin's ghost, veteran DEHW
Zot:3 3 runed translucent doors, Juzit's ghost, legendary GnFi; qw's ghost, veteran MiBe


Message History

Done exploring.
Sorry, I don't know how to get there.
Done exploring.
72141 ||| Stepping randomly (stuck).
Done exploring.
Sorry, I don't know how to get there.
Done exploring.
72142 ||| Stepping randomly (stuck).
Done exploring.
Sorry, I don't know how to get there.
Done exploring.
72143 ||| Stepping randomly (stuck).
Done exploring.
Sorry, I don't know how to get there.
Done exploring.
72144 ||| Stepping randomly (stuck).
Done exploring.
Sorry, I don't know how to get there.
Done exploring.
72145 ||| Stepping randomly (stuck).
Done exploring.
Sorry, I don't know how to get there.
Done exploring.
72146 ||| Stepping randomly (stuck).
Done exploring.
Sorry, I don't know how to get there.
Done exploring.
72147 ||| Stepping randomly (stuck).
Done exploring.
Sorry, I don't know how to get there.
Done exploring.
72148 ||| Stepping randomly (stuck).
Done exploring.
Sorry, I don't know how to get there.
Done exploring.
72149 ||| Stepping randomly (stuck).
Done exploring.
Sorry, I don't know how to get there.
Done exploring.
Are you sure you want to abandon this character and quit the game? (Confirm with "yes".)

##.## #~~### #..##### #~##~#
##.#...# #~~~~# ##### #.....#
###~~# .?..# ###...# #### ###.##
#...# ##### ###..####
########.######.... #~~~~~~~##
#............##.... ~~~~~~~~~##
#.@......###..#.... ~~~~~~~~~~#
#........####.#....
.~~~~~~~~~#####..................
~~~~.~~~~~#......................
~~~.\.~~~~.......................
~~~~^~~~~~.......................
~~~~~~~~~~#......................
~~~~~~~~~~.......................
~~~~~~~~~#....................)?)


There were no monsters in sight!

Vanquished Creatures
  5 dread liches
  3 orbs of fire (Zot:5)
  3 ancient liches (Zot:5)
  Mara (Depths:2)
  21 royal mummies
  Boris (Tomb:3)
  Josephina (Depths:2)
  A shard shrike (shapeshifter) (Depths:4)
  Parghit (Zot:4)
  2 Killer Klowns (Zot:5)
  Bai Suzhen (Depths:2)
  2 shard shrikes (Zot:2)
  Saint Roka (Orc:2)
  6 curse toes
  4 caustic shrikes (Depths:4)
  10 golden dragons
  A profane servitor (Crypt:3)
  Jory (Crypt:3)
  6 electric golems
  A Tzitzimitl (Zot:5)
  An iron giant (Depths:2)
  17 tentacled monstrosities
  A walking crystal tome (Depths:2)
  25 Orb Guardians (Zot:5)
  A walking earthen tome (Depths:2)
  Mlioglotl (Shoals:1)
  7 liches
  4 deep elf blademasters
  An Executioner (Abyss:2)
  21 titans
  2 deep elf master archers (Crypt:3)
  A quicksilver dragon (shapeshifter) (Vaults:5)
  10 quicksilver dragons
  A tentacled starspawn (Abyss:2)
  9 death cobs
  14 sphinxes
  Gastronok (D:8)
  A kraken (Shoals:1)
  11 ancient champions
  10 shadow dragons
  13 storm dragons
  9 draconian monks
  6 revenants
  Donald (Orc:2)
  4 tengu reavers
  12 nagarajas (Snake:4)
  9 draconian knights
  2 draconian scorchers
  19 fire giants
  4 spectral caustic shrikes (Depths:2)
  An orc warlord (Orc:2)
  A deep elf sorcerer (Vaults:5)
  A balrug (Depths:2)
  3 iron dragons
  A ghost moth (Zot:3)
  20 vault wardens
  A curse skull (Crypt:2)
  28 frost giants
  8 draconian shifters
  6 draconian stormcallers
  10 draconian annihilators
  28 very ugly things
  18 ironbound preservers
  5 ghouls
  4 war gargoyles
  A juggernaut skeleton (Tomb:3)
  A reaper (Zot:4)
  12 ironbound thunderhulks
  A deep elf demonologist (Vaults:5)
  20 stone giants
  10 green draconians
  15 bennus
  6 black draconians
  8 vampire knights
  9 spark wasps
  10 dire elephants (Vaults:1)
  14 white draconians
  14 yellow draconians
  2 deep elf annihilators (Vaults:5)
  13 purple draconians
  10 red draconians
  2 merfolk javelineers
  2 crystal guardians (Vaults:3)
  A deep elf death mage (Crypt:3)
  19 jiangshi
  2 eidola (Crypt:2)
  18 mummy priests
  12 merfolk impalers
  10 fire dragons
  10 great orbs of eyes
  27 yaktaur captains
  A quicksilver dragon zombie (Crypt:1)
  10 ettins
  2 rakshasas
  18 ice dragons
  5 spriggan air magi
  4 peacekeepers
  8 salamander tyrants
  6 hydras
  2 anacondas (shapeshifter)
  5 merfolk avatars
  39 vault guards
  5 merfolk aquamancers
  4 ironbound frosthearts
  5 ogre magi
  3 boulder beetles
  7 two-headed ogres
  19 anacondas
  2 catoblepae (D:13)
  19 centaur warriors
  19 naga warriors
  2 alligator snapping turtles (Shoals:4)
  A jorogumo (shapeshifter) (Vaults:5)
  5 death knights
  3 satyrs
  10 deep troll shamans
  An orc high priest (Orc:2)
  2 thrashing horrors (Abyss:2)
  95 death scarabs
  21 naga sharpshooters
  15 deep troll earth magi
  3 tengu warriors
  Urug (Orc:2)
  6 vampire magi
  A shock serpent (shapeshifter) (Depths:3)
  6 shock serpents
  5 spriggans
  6 spriggan berserkers
  13 deep elf knights
  8 hell knights
  46 skeletal warriors
  12 iron trolls
  4 shadow wraiths
  A sixfirhy (Depths:2)
  3 salamander mystics
  2 glowing orange brains
  54 deep trolls
  14 sea snakes
  5 flayed ghosts
  A goliath frog (shapeshifter) (Vaults:5)
  2 bog bodies (Crypt:1)
  4 deep elf archers
  9 naga ritualists
  8 lindwurms
  12 phantasmal warriors
  10 deep elf pyromancers
  5 necromancers
  25 ironbound convokers
  16 harpies
  A harpy (shapeshifter) (Vaults:4)
  4 deep elf zephyrmancers
  A tengu zombie (Crypt:3)
  A lindwurm (shapeshifter) (Vaults:5)
  12 wizards
  3 orc knights
  17 mana vipers
  A sphinx zombie (Crypt:1)
  3 oklob plants (Lair:4)
  2 stone giant zombies
  6 orc sorcerers
  14 fauns
  14 salamanders
  39 ugly things
  11 cyclopes
  13 manticores
  21 vault sentinels
  A frost giant skeleton (Depths:2)
  12 elephants
  22 moths of wrath
  6 merfolk sirens
  8 guardian serpents
  3 smoke demons
  2 water nymphs (shapeshifter)
  Maurice (Orc:2)
  51 black mambas
  6 water nymphs
  5 torpor snails (Lair:5)
  A centaur skeleton (Tomb:3)
  24 naga magi
  An orange demon (Abyss:2)
  11 cane toads
  4 unseen horrors (D:13)
  A steelbarb worm zombie (Crypt:1)
  A komodo dragon (shapeshifter) (D:15)
  49 yaktaurs
  5 komodo dragons
  A bunyip simulacrum (Crypt:3)
  A kobold demonologist (D:11)
  A rime drake (Lair:3)
  2 ancient zymes (Abyss:2)
  A yellow draconian skeleton (Crypt:2)
  57 guardian mummies
  2 ice devils
  A yaktaur skeleton (Vaults:4)
  A golden dragon simulacrum (Depths:2)
  A hydra zombie (Crypt:1)
  5 freezing wraiths
  12 trolls
  4 wind drakes
  2 harpy zombies
  A polar bear (Lair:3)
  28 merfolk
  3 tyrant leeches (Lair:5)
  14 hornets
  A tengu simulacrum (Depths:2)
  8 raiju (Abyss:2)
  7 blink frogs
  2 harpy skeletons (Tomb:3)
  A slime creature (shapeshifter) (Abyss:2)
  6 dream sheep (Lair:4)
  54 slime creatures
  12 snapping turtles
  An alligator zombie (Crypt:1)
  A guardian serpent skeleton (Crypt:2)
  A jumping spider (shapeshifter) (D:15)
  73 flying skulls
  15 water elementals
  6 shadows
  A culicivora (shapeshifter) (Depths:4)
  33 yaks
  An elf simulacrum (Vaults:4)
  3 wyverns
  7 starcursed masses (Abyss:2)
  3 basilisks
  13 wraiths
  A hog (shapeshifter) (D:13)
  12 ushabtiu
  2 chaos spawn
  13 vampire mosquitoes
  7 wargs
  11 large abominations
  52 nagas
  An acid dragon (shapeshifter) (Vaults:5)
  2 acid dragons (D:12)
  5 small abominations
  A floating eye (shapeshifter) (Vaults:5)
  A glowing shapeshifter skeleton (Vaults:4)
  23 orc warriors
  22 water moccasins
  2 spriggan simulacra (Depths:2)
  3 ice beasts
  2 hell hounds (Lair:4)
  3 black bears
  8 ogres
  A blink frog skeleton (Crypt:1)
  21 centaurs
  15 wolves
  A torpor snail zombie (Crypt:2)
  A dream sheep skeleton (Crypt:1)
  2 kobold brigands (D:8)
  16 bullfrogs
  7 necrophages
  4 scorpions
  3 gnoll sergeants
  A wight (D:7)
  2 warg zombies (Crypt:2)
  A cyclops skeleton (Crypt:2)
  A floating eye simulacrum (Depths:2)
  4 killer bees (D:9)
  4 electric eels (Snake:2)
  4 howler monkeys
  A centaur zombie (Crypt:2)
  A hound (D:5)
  17 orc priests
  A gnoll bouda (D:5)
  5 jellies
  3 iguanas
  22 orc wizards
  A boggart simulacrum (D:15)
  47 mummies
  15 gnolls
  8 adders
  2 shadow imps
  2 white imps
  A worm (D:3)
  2 dart slugs
  63 orcs
  8 endoplasms
  6 goblins
  7 hobgoblins
  8 jackals
  16 kobolds
  3 quokkas
  A river rat zombie (Crypt:2)
  5 ball pythons
  7 bats
  6 frilled lizards
  8 rats
  A bush (D:13)
  A lurking horror (Abyss:2)
  3 tentacles (Shoals:1)
2587 creatures vanquished.

Vanquished Creatures (collateral kills)
  5 royal mummies
  A bone dragon (Crypt:3)
  A fire giant (Tomb:1)
  A bennu (Tomb:3)
  A black draconian (Tomb:1)
  A purple draconian (Tomb:1)
  3 mummy priests
  A deep elf archer (Tomb:1)
  A deep elf pyromancer (Tomb:1)
  A stone giant zombie (Tomb:3)
  A freezing wraith (Crypt:3)
  3 guardian mummies (Tomb:3)
  2 flying skulls (Tomb:1)
  2 mummies (Tomb:1)
24 creatures vanquished.

Vanquished Creatures (others)
  A death cob (Zot:4)
  A nagaraja (Snake:4)
  A fire giant (Depths:4)
  A frost giant (Zot:2)
  A wizard (D:8)
  A shadow dragon simulacrum (Depths:2)
  A naga (Snake:4)
  A bush (D:13)
  50 fungi
  108 plants
  2 tentacles (Shoals:1)
168 creatures vanquished.

Grand Total: 2779 creatures vanquished

Notes
Turn   | Place    | Note
-------+----------+-------------------------------------------
     0 | D:1      | qw the Gargoyle Fighter began the quest for the Orb.
     0 | D:1      | Reached XP level 1. HP: 14/14 MP: 1/1
     0 | D:1      | 0 ||| qw: Version: 0.1-a-112-g44dc6cd
     0 | D:1      | 0 ||| qw: Game counter: 6810
     0 | D:1      | 0 ||| qw: Always use a shield: true
     0 | D:1      | 0 ||| qw: God list: Okawaru
     0 | D:1      | 0 ||| qw: Allow faded altars: false
     0 | D:1      | 0 ||| qw: Do Orc after D:15 true
     0 | D:1      | 0 ||| qw: Do second Lair branch before Depths: true
     0 | D:1      | 0 ||| qw: Lair rune preference: random
     0 | D:1      | 0 ||| qw: Plans: Normal, Zot, God:TSO, Crypt, Tomb, Zig,
                  | Orb
     0 | D:1      | 0 ||| PLANNING D:1-11
    21 | D:1      | Found a faded altar of an unknown god.
   302 | D:1      | 302 ||| Stepping ~*~*~tactically~*~*~ (stealth).
   306 | D:1      | Reached XP level 2. HP: 19/19 MP: 2/2
   377 | D:1      | 377 ||| DROPPING +0 club.
   451 | D:1      | 451 ||| Stepping ~*~*~tactically~*~*~ (stealth).
   457 | D:1      | 457 ||| Stepping ~*~*~tactically~*~*~ (stealth).
   720 | D:1      | 720 ||| UPGRADING to +0 plate armour.
   730 | D:1      | 730 ||| DROPPING +0 scale mail.
   731 | D:1      | 731 ||| READING scroll labelled CUR LURCHORGHEA.
   732 | D:1      | 732 ||| READING scroll labelled FITTA JAPLIR.
   733 | D:1      | 733 ||| READING scroll labelled CAGGAY WEWOTI.
   734 | D:1      | 734 ||| READING 2 scrolls labelled TITZES VEMNU.
   835 | D:1      | 835 ||| DROPPING scroll of silence.
   846 | D:2      | 846 ||| STAIRDANCE
   851 | D:1      | Reached skill level 3 in Axes
   851 | D:1      | Reached XP level 3. HP: 20/23 MP: 3/3
  1386 | D:2      | Found Pakk's Jewellery Shop.
  1392 | D:2      | 1392 ||| SHOPLISTING +4 ring of protection (468 gold, have
                  | 81).
  1392 | D:2      | 1392 ||| SHOPLISTING +6 ring of strength (468 gold, have
                  | 81).
  1392 | D:2      | 1392 ||| SHOPLISTING amulet of the acrobat (390 gold, have
                  | 81).
  1392 | D:2      | 1392 ||| SHOPLISTING ring of the Little Devil {rCorr Int+6}
                  | (631 gold, have 81).
  1392 | D:2      | 1392 ||| SHOPLISTING ring of willpower (325 gold, have 81).
  1457 | D:2      | 1457 ||| Stepping ~*~*~tactically~*~*~ (hiding).
  1496 | D:2      | 1496 ||| READING scroll of enchant weapon.
  1496 | D:2      | 1496 ||| ENCHANTING +1 war axe.
  1876 | D:2      | 1876 ||| DROPPING orb of mayhem.
  1877 | D:2      | 1877 ||| READING scroll labelled HIG YTOAMYEFE.
  1878 | D:2      | 1878 ||| READING 2 scrolls labelled CUSSYM MUOMAVI.
  1882 | D:2      | 1882 ||| READING scroll labelled XAYCES QAKAPTI.
  1906 | D:3      | 1906 ||| STAIRDANCE
  1944 | D:3      | 1944 ||| READING scroll of enchant weapon.
  1944 | D:3      | 1944 ||| ENCHANTING +2 war axe.
  1974 | D:3      | Reached XP level 4. HP: 28/28 MP: 4/4
  1998 | D:3      | 1998 ||| STAIRDANCE
  2010 | D:3      | 2010 ||| STAIRDANCE
  2404 | D:3      | Reached XP level 5. HP: 32/32 MP: 5/5
  2514 | D:3      | Found a shimmering altar of Xom.
  2556 | D:3      | Found a runed translucent gate.
  2556 | D:3      | Noticed qw's ghost (amateur GrBe)
  2557 | D:3      | Found a runed translucent gate.
  2558 | D:3      | Found a runed translucent gate.
  2560 | D:3      | Identified the +5 sling "Axifocw" {vorpal, rN+ Str+2 Int+3}
  2596 | D:3      | 2596 ||| READING scroll labelled SIKOUWA RYNEH.
  2597 | D:3      | 2597 ||| READING 3 scrolls of identify.
  2597 | D:3      | 2597 ||| IDENTIFYING purple potion
  2598 | D:3      | 2598 ||| READING 2 scrolls of identify.
  2598 | D:3      | 2598 ||| IDENTIFYING blue potion
  2599 | D:3      | 2599 ||| DROPPING potion of magic.
  2718 | D:4      | Identified the +9 dagger of Patterns {freeze, rPois rN++}
  2721 | D:4      | HP: 5/32 [orc priest/+0 mace (4)]
  2722 | D:4      | 2722 ||| READING 2 scrolls of teleportation.
  2725 | D:4      | Noticed an ogre
  2726 | D:4      | 2726 ||| READING scroll of teleportation.
  3186 | D:4      | 3186 ||| Stepping ~*~*~tactically~*~*~ (stealth).
  3192 | D:4      | 3192 ||| Stepping ~*~*~tactically~*~*~ (stealth).
  3208 | D:4      | Found a shadowy altar of Dithmenos.
  3212 | D:4      | 3212 ||| DRINKING 2 red potions.
  3213 | D:4      | 3213 ||| DROPPING potion of brilliance.
  3214 | D:4      | 3214 ||| Stepping randomly (stuck).
  3215 | D:4      | 3215 ||| Stepping randomly (stuck).
  3216 | D:4      | 3216 ||| Stepping randomly (stuck).
  3234 | D:4      | 3234 ||| Stepping randomly (stuck).
  3235 | D:4      | 3235 ||| Stepping randomly (stuck).
  3236 | D:4      | 3236 ||| Stepping randomly (stuck).
  3237 | D:4      | 3237 ||| Stepping randomly (stuck).
  3238 | D:4      | 3238 ||| Stepping randomly (stuck).
  3239 | D:4      | 3239 ||| Stepping randomly (stuck).
  3244 | D:4      | 3244 ||| Stepping randomly (stuck).
  3245 | D:4      | 3245 ||| Stepping randomly (stuck).
  3246 | D:4      | 3246 ||| Stepping randomly (stuck).
  3247 | D:4      | 3247 ||| Stepping randomly (stuck).
  3248 | D:4      | 3248 ||| Stepping randomly (stuck).
  3249 | D:4      | 3249 ||| Stepping randomly (stuck).
  3250 | D:4      | 3250 ||| Stepping randomly (stuck).
  3251 | D:4      | 3251 ||| Stepping randomly (stuck).
  3252 | D:4      | 3252 ||| Stepping randomly (stuck).
  3253 | D:4      | 3253 ||| Stepping randomly (stuck).
  3254 | D:4      | 3254 ||| Stepping randomly (stuck).
  3255 | D:4      | 3255 ||| Stepping randomly (stuck).
  3256 | D:4      | 3256 ||| Stepping randomly (stuck).
  3257 | D:4      | 3257 ||| Stepping randomly (stuck).
  3258 | D:4      | 3258 ||| Stepping randomly (stuck).
  3259 | D:4      | 3259 ||| Stepping randomly (stuck).
  3260 | D:4      | 3260 ||| Stepping randomly (stuck).
  3261 | D:4      | 3261 ||| Stepping randomly (stuck).
  3262 | D:4      | 3262 ||| Stepping randomly (stuck).
  3263 | D:4      | 3263 ||| Stepping randomly (stuck).
  3264 | D:4      | 3264 ||| Stepping randomly (stuck).
  3265 | D:4      | 3265 ||| Stepping randomly (stuck).
  3266 | D:4      | 3266 ||| Stepping randomly (stuck).
  3267 | D:4      | 3267 ||| Stepping randomly (stuck).
  3268 | D:4      | 3268 ||| Stepping randomly (stuck).
  3269 | D:4      | 3269 ||| Stepping randomly (stuck).
  3270 | D:4      | 3270 ||| Stepping randomly (stuck).
  3350 | D:4      | Found Kure Xei's Magic Scroll Boutique.
  3350 | D:4      | Found Bilur's Antique Weapon Boutique.
  3350 | D:4      | Found Oleenyf's Armour Boutique.
  3351 | D:4      | Found Womouzeb's Antique Weapon Boutique.
  3353 | D:4      | 3353 ||| BUYING 3 scrolls of identify (84 gold).
  3353 | D:4      | Bought 3 scrolls of identify for 84 gold pieces
  3353 | D:4      | 3353 ||| BUYING scroll of blinking (105 gold).
  3353 | D:4      | Bought a scroll of blinking for 105 gold pieces
  3353 | D:4      | 3353 ||| BUYING scroll of fog (56 gold).
  3353 | D:4      | Bought a scroll of fog for 56 gold pieces
  3353 | D:4      | 3353 ||| BUYING scroll of identify (28 gold).
  3353 | D:4      | Bought a scroll of identify for 28 gold pieces
  3353 | D:4      | 3353 ||| SHOPLISTING scroll of identify (28 gold, have 9).
  3353 | D:4      | 3353 ||| SHOPLISTING scroll of teleportation (42 gold, have
                  | 9).
  3361 | D:4      | 3361 ||| SHOPLISTING +2 plate armour of poison resistance
                  | (518 gold, have 9).
  3361 | D:4      | 3361 ||| SHOPLISTING +4 plate armour of willpower (700
                  | gold, have 9).
  3376 | D:4      | HP: 8/32 [ogre/+0 giant spiked club (6)]
  3377 | D:4      | Killed an ogre
  3378 | D:4      | Reached XP level 6. HP: 10/39 MP: 6/6
  3389 | D:4      | 3389 ||| Stepping ~*~*~tactically~*~*~ (stealth).
  3390 | D:4      | 3390 ||| Stepping ~*~*~tactically~*~*~ (stealth).
  3391 | D:4      | 3391 ||| Stepping ~*~*~tactically~*~*~ (stealth).
  3399 | D:4      | 3399 ||| Stepping ~*~*~tactically~*~*~ (stealth).
  3468 | D:4      | 3468 ||| Stepping ~*~*~tactically~*~*~ (stealth).
  3469 | D:4      | 3469 ||| Stepping ~*~*~tactically~*~*~ (stealth).
  3781 | D:4      | Found an iron altar of Okawaru.
  3783 | D:4      | 3783 ||| Stepping ~*~*~tactically~*~*~ (stealth).
  3796 | D:4      | Found an ornate altar of the Wu Jian Council.
  3800 | D:4      | Became a worshipper of Warmaster Okawaru
  3939 | D:4      | 3939 ||| Stepping ~*~*~tactically~*~*~ (hiding).
  3946 | D:4      | 3946 ||| Stepping ~*~*~tactically~*~*~ (hiding).
  3957 | D:4      | Reached skill level 6 in Axes
  3957 | D:4      | Reached XP level 7. HP: 37/44 MP: 7/7
  4003 | D:4      | Found Madodiji's General Store.
  4005 | D:4      | 4005 ||| DROPPING +0 whip.
  4013 | D:4      | 4013 ||| SHOPLISTING 2 potions of cancellation (208 gold,
                  | have 26).
  4013 | D:4      | 4013 ||| SHOPLISTING 2 potions of curing (78 gold, have
                  | 26).
  4013 | D:4      | 4013 ||| BUYING scroll of identify (26 gold).
  4013 | D:4      | Bought a scroll of identify for 26 gold pieces
  4244 | D:4      | 4244 ||| Stepping ~*~*~tactically~*~*~ (stealth).
  4246 | D:4      | 4246 ||| Stepping ~*~*~tactically~*~*~ (hiding).
  4501 | D:4      | 4501 ||| Stepping ~*~*~tactically~*~*~ (stealth).
  4563 | D:4      | 4563 ||| READING scroll labelled QOECHA DYFA.
  4564 | D:4      | 4564 ||| READING 7 scrolls of identify.
  4564 | D:4      | 4564 ||| IDENTIFYING murky blue potion
  4565 | D:4      | 4565 ||| DROPPING potion of berserk rage.
  4607 | D:5      | Entered Level 5 of the Dungeon
  4674 | D:5      | 4674 ||| Stepping ~*~*~tactically~*~*~ (hiding).
  4778 | D:5      | 4778 ||| Stepping ~*~*~tactically~*~*~ (stealth).
  4780 | D:5      | 4780 ||| Stepping ~*~*~tactically~*~*~ (stealth).
  4812 | D:5      | Reached * piety under Okawaru
  4911 | D:5      | 4911 ||| Stepping ~*~*~tactically~*~*~ (hiding).
  4917 | D:5      | 4917 ||| INVOKING Heroism.
  4941 | D:5      | 4941 ||| Stepping ~*~*~tactically~*~*~ (stealth).
  4970 | D:5      | Found a sacrificial altar of Ru.
  5042 | D:5      | 5042 ||| INVOKING Heroism.
  5052 | D:5      | Reached skill level 1 in Invocations
  5052 | D:5      | Reached XP level 8. HP: 44/49 MP: 5/9
  5055 | D:5      | 5055 ||| INVOKING Heroism.
  5062 | D:5      | 5062 ||| Stepping ~*~*~tactically~*~*~ (stealth).
  5251 | D:5      | Noticed a wraith
  5264 | D:5      | Killed a wraith
  5265 | D:5      | Reached skill level 1 in Dodging
  5266 | D:5      | 5266 ||| INVOKING Heroism.
  5269 | D:5      | Reached skill level 3 in Invocations
  5526 | D:5      | 5526 ||| Stepping ~*~*~tactically~*~*~ (hiding).
  5533 | D:5      | Found Araaguiq's Armour Shop.
  5646 | D:5      | 5646 ||| SHOPLISTING +1 cloak of stealth (231 gold, have
                  | 22).
  5646 | D:5      | 5646 ||| SHOPLISTING +1 helmet of see invisible (231 gold,
                  | have 22).
  5652 | D:5      | Reached skill level 1 in Throwing
  5654 | D:5      | 5654 ||| INVOKING Heroism.
  5732 | D:5      | 5732 ||| Stepping ~*~*~tactically~*~*~ (stealth).
  5733 | D:5      | 5733 ||| Stepping ~*~*~tactically~*~*~ (stealth).
  5741 | D:5      | 5741 ||| INVOKING Heroism.
  5951 | D:5      | 5951 ||| INVOKING Heroism.
  6119 | D:5      | 6119 ||| UPGRADING to +0 kite shield.
  6129 | D:5      | 6129 ||| DROPPING +0 buckler.
  6148 | D:6      | 6148 ||| INVOKING Heroism.
  6264 | D:6      | 6264 ||| Stepping ~*~*~tactically~*~*~ (hiding).
  6266 | D:6      | 6266 ||| Stepping ~*~*~tactically~*~*~ (hiding).
  6269 | D:6      | 6269 ||| INVOKING Heroism.
  6272 | D:6      | Reached XP level 9. HP: 36/54 MP: 9/12
  6283 | D:6      | 6283 ||| Stepping ~*~*~tactically~*~*~ (stealth).
  6431 | D:6      | 6431 ||| INVOKING Heroism.
  6583 | D:6      | Found a radiant altar of Vehumet.
  6746 | D:6      | Found a burning altar of Makhleb.
  6746 | D:6      | Found an ancient bone altar of Kikubaaqudgha.
  6763 | D:6      | 6763 ||| UPGRADING to +1 helmet.
  6768 | D:6      | 6768 ||| DROPPING amulet of faith.
  6769 | D:6      | 6769 ||| UPGRADING to +6 ring of dexterity.
  6770 | D:6      | 6770 ||| READING 2 scrolls labelled POAKLA TOUBAM.
  6771 | D:6      | 6771 ||| READING scroll of enchant armour.
  6771 | D:6      | 6771 ||| ENCHANTING +1 helmet.
  6772 | D:6      | 6772 ||| READING scroll labelled PYTZUOHAOW.
  6773 | D:6      | 6773 ||| READING 8 scrolls of identify.
  6773 | D:6      | 6773 ||| IDENTIFYING clear potion
  6839 | D:7      | Found a hazy altar of Hepliaklqana.
  6912 | D:7      | 6912 ||| READING scroll of brand weapon.
  6912 | D:7      | 6912 ||| BRANDING +3 war axe of freezing.
  6913 | D:7      | 6913 ||| DROPPING +0 flail.
  6926 | D:7      | Found a staircase to the Ecumenical Temple.
  6975 | D:7      | Reached skill level 6 in Shields
  6975 | D:7      | Found a sparkling altar of Nemelex Xobeh.
  7083 | D:7      | 7083 ||| INVOKING Heroism.
  7121 | D:7      | Noticed a hornet
  7133 | D:7      | Killed a hornet
  7166 | D:7      | 7166 ||| INVOKING Heroism.
  7333 | D:7      | 7333 ||| INVOKING Heroism.
  7399 | D:7      | Reached skill level 6 in Fighting
  7531 | D:7      | Reached ** piety under Okawaru
  7670 | D:7      | 7670 ||| UPGRADING to +0 pair of boots.
  7675 | D:7      | 7675 ||| UPGRADING to ring of willpower.
  7676 | D:7      | 7676 ||| DROPPING ring of magical power.
  7677 | D:7      | 7677 ||| READING scroll labelled KOJYCSAIHO.
  7720 | D:8      | Found a broken altar of Ashenzari.
  7821 | D:8      | 7821 ||| INVOKING Heroism.
  7873 | D:8      | Noticed a komodo dragon
  7874 | D:8      | 7874 ||| INVOKING Heroism.
  7883 | D:8      | Killed a komodo dragon
  7891 | D:8      | 7891 ||| INVOKING Heroism.
  7898 | D:8      | Reached XP level 10. HP: 31/60 MP: 10/13
  7915 | D:8      | 7915 ||| INVOKING Heroism.
  7952 | D:8      | 7952 ||| Stepping ~*~*~tactically~*~*~ (stealth).
  8024 | D:8      | 8024 ||| INVOKING Heroism.
  8029 | D:8      | Reached skill level 9 in Axes
  8032 | D:8      | Reached *** piety under Okawaru
  8034 | D:8      | Reached skill level 6 in Armour
  8095 | D:8      | 8095 ||| Stepping ~*~*~tactically~*~*~ (hiding).
  8096 | D:8      | 8096 ||| Stepping ~*~*~tactically~*~*~ (hiding).
  8104 | D:8      | 8104 ||| INVOKING Heroism.
  8107 | D:8      | 8107 ||| Stepping ~*~*~tactically~*~*~ (stealth).
  8120 | D:8      | 8120 ||| INVOKING Heroism.
  8188 | D:8      | Noticed Gastronok
  8189 | D:8      | 8189 ||| INVOKING Heroism.
  8203 | D:8      | Killed Gastronok
  8203 | D:8      | Reached **** piety under Okawaru
  8373 | D:8      | Found a staircase to the Lair.
  8416 | D:8      | Found a bloodstained altar of Trog.
  8417 | D:8      | Noticed a wizard
  8422 | D:8      | Killed a wizard
  8453 | D:8      | Found a glowing silver altar of Zin.
  8615 | D:8      | 8615 ||| PLANNING LAIR
  8615 | D:8      | 8615 ||| UPGRADING to +0 pair of gloves.
  8663 | Lair:1   | Entered Level 1 of the Lair of Beasts
  8695 | Lair:1   | Noticed a cane toad
  8696 | Lair:1   | 8696 ||| INVOKING Heroism.
  8702 | Lair:1   | Killed a cane toad
  8769 | Lair:1   | Noticed a cane toad
  8770 | Lair:1   | 8770 ||| INVOKING Heroism.
  8774 | Lair:1   | Killed a cane toad
  8775 | Lair:1   | Reached XP level 11. HP: 67/67 MP: 11/14
  8848 | Lair:1   | 8848 ||| INVOKING Heroism.
  8857 | Lair:1   | Received a gift from Okawaru
  8865 | Lair:1   | Reached skill level 6 in Invocations
  8893 | Lair:1   | Identified the +9 mace of Jiowuur {flame, Will+++ Str+4
                  | Dex-5}
  8937 | Lair:1   | Noticed a six-headed hydra
  8938 | Lair:1   | 8938 ||| INVOKING Heroism.
  8944 | Lair:1   | Killed a three-headed hydra
  9159 | Lair:1   | 9159 ||| READING 10 scrolls of identify.
  9159 | Lair:1   | 9159 ||| IDENTIFYING glowing ruby potion
  9160 | Lair:1   | 9160 ||| READING 9 scrolls of identify.
  9160 | Lair:1   | 9160 ||| IDENTIFYING lumpy purple potion
  9161 | Lair:1   | 9161 ||| DROPPING potion of degeneration.
  9218 | Lair:2   | Noticed a manticore
  9219 | Lair:2   | 9219 ||| Stepping ~*~*~tactically~*~*~ (hiding).
  9223 | Lair:2   | 9223 ||| INVOKING Heroism.
  9230 | Lair:2   | Killed a manticore
  9343 | Lair:2   | Found a staircase to the Shoals.
  9346 | Lair:2   | 9346 ||| INVOKING Heroism.
  9364 | Lair:2   | Reached ***** piety under Okawaru
  9573 | Lair:2   | 9573 ||| Stepping ~*~*~tactically~*~*~ (stealth).
  9574 | Lair:2   | 9574 ||| Stepping ~*~*~tactically~*~*~ (stealth).
  9580 | Lair:2   | 9580 ||| INVOKING Heroism.
  9603 | Lair:2   | 9603 ||| Stepping ~*~*~tactically~*~*~ (stealth).
  9612 | Lair:2   | 9612 ||| Stepping ~*~*~tactically~*~*~ (stealth).
  9673 | Lair:2   | 9673 ||| Stepping ~*~*~tactically~*~*~ (stealth).
  9678 | Lair:2   | 9678 ||| Stepping ~*~*~tactically~*~*~ (stealth).
  9679 | Lair:2   | 9679 ||| Stepping ~*~*~tactically~*~*~ (stealth).
  9712 | Lair:2   | 9712 ||| Stepping ~*~*~tactically~*~*~ (stealth).
  9716 | Lair:2   | 9716 ||| INVOKING Heroism.
  9747 | Lair:2   | Noticed a lindwurm
  9753 | Lair:2   | Killed a lindwurm
  9902 | Lair:2   | 9902 ||| Stepping ~*~*~tactically~*~*~ (stealth).
  9908 | Lair:2   | 9908 ||| Stepping ~*~*~tactically~*~*~ (stealth).
  9910 | Lair:2   | 9910 ||| Stepping ~*~*~tactically~*~*~ (stealth).
  9928 | Lair:2   | 9928 ||| Stepping ~*~*~tactically~*~*~ (stealth).
  9929 | Lair:2   | 9929 ||| Stepping ~*~*~tactically~*~*~ (stealth).
  9934 | Lair:2   | 9934 ||| INVOKING Heroism.
  9939 | Lair:2   | Received a gift from Okawaru
  9994 | Lair:2   | Identified the ring "Leikel" {Will+ Dex+2}
 10045 | Lair:2   | Noticed a six-headed hydra
 10046 | Lair:2   | 10046 ||| INVOKING Heroism.
 10053 | Lair:2   | Killed a one-headed hydra
 10153 | Lair:2   | Noticed an eight-headed hydra
 10154 | Lair:2   | 10154 ||| INVOKING Heroism.
 10163 | Lair:2   | Killed a three-headed hydra
 10164 | Lair:2   | Reached skill level 9 in Invocations
 10481 | Lair:2   | 10481 ||| INVOKING Heroism.
 10636 | Lair:2   | 10636 ||| DROPPING ring of positive energy.
 10637 | Lair:2   | 10637 ||| UPGRADING to ring "Leikel" {Will+ Dex+2}.
 10639 | Lair:2   | 10639 ||| UPGRADING to +6 ring of dexterity.
 10641 | Lair:2   | 10641 ||| DROPPING ring of willpower.
 10642 | Lair:2   | 10642 ||| READING scroll labelled EKLAXI SESIZ.
 10657 | Lair:3   | 10657 ||| INVOKING Heroism.
 10658 | Lair:3   | 10658 ||| STAIRDANCE
 10661 | Lair:2   | Reached XP level 12. HP: 74/74 MP: 15/18
 10891 | Lair:3   | 10891 ||| INVOKING Heroism.
 10989 | Lair:3   | 10989 ||| Stepping ~*~*~tactically~*~*~ (stealth).
 10994 | Lair:3   | 10994 ||| INVOKING Heroism.
 11001 | Lair:3   | Identified the +8 plate armour "Riumaf" {Str+2} (Okawaru
                  | gifted it to you on level 3 of the Lair of Beasts)
 11001 | Lair:3   | Received a gift from Okawaru
 11272 | Lair:3   | 11272 ||| READING scroll of brand weapon.
 11272 | Lair:3   | 11272 ||| BRANDING +3 war axe of flaming.
 11322 | Lair:3   | 11322 ||| INVOKING Heroism.
 11324 | Lair:3   | 11324 ||| Stepping ~*~*~tactically~*~*~ (stealth).
 11370 | Lair:3   | Found a staircase to the Snake Pit.
 11396 | Lair:3   | Reached skill level 9 in Fighting
 11512 | Lair:3   | 11512 ||| Stepping ~*~*~tactically~*~*~ (stealth).
 11527 | Lair:3   | Reached skill level 3 in Dodging
 11989 | Lair:3   | 11989 ||| UPGRADING to +8 plate armour "Riumaf" {Str+2}.
 11999 | Lair:3   | 11999 ||| DROPPING +0 plate armour.
 12000 | Lair:3   | 12000 ||| READING scroll labelled HOSMIC KON OBI.
 12000 | Lair:3   | Identified a scroll of acquirement
 12000 | Lair:3   | 12000 ||| ACQUIRING +0 pair of boots of Fortification
                  | {rPois Will- Str+7}
 12000 | Lair:3   | Acquired the +0 pair of boots of Fortification {rPois Will-
                  | Str+7}
 12002 | Lair:3   | 12002 ||| UPGRADING to +0 pair of boots of Fortification
                  | {rPois Will- Str+7}.
 12012 | Lair:3   | 12012 ||| DROPPING +0 pair of boots.
 12013 | Lair:3   | 12013 ||| READING 10 scrolls of identify.
 12013 | Lair:3   | 12013 ||| IDENTIFYING murky ruby potion
 12071 | Lair:4   | 12071 ||| INVOKING Heroism.
 12117 | Lair:4   | 12117 ||| Stepping ~*~*~tactically~*~*~ (stealth).
 12118 | Lair:4   | 12118 ||| INVOKING Heroism.
 12188 | Lair:4   | Noticed a seven-headed hydra
 12189 | Lair:4   | 12189 ||| INVOKING Heroism.
 12190 | Lair:4   | 12190 ||| INVOKING Finesse.
 12203 | Lair:4   | Killed a 12-headed hydra
 12204 | Lair:4   | Reached skill level 12 in Axes
 12258 | Lair:4   | 12258 ||| Stepping ~*~*~tactically~*~*~ (stealth).
 12261 | Lair:4   | 12261 ||| Stepping ~*~*~tactically~*~*~ (stealth).
 12262 | Lair:4   | 12262 ||| Stepping ~*~*~tactically~*~*~ (stealth).
 12267 | Lair:4   | 12267 ||| INVOKING Heroism.
 12343 | Lair:4   | 12343 ||| Stepping ~*~*~tactically~*~*~ (stealth).
 12349 | Lair:4   | 12349 ||| Stepping ~*~*~tactically~*~*~ (stealth).
 12350 | Lair:4   | 12350 ||| Stepping ~*~*~tactically~*~*~ (stealth).
 12351 | Lair:4   | Identified the +8 executioner's axe of Watchfulness {drain,
                  | rPois Int+6 Dex-2} (Okawaru gifted it to you on level 4 of
                  | the Lair of Beasts)
 12351 | Lair:4   | Received a gift from Okawaru
 12352 | Lair:4   | Reached skill level 9 in Armour
 12358 | Lair:4   | Reached XP level 13. HP: 80/80 MP: 20/20
 12531 | Lair:4   | 12531 ||| Stepping ~*~*~tactically~*~*~ (stealth).
 12771 | Lair:4   | 12771 ||| INVOKING Heroism.
 12772 | Lair:4   | 12772 ||| INVOKING Finesse.
 12774 | Lair:4   | Found a staircase to the Slime Pits.
 12794 | Lair:4   | 12794 ||| READING 5 scrolls of teleportation.
 13040 | Lair:4   | 13040 ||| INVOKING Heroism.
 13448 | Lair:4   | 13448 ||| DROPPING ring of resist corrosion.
 13449 | Lair:4   | 13449 ||| UPGRADING to +4 ring of protection.
 13451 | Lair:4   | 13451 ||| UPGRADING to ring "Leikel" {Will+ Dex+2}.
 13453 | Lair:4   | 13453 ||| READING scroll labelled ACOHUA ZOSOA.
 13454 | Lair:4   | 13454 ||| READING scroll labelled WOTWER HIH.
 13581 | Lair:5   | Entered Level 5 of the Lair of Beasts
 13582 | Lair:5   | 13582 ||| INVOKING Heroism.
 13583 | Lair:5   | 13583 ||| INVOKING Finesse.
 13587 | Lair:5   | 13587 ||| STAIRDANCE
 13631 | Lair:5   | 13631 ||| INVOKING Heroism.
 13632 | Lair:5   | 13632 ||| INVOKING Finesse.
 13769 | Lair:5   | 13769 ||| INVOKING Heroism.
 13810 | Lair:5   | 13810 ||| INVOKING Heroism.
 13813 | Lair:5   | Identified the +8 demon trident of the Endless Beasts
                  | {venom, rElec rCorr Str-5 Dex+2} (Okawaru gifted it to you
                  | on level 5 of the Lair of Beasts)
 13813 | Lair:5   | Received a gift from Okawaru
 14131 | Lair:5   | Found a runed translucent door.
 14133 | Lair:5   | 14133 ||| INVOKING Heroism.
 14134 | Lair:5   | Noticed a fire dragon
 14190 | Lair:5   | 14190 ||| INVOKING Heroism.
 14202 | Lair:5   | Identified the +0 cloak "Qebiatro" {-Tele Contam Harm
                  | rN+++} (Okawaru gifted it to you on level 5 of the Lair of
                  | Beasts)
 14202 | Lair:5   | Received a gift from Okawaru
 14407 | Lair:5   | 14407 ||| FLEEEEING.
 14408 | Lair:5   | 14408 ||| FLEEEEING.
 14409 | Lair:5   | 14409 ||| INVOKING Heroism.
 14829 | Lair:5   | 14829 ||| PLANNING D:1-11
 14829 | Lair:5   | 14829 ||| UPGRADING to +0 cloak.
 14834 | Lair:5   | 14834 ||| DROPPING +6 ring of dexterity.
 14835 | Lair:5   | 14835 ||| UPGRADING to +4 ring of evasion.
 14837 | Lair:5   | 14837 ||| DROPPING ring "Leikel" {Will+ Dex+2}.
 14838 | Lair:5   | 14838 ||| READING 12 scrolls of identify.
 14838 | Lair:5   | 14838 ||| IDENTIFYING white potion
 14975 | D:9      | 14975 ||| Stepping ~*~*~tactically~*~*~ (stealth).
 14979 | D:9      | 14979 ||| Stepping ~*~*~tactically~*~*~ (stealth).
 14980 | D:9      | 14980 ||| Stepping ~*~*~tactically~*~*~ (stealth).
 14988 | D:9      | 14988 ||| Stepping ~*~*~tactically~*~*~ (stealth).
 14989 | D:9      | 14989 ||| Stepping ~*~*~tactically~*~*~ (stealth).
 14990 | D:9      | 14990 ||| Stepping ~*~*~tactically~*~*~ (stealth).
 14993 | D:9      | 14993 ||| Stepping ~*~*~tactically~*~*~ (stealth).
 14994 | D:9      | 14994 ||| INVOKING Heroism.
 15040 | D:9      | 15040 ||| READING scroll of brand weapon.
 15040 | D:9      | 15040 ||| BRANDING +3 war axe of freezing.
 15112 | D:9      | 15112 ||| Stepping ~*~*~tactically~*~*~ (hiding).
 15123 | D:9      | 15123 ||| Stepping ~*~*~tactically~*~*~ (stealth).
 15125 | D:9      | 15125 ||| Stepping ~*~*~tactically~*~*~ (stealth).
 15137 | D:9      | 15137 ||| Stepping ~*~*~tactically~*~*~ (stealth).
 15144 | D:9      | 15144 ||| INVOKING Heroism.
 15215 | D:9      | Identified the +5 hand axe "Fasatil" {flame, SInv}
 15402 | D:9      | 15402 ||| READING scroll labelled YNAYB GEFFOF.
 15412 | D:10     | Entered Level 10 of the Dungeon
 15413 | D:10     | 15413 ||| Stepping ~*~*~tactically~*~*~ (hiding).
 15415 | D:10     | 15415 ||| Stepping ~*~*~tactically~*~*~ (hiding).
 15439 | D:10     | 15439 ||| Stepping ~*~*~tactically~*~*~ (stealth).
 15441 | D:10     | 15441 ||| Stepping ~*~*~tactically~*~*~ (stealth).
 15451 | D:10     | 15451 ||| Stepping ~*~*~tactically~*~*~ (stealth).
 15453 | D:10     | 15453 ||| Stepping ~*~*~tactically~*~*~ (stealth).
 15459 | D:10     | 15459 ||| Stepping ~*~*~tactically~*~*~ (stealth).
 15462 | D:10     | 15462 ||| Stepping ~*~*~tactically~*~*~ (stealth).
 15634 | D:10     | 15634 ||| Stepping ~*~*~tactically~*~*~ (stealth).
 15704 | D:10     | 15704 ||| Stepping ~*~*~tactically~*~*~ (stealth).
 15705 | D:10     | 15705 ||| Stepping ~*~*~tactically~*~*~ (stealth).
 15706 | D:10     | 15706 ||| Stepping ~*~*~tactically~*~*~ (stealth).
 15711 | D:10     | 15711 ||| Stepping ~*~*~tactically~*~*~ (stealth).
 15720 | D:10     | Gained mutation: Your large and strong wings let you fly.
                  | [Gargoyle growth]
 15720 | D:10     | Reached XP level 14. HP: 88/88 MP: 21/21
 15828 | D:10     | 15828 ||| INVOKING Heroism.
 15860 | D:10     | 15860 ||| Stepping ~*~*~tactically~*~*~ (hiding).
 16105 | D:10     | 16105 ||| Stepping ~*~*~tactically~*~*~ (hiding).
 16292 | D:10     | Found a staircase to the Orcish Mines.
 16299 | D:10     | 16299 ||| READING 13 scrolls of identify.
 16299 | D:10     | 16299 ||| IDENTIFYING fizzy brown potion
 16300 | D:10     | 16300 ||| READING 12 scrolls of identify.
 16300 | D:10     | 16300 ||| IDENTIFYING fizzy white potion
 16301 | D:10     | 16301 ||| DROPPING potion of invisibility.
 16336 | D:11     | 16336 ||| Stepping ~*~*~tactically~*~*~ (hiding).
 16340 | D:11     | 16340 ||| INVOKING Heroism.
 16349 | D:11     | 16349 ||| Stepping ~*~*~tactically~*~*~ (hiding).
 16350 | D:11     | 16350 ||| INVOKING Finesse.
 16890 | D:11     | 16890 ||| PLANNING D
 16890 | D:11     | 16890 ||| UPGRADING to +2 pair of gloves.
 16900 | D:11     | 16900 ||| DROPPING +0 pair of gloves.
 16901 | D:11     | 16901 ||| DROPPING amulet of magic regeneration.
 16931 | D:12     | 16931 ||| INVOKING Heroism.
 16932 | D:12     | 16932 ||| SWAPPING to +5 hand axe "Fasatil" {flame, SInv}.
 16940 | D:12     | 16940 ||| SWAPPING to +3 war axe of protection.
 16968 | D:12     | 16968 ||| Stepping ~*~*~tactically~*~*~ (stealth).
 16970 | D:12     | 16970 ||| Stepping ~*~*~tactically~*~*~ (hiding).
 16990 | D:12     | 16990 ||| Stepping ~*~*~tactically~*~*~ (hiding).
 17180 | D:12     | 17180 ||| Stepping ~*~*~tactically~*~*~ (stealth).
 17309 | D:12     | Found Suxzym's Jewellery Emporium.
 17316 | D:12     | 17316 ||| SHOPLISTING amulet of Agnosticism {Reflect rC-
                  | rCorr Int+3 Dex+8 SH+5} (997 gold, have 878).
 17316 | D:12     | 17316 ||| BUYING amulet of the acrobat (510 gold).
 17316 | D:12     | Bought an amulet of the acrobat for 510 gold pieces
 17316 | D:12     | 17316 ||| SHOPLISTING ring of Xom's Wantonness {rC+ Dex+4}
                  | (686 gold, have 368).
 17341 | D:12     | 17341 ||| Stepping ~*~*~tactically~*~*~ (stealth).
 17347 | D:12     | 17347 ||| Stepping ~*~*~tactically~*~*~ (hiding).
 17349 | D:12     | 17349 ||| Stepping ~*~*~tactically~*~*~ (hiding).
 17352 | D:12     | 17352 ||| INVOKING Heroism.
 17364 | D:12     | 17364 ||| READING 5 scrolls of teleportation.
 17379 | D:12     | 17379 ||| Stepping ~*~*~tactically~*~*~ (stealth).
 17380 | D:12     | 17380 ||| Stepping ~*~*~tactically~*~*~ (stealth).
 17389 | D:12     | 17389 ||| READING 4 scrolls of teleportation.
 17537 | D:12     | 17537 ||| FLEEEEING.
 17538 | D:12     | 17538 ||| FLEEEEING.
 17539 | D:12     | 17539 ||| STAIRDANCE
 17641 | D:11     | 17641 ||| UPGRADING to amulet of the acrobat.
 17648 | D:12     | 17648 ||| STAIRDANCE
 17655 | D:11     | Reached skill level 12 in Shields
 17659 | D:12     | 17659 ||| STAIRDANCE
 17735 | D:12     | 17735 ||| STAIRDANCE
 17864 | D:12     | 17864 ||| Stepping ~*~*~tactically~*~*~ (stealth).
 17867 | D:12     | 17867 ||| Stepping ~*~*~tactically~*~*~ (stealth).
 17872 | D:12     | 17872 ||| INVOKING Heroism.
 17883 | D:12     | 17883 ||| READING 3 scrolls of teleportation.
 18009 | D:12     | 18009 ||| Stepping ~*~*~tactically~*~*~ (stealth).
 18010 | D:12     | 18010 ||| Stepping ~*~*~tactically~*~*~ (stealth).
 18019 | D:12     | 18019 ||| Stepping ~*~*~tactically~*~*~ (stealth).
 18022 | D:12     | 18022 ||| Stepping ~*~*~tactically~*~*~ (stealth).
 18048 | D:12     | 18048 ||| Stepping ~*~*~tactically~*~*~ (stealth).
 18085 | D:12     | 18085 ||| Stepping ~*~*~tactically~*~*~ (stealth).
 18164 | D:12     | 18164 ||| FLEEEEING.
 18165 | D:12     | 18165 ||| FLEEEEING.
 18166 | D:12     | 18166 ||| FLEEEEING.
 18184 | D:12     | 18184 ||| FLEEEEING.
 18185 | D:12     | 18185 ||| FLEEEEING.
 18187 | D:12     | 18187 ||| FLEEEEING.
 18188 | D:12     | 18188 ||| FLEEEEING.
 18189 | D:12     | 18189 ||| FLEEEEING.
 18191 | D:12     | 18191 ||| STAIRDANCE
 18307 | D:12     | Found a hazy altar of Hepliaklqana.
 18373 | D:13     | 18373 ||| INVOKING Heroism.
 18374 | D:13     | 18374 ||| INVOKING Finesse.
 18559 | D:13     | 18559 ||| INVOKING Heroism.
 18568 | D:13     | 18568 ||| DRINKING 13 potions of curing.
 18568 | D:13     | 18568 ||| (to cure confusion)
 18581 | D:13     | 18581 ||| DRINKING 12 potions of curing.
 18581 | D:13     | 18581 ||| (to cure confusion)
 18706 | D:13     | 18706 ||| Stepping ~*~*~tactically~*~*~ (stealth).
 18726 | D:13     | 18726 ||| FLEEEEING.
 18728 | D:13     | 18728 ||| FLEEEEING.
 18729 | D:13     | 18729 ||| FLEEEEING.
 18730 | D:13     | 18730 ||| FLEEEEING.
 18731 | D:13     | 18731 ||| FLEEEEING.
 18732 | D:13     | 18732 ||| FLEEEEING.
 18733 | D:13     | 18733 ||| FLEEEEING.
 18741 | D:13     | 18741 ||| Stepping ~*~*~tactically~*~*~ (stealth).
 18744 | D:13     | 18744 ||| FLEEEEING.
 18975 | D:13     | 18975 ||| INVOKING Heroism.
 18977 | D:13     | 18977 ||| INVOKING Finesse.
 18980 | D:13     | 18980 ||| SWAPPING to +5 hand axe "Fasatil" {flame, SInv}.
 18998 | D:13     | 18998 ||| SWAPPING to +3 war axe of protection.
 19014 | D:13     | Identified the +4 dire flail "Egukoh" {vorpal, Fly rElec
                  | rF+} (Okawaru gifted it to you on level 13 of the Dungeon)
 19014 | D:13     | Received a gift from Okawaru
 19015 | D:13     | Reached skill level 15 in Axes
 19081 | D:13     | 19081 ||| FLEEEEING.
 19161 | D:13     | Found a gate to the Vaults.
 19186 | D:13     | 19186 ||| Stepping ~*~*~tactically~*~*~ (stealth).
 19188 | D:13     | 19188 ||| Stepping ~*~*~tactically~*~*~ (hiding).
 19193 | D:13     | 19193 ||| INVOKING Heroism.
 19196 | D:13     | 19196 ||| Stepping ~*~*~tactically~*~*~ (hiding).
 19261 | D:13     | 19261 ||| Stepping ~*~*~tactically~*~*~ (hiding).
 19265 | D:13     | 19265 ||| INVOKING Heroism.
 19266 | D:13     | 19266 ||| INVOKING Finesse.
 19525 | D:13     | 19525 ||| INVOKING Heroism.
 19526 | D:13     | 19526 ||| INVOKING Finesse.
 19527 | D:13     | 19527 ||| Stepping ~*~*~tactically~*~*~ (hiding).
 19536 | D:13     | Reached skill level 12 in Fighting
 19653 | D:13     | 19653 ||| Stepping ~*~*~tactically~*~*~ (hiding).
 19654 | D:13     | 19654 ||| Stepping ~*~*~tactically~*~*~ (hiding).
 19782 | D:14     | 19782 ||| STAIRDANCE
 19801 | D:14     | Reached XP level 15. HP: 96/96 MP: 22/22
 19965 | D:14     | 19965 ||| FLEEEEING.
 19966 | D:14     | 19966 ||| FLEEEEING.
 19967 | D:14     | 19967 ||| FLEEEEING.
 20096 | D:14     | Found Lequck's General Store.
 20105 | D:14     | 20105 ||| BUYING scroll of teleportation (42 gold).
 20105 | D:14     | Bought a scroll of teleportation for 42 gold pieces
 20105 | D:14     | 20105 ||| BUYING scroll of teleportation (42 gold).
 20105 | D:14     | Bought a scroll of teleportation for 42 gold pieces
 20175 | D:14     | 20175 ||| Stepping ~*~*~tactically~*~*~ (hiding).
 20178 | D:14     | 20178 ||| INVOKING Heroism.
 20185 | D:14     | Identified the +0 buckler of Understanding {Will+ Int+3}
                  | (Okawaru gifted it to you on level 14 of the Dungeon)
 20185 | D:14     | Received a gift from Okawaru
 20239 | D:14     | Found a sacrificial altar of Ru.
 20328 | D:14     | 20328 ||| Stepping ~*~*~tactically~*~*~ (hiding).
 20508 | D:14     | Found a portal to a secret trove of treasure.
 20568 | D:14     | 20568 ||| FLEEEEING.
 20569 | D:14     | 20569 ||| INVOKING Heroism.
 20715 | D:14     | 20715 ||| INVOKING Heroism.
 20873 | D:15     | Entered Level 15 of the Dungeon
 20919 | D:15     | 20919 ||| READING scroll of enchant weapon.
 20919 | D:15     | 20919 ||| ENCHANTING +3 war axe of protection.
 20937 | D:15     | 20937 ||| INVOKING Heroism.
 21186 | D:15     | Found a blossoming altar of Fedhas.
 21227 | D:15     | 21227 ||| INVOKING Heroism.
 21257 | D:15     | 21257 ||| Stepping ~*~*~tactically~*~*~ (hiding).
 21258 | D:15     | 21258 ||| Stepping ~*~*~tactically~*~*~ (hiding).
 21339 | D:15     | 21339 ||| Stepping ~*~*~tactically~*~*~ (stealth).
 21356 | D:15     | 21356 ||| Stepping ~*~*~tactically~*~*~ (hiding).
 21360 | D:15     | 21360 ||| INVOKING Heroism.
 21381 | D:15     | Reached skill level 12 in Armour
 21385 | D:15     | Found a staircase to the Depths.
 21427 | D:15     | 21427 ||| INVOKING Heroism.
 21428 | D:15     | 21428 ||| Stepping ~*~*~tactically~*~*~ (stealth).
 21812 | D:15     | 21812 ||| PLANNING ORC
 21812 | D:15     | 21812 ||| READING 14 scrolls of identify.
 21812 | D:15     | 21812 ||| IDENTIFYING bubbling puce potion
 21925 | Orc:1    | Entered Level 1 of the Orcish Mines
 22007 | Orc:2    | Entered Level 2 of the Orcish Mines
 22008 | Orc:2    | 22008 ||| STAIRDANCE
 22010 | Orc:1    | 22010 ||| INVOKING Heroism.
 22011 | Orc:1    | 22011 ||| INVOKING Finesse.
 22021 | Orc:2    | 22021 ||| STAIRDANCE
 22040 | Orc:2    | 22040 ||| STAIRDANCE
 22090 | Orc:2    | 22090 ||| STAIRDANCE
 22092 | Orc:1    | 22092 ||| INVOKING Heroism.
 22187 | Orc:2    | 22187 ||| INVOKING Heroism.
 22206 | Orc:2    | Noticed Donald
 22207 | Orc:2    | 22207 ||| INVOKING Finesse.
 22237 | Orc:2    | HP: 10/96 [Donald/+0 scimitar (24)]
 22238 | Orc:2    | 22238 ||| READING 8 scrolls of teleportation.
 22239 | Orc:2    | 22239 ||| DRINKING 5 potions of heal wounds.
 22240 | Orc:2    | 22240 ||| INVOKING Heroism.
 22513 | Orc:2    | Noticed Maurice
 22515 | Orc:2    | Found a staircase to the Elven Halls.
 22519 | Orc:2    | 22519 ||| DRINKING potion of cancellation.
 22526 | Orc:2    | Killed Maurice
 22542 | Orc:2    | 22542 ||| Stepping ~*~*~tactically~*~*~ (stealth).
 22543 | Orc:2    | Noticed an orc warlord
 22544 | Orc:2    | 22544 ||| Stepping ~*~*~tactically~*~*~ (hiding).
 22551 | Orc:2    | 22551 ||| INVOKING Heroism.
 22552 | Orc:2    | 22552 ||| INVOKING Finesse.
 22569 | Orc:2    | Killed an orc warlord
 22581 | Orc:2    | Paralysed by an orc sorcerer for 5 turns
 22629 | Orc:2    | 22629 ||| Stepping ~*~*~tactically~*~*~ (stealth).
 22631 | Orc:2    | 22631 ||| Stepping ~*~*~tactically~*~*~ (hiding).
 22642 | Orc:2    | 22642 ||| Stepping ~*~*~tactically~*~*~ (stealth).
 22662 | Orc:2    | 22662 ||| Stepping ~*~*~tactically~*~*~ (hiding).
 22665 | Orc:2    | 22665 ||| INVOKING Heroism.
 22683 | Orc:2    | Noticed Urug
 22684 | Orc:2    | 22684 ||| INVOKING Finesse.
 22694 | Orc:2    | 22694 ||| Stepping ~*~*~tactically~*~*~ (hiding).
 22694 | Orc:2    | Noticed Saint Roka
 22695 | Orc:2    | 22695 ||| Stepping ~*~*~tactically~*~*~ (stealth).
 22704 | Orc:2    | Killed Urug
 22723 | Orc:2    | 22723 ||| Stepping ~*~*~tactically~*~*~ (stealth).
 22875 | Orc:2    | 22875 ||| Stepping ~*~*~tactically~*~*~ (hiding).
 22881 | Orc:2    | 22881 ||| INVOKING Heroism.
 22882 | Orc:2    | 22882 ||| INVOKING Finesse.
 22901 | Orc:2    | Killed Saint Roka
 22902 | Orc:2    | Reached skill level 3 in Throwing
 22907 | Orc:2    | 22907 ||| Stepping ~*~*~tactically~*~*~ (stealth).
 23163 | Orc:2    | 23163 ||| Stepping ~*~*~tactically~*~*~ (stealth).
 23174 | Orc:2    | 23174 ||| Stepping ~*~*~tactically~*~*~ (stealth).
 23175 | Orc:2    | 23175 ||| Stepping ~*~*~tactically~*~*~ (hiding).
 23182 | Orc:2    | 23182 ||| INVOKING Heroism.
 23227 | Orc:2    | 23227 ||| Stepping ~*~*~tactically~*~*~ (stealth).
 23260 | Orc:2    | 23260 ||| INVOKING Heroism.
 23261 | Orc:2    | Received a gift from Okawaru
 23335 | Orc:2    | 23335 ||| INVOKING Heroism.
 23345 | Orc:2    | Found Ivvi's General Store.
 23396 | Orc:2    | 23396 ||| INVOKING Heroism.
 23398 | Orc:2    | Paralysed by an orc sorcerer for 4 turns
 23405 | Orc:2    | Paralysed by an orc sorcerer for 3 turns
 23411 | Orc:2    | Paralysed by an orc sorcerer for 2 turns
 23429 | Orc:2    | 23429 ||| SWAPPING to +1 broad axe of venom.
 23430 | Orc:2    | 23430 ||| DROPPING +4 war axe of protection.
 23482 | Orc:2    | 23482 ||| INVOKING Heroism.
 23483 | Orc:2    | 23483 ||| INVOKING Finesse.
 23502 | Orc:2    | Killed Donald
 23824 | Orc:2    | Found Utrom's Jewellery Boutique.
 23830 | Orc:2    | 23830 ||| BUYING amulet of reflection (330 gold).
 23830 | Orc:2    | Bought an amulet of reflection for 330 gold pieces
 23830 | Orc:2    | 23830 ||| BUYING ring of protection from fire (275 gold).
 23830 | Orc:2    | Bought a ring of protection from fire for 275 gold pieces
 23883 | Orc:2    | Found Resankuh's Antique Weapon Boutique.
 24099 | Orc:2    | Found Peemom's Antique Armour Boutique.
 24185 | Orc:2    | 24185 ||| UPGRADING to +0 kite shield of reflection.
 24195 | Orc:2    | 24195 ||| DROPPING +0 kite shield.
 24196 | Orc:2    | 24196 ||| UPGRADING to amulet of reflection.
 24206 | Orc:2    | 24206 ||| DROPPING amulet of the acrobat.
 24278 | Orc:1    | Found Quts's Gadget Gallery.
 24285 | Orc:1    | 24285 ||| INVOKING Heroism.
 24344 | Orc:1    | Found a transporter.
 24347 | Orc:1    | Noticed burt's ghost (journeyman DrCj)
 24422 | Orc:1    | Found a transporter.
 24677 | Orc:1    | 24677 ||| INVOKING Heroism.
 24683 | Orc:1    | 24683 ||| DRINKING 12 potions of curing.
 24683 | Orc:1    | 24683 ||| (to cure confusion)
 24693 | Orc:1    | Reached XP level 16. HP: 104/104 MP: 23/23
 24759 | Orc:1    | 24759 ||| PLANNING SHOALS:1-3
 24913 | Shoals:1 | Entered Level 1 of the Shoals
 24943 | Shoals:1 | Noticed Mlioglotl
 24944 | Shoals:1 | 24944 ||| INVOKING Heroism.
 24951 | Shoals:1 | Killed Mlioglotl
 25086 | Shoals:1 | 25086 ||| INVOKING Heroism.
 25271 | Shoals:1 | 25271 ||| INVOKING Heroism.
 25289 | Shoals:1 | 25289 ||| INVOKING Finesse.
 25413 | Shoals:1 | 25413 ||| Stepping ~*~*~tactically~*~*~ (hiding).
 25445 | Shoals:1 | 25445 ||| INVOKING Heroism.
 25594 | Shoals:1 | Noticed a kraken
 25595 | Shoals:1 | 25595 ||| INVOKING Heroism.
 25604 | Shoals:1 | Killed a kraken
 26037 | Shoals:2 | 26037 ||| INVOKING Heroism.
 26053 | Shoals:2 | Reached skill level 6 in Throwing
 26113 | Shoals:2 | 26113 ||| FLEEEEING.
 26114 | Shoals:2 | 26114 ||| FLEEEEING.
 26115 | Shoals:2 | 26115 ||| STAIRDANCE
 26223 | Shoals:2 | 26223 ||| INVOKING Heroism.
 26299 | Shoals:2 | 26299 ||| INVOKING Heroism.
 26556 | Shoals:2 | 26556 ||| FLEEEEING.
 26557 | Shoals:2 | 26557 ||| FLEEEEING.
 26558 | Shoals:2 | 26558 ||| FLEEEEING.
 26559 | Shoals:2 | 26559 ||| FLEEEEING.
 26560 | Shoals:2 | 26560 ||| FLEEEEING.
 26561 | Shoals:2 | 26561 ||| FLEEEEING.
 26562 | Shoals:2 | 26562 ||| FLEEEEING.
 26563 | Shoals:2 | 26563 ||| FLEEEEING.
 26564 | Shoals:2 | 26564 ||| FLEEEEING.
 26565 | Shoals:2 | 26565 ||| FLEEEEING.
 26566 | Shoals:2 | 26566 ||| INVOKING Heroism.
 26602 | Shoals:2 | 26602 ||| Stepping ~*~*~tactically~*~*~ (stealth).
 26603 | Shoals:2 | 26603 ||| Stepping ~*~*~tactically~*~*~ (stealth).
 26604 | Shoals:2 | 26604 ||| Stepping ~*~*~tactically~*~*~ (stealth).
 26605 | Shoals:2 | 26605 ||| Stepping ~*~*~tactically~*~*~ (stealth).
 26606 | Shoals:2 | 26606 ||| Stepping ~*~*~tactically~*~*~ (stealth).
 26644 | Shoals:2 | 26644 ||| READING scroll of brand weapon.
 26644 | Shoals:2 | 26644 ||| BRANDING +1 broad axe of venom.
 26663 | Shoals:2 | 26663 ||| INVOKING Heroism.
 26716 | Shoals:2 | 26716 ||| Stepping ~*~*~tactically~*~*~ (stealth).
 26887 | Shoals:2 | 26887 ||| Stepping ~*~*~tactically~*~*~ (hiding).
 26889 | Shoals:2 | 26889 ||| INVOKING Heroism.
 27161 | Shoals:2 | 27161 ||| READING 16 scrolls of identify.
 27161 | Shoals:2 | 27161 ||| IDENTIFYING cyan potion
 27162 | Shoals:2 | 27162 ||| DROPPING potion of flight.
 27231 | Shoals:3 | 27231 ||| Stepping ~*~*~tactically~*~*~ (hiding).
 27273 | Shoals:3 | 27273 ||| Stepping ~*~*~tactically~*~*~ (hiding).
 27299 | Shoals:3 | 27299 ||| INVOKING Heroism.
 27328 | Shoals:3 | 27328 ||| Stepping ~*~*~tactically~*~*~ (hiding).
 27343 | Shoals:3 | Received a gift from Okawaru
 27348 | Shoals:3 | 27348 ||| Stepping ~*~*~tactically~*~*~ (hiding).
 27349 | Shoals:3 | 27349 ||| INVOKING Finesse.
 27354 | Shoals:3 | 27354 ||| INVOKING Heroism.
 27435 | Shoals:3 | Found a large runed translucent door.
 27435 | Shoals:3 | Found a large runed translucent door.
 27437 | Shoals:3 | Noticed qw's ghost (adept GrBe)
 27461 | Shoals:3 | 27461 ||| INVOKING Heroism.
 27462 | Shoals:3 | 27462 ||| INVOKING Finesse.
 27528 | Shoals:3 | 27528 ||| INVOKING Heroism.
 27611 | Shoals:3 | 27611 ||| INVOKING Heroism.
 27642 | Shoals:3 | 27642 ||| FLEEEEING.
 27643 | Shoals:3 | 27643 ||| FLEEEEING.
 27644 | Shoals:3 | 27644 ||| FLEEEEING.
 27645 | Shoals:3 | 27645 ||| FLEEEEING.
 27672 | Shoals:3 | 27672 ||| INVOKING Heroism.
 27726 | Shoals:3 | Identified the +8 battleaxe "Quyxa" {drain, Drain rElec
                  | rN+} (Okawaru gifted it to you on level 3 of the Shoals)
 27726 | Shoals:3 | Received a gift from Okawaru
 27813 | Shoals:3 | 27813 ||| INVOKING Heroism.
 27814 | Shoals:3 | 27814 ||| INVOKING Finesse.
 28109 | Shoals:3 | 28109 ||| Stepping ~*~*~tactically~*~*~ (hiding).
 28112 | Shoals:3 | 28112 ||| INVOKING Heroism.
 28258 | Shoals:3 | 28258 ||| PLANNING SNAKE:1-3
 28332 | Snake:1  | Entered Level 1 of the Snake Pit
 28381 | Snake:1  | 28381 ||| Stepping ~*~*~tactically~*~*~ (hiding).
 28382 | Snake:1  | 28382 ||| Stepping ~*~*~tactically~*~*~ (hiding).
 28462 | Snake:1  | 28462 ||| Stepping ~*~*~tactically~*~*~ (stealth).
 28463 | Snake:1  | 28463 ||| Stepping ~*~*~tactically~*~*~ (stealth).
 28464 | Snake:1  | 28464 ||| Stepping ~*~*~tactically~*~*~ (stealth).
 28511 | Snake:1  | 28511 ||| Stepping ~*~*~tactically~*~*~ (hiding).
 28512 | Snake:1  | 28512 ||| INVOKING Heroism.
 28526 | Snake:1  | 28526 ||| Stepping ~*~*~tactically~*~*~ (stealth).
 28534 | Snake:1  | Reached XP level 17. HP: 108/108 MP: 24/24
 28545 | Snake:1  | Reached skill level 18 in Axes
 28711 | Snake:1  | 28711 ||| Stepping ~*~*~tactically~*~*~ (stealth).
 28712 | Snake:1  | 28712 ||| Stepping ~*~*~tactically~*~*~ (stealth).
 28771 | Snake:1  | 28771 ||| Stepping ~*~*~tactically~*~*~ (hiding).
 28821 | Snake:1  | 28821 ||| Stepping ~*~*~tactically~*~*~ (hiding).
 28944 | Snake:1  | 28944 ||| Stepping ~*~*~tactically~*~*~ (hiding).
 28950 | Snake:1  | 28950 ||| INVOKING Heroism.
 28953 | Snake:1  | 28953 ||| Stepping ~*~*~tactically~*~*~ (hiding).
 29046 | Snake:1  | 29046 ||| Stepping ~*~*~tactically~*~*~ (stealth).
 29139 | Snake:1  | 29139 ||| Stepping ~*~*~tactically~*~*~ (stealth).
 29593 | Snake:1  | Received a gift from Okawaru
 29604 | Snake:1  | 29604 ||| Stepping ~*~*~tactically~*~*~ (hiding).
 29636 | Snake:1  | 29636 ||| Stepping ~*~*~tactically~*~*~ (hiding).
 29640 | Snake:1  | 29640 ||| Stepping ~*~*~tactically~*~*~ (hiding).
 29641 | Snake:1  | 29641 ||| Stepping ~*~*~tactically~*~*~ (hiding).
 29643 | Snake:1  | 29643 ||| INVOKING Heroism.
 29846 | Snake:1  | 29846 ||| READING scroll of enchant armour.
 29846 | Snake:1  | 29846 ||| ENCHANTING +0 cloak.
 30051 | Snake:2  | 30051 ||| INVOKING Heroism.
 30060 | Snake:2  | Received a gift from Okawaru
 30182 | Snake:2  | 30182 ||| Stepping ~*~*~tactically~*~*~ (hiding).
 30248 | Snake:2  | 30248 ||| Stepping ~*~*~tactically~*~*~ (hiding).
 30257 | Snake:2  | 30257 ||| INVOKING Heroism.
 30290 | Snake:2  | Reached ****** piety under Okawaru
 30368 | Snake:2  | 30368 ||| INVOKING Heroism.
 30372 | Snake:2  | 30372 ||| Stepping ~*~*~tactically~*~*~ (hiding).
 30422 | Snake:2  | 30422 ||| Stepping ~*~*~tactically~*~*~ (hiding).
 30432 | Snake:2  | 30432 ||| Stepping ~*~*~tactically~*~*~ (hiding).
 30458 | Snake:2  | 30458 ||| Stepping ~*~*~tactically~*~*~ (stealth).
 30459 | Snake:2  | 30459 ||| INVOKING Heroism.
 30464 | Snake:2  | 30464 ||| Stepping ~*~*~tactically~*~*~ (stealth).
 30491 | Snake:2  | Received a gift from Okawaru
 30531 | Snake:2  | 30531 ||| Stepping ~*~*~tactically~*~*~ (stealth).
 30540 | Snake:2  | 30540 ||| Stepping ~*~*~tactically~*~*~ (stealth).
 30542 | Snake:2  | 30542 ||| Stepping ~*~*~tactically~*~*~ (hiding).
 30543 | Snake:2  | 30543 ||| Stepping ~*~*~tactically~*~*~ (hiding).
 30545 | Snake:2  | 30545 ||| INVOKING Heroism.
 30647 | Snake:2  | 30647 ||| Stepping ~*~*~tactically~*~*~ (stealth).
 30652 | Snake:2  | 30652 ||| Stepping ~*~*~tactically~*~*~ (stealth).
 30657 | Snake:2  | 30657 ||| INVOKING Heroism.
 30776 | Snake:2  | 30776 ||| INVOKING Heroism.
 30787 | Snake:2  | 30787 ||| Stepping ~*~*~tactically~*~*~ (hiding).
 30904 | Snake:2  | 30904 ||| INVOKING Heroism.
 30955 | Snake:2  | 30955 ||| Stepping ~*~*~tactically~*~*~ (hiding).
 31060 | Snake:2  | Found Tiots's Jewellery Emporium.
 31061 | Snake:2  | Found Xarei's Book Boutique.
 31064 | Snake:2  | Found Fodosir's Jewellery Emporium.
 31069 | Snake:2  | 31069 ||| BUYING ring "Miafaq" {rF+ rN+ Str+2} (686 gold).
 31069 | Snake:2  | Bought the ring "Miafaq" {rF+ rN+ Str+2} for 686 gold
                  | pieces
 31069 | Snake:2  | 31069 ||| SHOPLISTING ring of Lust {rN+ rCorr AC+4 Str+3
                  | Int+4} (1147 gold, have 593).
 31069 | Snake:2  | 31069 ||| SHOPLISTING ring of Wonder {rF+ rC+++ rN+ Will+
                  | Slay-5} (948 gold, have 593).
 31069 | Snake:2  | 31069 ||| SHOPLISTING ring of the Original Sin {rElec rC+
                  | rN+ Str+6} (1040 gold, have 593).
 31430 | Snake:2  | 31430 ||| Stepping ~*~*~tactically~*~*~ (hiding).
 31436 | Snake:2  | 31436 ||| INVOKING Heroism.
 31496 | Snake:2  | 31496 ||| UPGRADING to ring "Miafaq" {rF+ rN+ Str+2}.
 31498 | Snake:2  | 31498 ||| DROPPING ring of protection from fire.
 31499 | Snake:2  | 31499 ||| READING 18 scrolls of identify.
 31499 | Snake:2  | 31499 ||| IDENTIFYING yellow potion
 31533 | Snake:3  | Reached skill level 15 in Fighting
 31553 | Snake:3  | 31553 ||| Stepping ~*~*~tactically~*~*~ (hiding).
 31704 | Snake:3  | 31704 ||| Stepping ~*~*~tactically~*~*~ (hiding).
 31705 | Snake:3  | 31705 ||| Stepping ~*~*~tactically~*~*~ (hiding).
 32032 | Snake:3  | 32032 ||| Stepping ~*~*~tactically~*~*~ (stealth).
 32043 | Snake:3  | 32043 ||| INVOKING Heroism.
 32415 | Snake:3  | 32415 ||| PLANNING SHOALS:4
 32415 | Snake:3  | 32415 ||| DROPPING ring of see invisible.
 32541 | Shoals:4 | Entered Level 4 of the Shoals
 32553 | Shoals:4 | 32553 ||| INVOKING Heroism.
 32568 | Shoals:4 | Reached XP level 18. HP: 119/119 MP: 25/25
 32578 | Shoals:4 | 32578 ||| DROPPING +5 hand axe "Fasatil" {flame, SInv}.
 32647 | Shoals:4 | 32647 ||| INVOKING Heroism.
 32665 | Shoals:4 | Received a gift from Okawaru
 32691 | Shoals:4 | 32691 ||| Stepping ~*~*~tactically~*~*~ (hiding).
 32692 | Shoals:4 | 32692 ||| Stepping ~*~*~tactically~*~*~ (hiding).
 32743 | Shoals:4 | 32743 ||| INVOKING Heroism.
 32790 | Shoals:4 | 32790 ||| Stepping ~*~*~tactically~*~*~ (hiding).
 32791 | Shoals:4 | 32791 ||| Stepping ~*~*~tactically~*~*~ (hiding).
 32882 | Shoals:4 | 32882 ||| INVOKING Heroism.
 32889 | Shoals:4 | Reached skill level 15 in Armour
 32926 | Shoals:4 | 32926 ||| Stepping ~*~*~tactically~*~*~ (hiding).
 32931 | Shoals:4 | 32931 ||| INVOKING Heroism.
 32938 | Shoals:4 | Received a gift from Okawaru
 33060 | Shoals:4 | 33060 ||| INVOKING Heroism.
 33067 | Shoals:4 | Reached skill level 15 in Shields
 33179 | Shoals:4 | 33179 ||| INVOKING Heroism.
 33293 | Shoals:4 | 33293 ||| Stepping ~*~*~tactically~*~*~ (hiding).
 33294 | Shoals:4 | 33294 ||| INVOKING Heroism.
 33295 | Shoals:4 | 33295 ||| INVOKING Finesse.
 33370 | Shoals:4 | Found a runed translucent gate.
 33380 | Shoals:4 | Found a runed translucent gate.
 33382 | Shoals:4 | Found a runed translucent gate.
 33398 | Shoals:4 | Identified the +8 ring mail "Jovisit" {rElec rPois Dex-5}
 33405 | Shoals:4 | 33405 ||| READING scroll of enchant armour.
 33405 | Shoals:4 | 33405 ||| ENCHANTING +1 cloak.
 33406 | Shoals:4 | Noticed qw's ghost (adept GrBe)
 33546 | Shoals:4 | 33546 ||| INVOKING Heroism.
 33622 | Shoals:4 | 33622 ||| INVOKING Heroism.
 33625 | Shoals:4 | 33625 ||| INVOKING Finesse.
 33698 | Shoals:4 | Got a barnacled rune of Zot
 33729 | Shoals:4 | 33729 ||| PLANNING VAULTS:1-4
 33729 | Shoals:4 | 33729 ||| DROPPING +0 cloak "Qebiatro" {-Tele Contam Harm
                  | rN+++}.
 33730 | Shoals:4 | 33730 ||| READING 20 scrolls of identify.
 33730 | Shoals:4 | 33730 ||| IDENTIFYING fuming yellow potion
 33731 | Shoals:4 | 33731 ||| DROPPING potion of ambrosia.
 33985 | Vaults:1 | Entered Level 1 of the Vaults
 33995 | Vaults:1 | 33995 ||| Stepping ~*~*~tactically~*~*~ (stealth).
 34062 | Vaults:1 | 34062 ||| Stepping ~*~*~tactically~*~*~ (hiding).
 34065 | Vaults:1 | 34065 ||| INVOKING Heroism.
 34117 | Vaults:1 | 34117 ||| Stepping ~*~*~tactically~*~*~ (stealth).
 34122 | Vaults:1 | 34122 ||| Stepping ~*~*~tactically~*~*~ (stealth).
 34144 | Vaults:1 | Received a gift from Okawaru
 34147 | Vaults:1 | 34147 ||| Stepping ~*~*~tactically~*~*~ (hiding).
 34148 | Vaults:1 | 34148 ||| Stepping ~*~*~tactically~*~*~ (hiding).
 34151 | Vaults:1 | 34151 ||| Stepping ~*~*~tactically~*~*~ (hiding).
 34153 | Vaults:1 | 34153 ||| INVOKING Heroism.
 34154 | Vaults:1 | 34154 ||| INVOKING Finesse.
 34195 | Vaults:1 | 34195 ||| INVOKING Heroism.
 34215 | Vaults:1 | 34215 ||| Stepping ~*~*~tactically~*~*~ (hiding).
 34216 | Vaults:1 | 34216 ||| Stepping ~*~*~tactically~*~*~ (hiding).
 34265 | Vaults:1 | 34265 ||| Stepping ~*~*~tactically~*~*~ (hiding).
 34303 | Vaults:1 | 34303 ||| INVOKING Heroism.
 34588 | Vaults:1 | You are sucked into a shaft and drop 1 floor!
 34633 | Vaults:1 | 34633 ||| INVOKING Heroism.
 34649 | Vaults:1 | Received a gift from Okawaru
 34686 | Vaults:1 | 34686 ||| INVOKING Heroism.
 34704 | Vaults:1 | Paralysed by a great orb of eyes for 4 turns
 34711 | Vaults:1 | 34711 ||| DRINKING 15 potions of curing.
 34711 | Vaults:1 | 34711 ||| (to cure confusion)
 34731 | Vaults:1 | Reached XP level 19. HP: 126/128 MP: 24/26
 34933 | Vaults:1 | 34933 ||| Stepping ~*~*~tactically~*~*~ (hiding).
 34949 | Vaults:1 | 34949 ||| Stepping ~*~*~tactically~*~*~ (stealth).
 34952 | Vaults:1 | 34952 ||| INVOKING Heroism.
 34962 | Vaults:1 | 34962 ||| Stepping ~*~*~tactically~*~*~ (hiding).
 34993 | Vaults:1 | Paralysed by a great orb of eyes for 4 turns
 35000 | Vaults:1 | 35000 ||| DRINKING 14 potions of curing.
 35000 | Vaults:1 | 35000 ||| (to cure confusion)
 35009 | Vaults:1 | Identified the +0 robe of the Hanged Man {rPois rCorr
                  | Str+4} (Okawaru gifted it to you on level 1 of the Vaults)
 35009 | Vaults:1 | Received a gift from Okawaru
 35027 | Vaults:1 | 35027 ||| Stepping ~*~*~tactically~*~*~ (stealth).
 35091 | Vaults:1 | 35091 ||| Stepping ~*~*~tactically~*~*~ (hiding).
 35184 | Vaults:1 | 35184 ||| INVOKING Heroism.
 35571 | Vaults:1 | 35571 ||| Stepping ~*~*~tactically~*~*~ (stealth).
 35572 | Vaults:1 | 35572 ||| Stepping ~*~*~tactically~*~*~ (stealth).
 35573 | Vaults:1 | 35573 ||| INVOKING Heroism.
 35627 | Vaults:1 | 35627 ||| DROPPING +6 ring of intelligence.
 35675 | Vaults:2 | 35675 ||| INVOKING Heroism.
 35716 | Vaults:2 | 35716 ||| Stepping ~*~*~tactically~*~*~ (stealth).
 35718 | Vaults:2 | 35718 ||| READING 9 scrolls of teleportation.
 35727 | Vaults:2 | 35727 ||| Stepping ~*~*~tactically~*~*~ (hiding).
 35879 | Vaults:2 | 35879 ||| INVOKING Heroism.
 35880 | Vaults:2 | 35880 ||| INVOKING Finesse.
 36001 | Vaults:2 | 36001 ||| INVOKING Heroism.
 36002 | Vaults:2 | 36002 ||| Stepping ~*~*~tactically~*~*~ (stealth).
 36003 | Vaults:2 | 36003 ||| Stepping ~*~*~tactically~*~*~ (stealth).
 36071 | Vaults:2 | 36071 ||| INVOKING Heroism.
 36176 | Vaults:2 | 36176 ||| Stepping ~*~*~tactically~*~*~ (hiding).
 36179 | Vaults:2 | 36179 ||| INVOKING Heroism.
 36336 | Vaults:2 | 36336 ||| FLEEEEING.
 36337 | Vaults:2 | 36337 ||| FLEEEEING.
 36338 | Vaults:2 | 36338 ||| FLEEEEING.
 36339 | Vaults:2 | 36339 ||| FLEEEEING.
 36522 | Vaults:2 | 36522 ||| FLEEEEING.
 36523 | Vaults:2 | 36523 ||| FLEEEEING.
 36524 | Vaults:2 | 36524 ||| FLEEEEING.
 36525 | Vaults:2 | 36525 ||| FLEEEEING.
 36527 | Vaults:2 | 36527 ||| FLEEEEING.
 36529 | Vaults:2 | 36529 ||| DRINKING 13 potions of curing.
 36529 | Vaults:2 | 36529 ||| (to cure confusion)
 36654 | Vaults:2 | 36654 ||| Stepping ~*~*~tactically~*~*~ (hiding).
 36791 | Vaults:2 | 36791 ||| Stepping ~*~*~tactically~*~*~ (hiding).
 36824 | Vaults:2 | Received a gift from Okawaru
 36871 | Vaults:2 | Found a runed translucent gate.
 36871 | Vaults:2 | Found a runed translucent gate.
 36873 | Vaults:2 | Found a runed translucent gate.
 36953 | Vaults:2 | 36953 ||| INVOKING Heroism.
 36974 | Vaults:2 | Reached skill level 18 in Fighting
 36976 | Vaults:2 | Identified the +0 pair of gloves of the Nightingale {Harm
                  | Str+4} (Okawaru gifted it to you on level 2 of the Vaults)
 36976 | Vaults:2 | Received a gift from Okawaru
 37093 | Vaults:2 | 37093 ||| Stepping ~*~*~tactically~*~*~ (hiding).
 37139 | Vaults:2 | 37139 ||| Stepping ~*~*~tactically~*~*~ (stealth).
 37468 | Vaults:2 | 37468 ||| Stepping ~*~*~tactically~*~*~ (hiding).
 37469 | Vaults:2 | 37469 ||| Stepping ~*~*~tactically~*~*~ (hiding).
 37471 | Vaults:2 | 37471 ||| Stepping ~*~*~tactically~*~*~ (hiding).
 37489 | Vaults:2 | 37489 ||| INVOKING Heroism.
 37557 | Vaults:2 | 37557 ||| Stepping ~*~*~tactically~*~*~ (stealth).
 37564 | Vaults:2 | 37564 ||| INVOKING Heroism.
 37572 | Vaults:2 | 37572 ||| Stepping ~*~*~tactically~*~*~ (hiding).
 37573 | Vaults:2 | 37573 ||| INVOKING Finesse.
 37580 | Vaults:2 | Reached skill level 18 in Armour
 37817 | Vaults:2 | Noticed qw's ghost (adept MiBe)
 37862 | Vaults:3 | 37862 ||| INVOKING Heroism.
 37863 | Vaults:3 | 37863 ||| INVOKING Finesse.
 37872 | Vaults:3 | Reached XP level 20. HP: 77/136 MP: 20/27
 38145 | Vaults:3 | 38145 ||| Stepping ~*~*~tactically~*~*~ (stealth).
 38169 | Vaults:3 | 38169 ||| Stepping ~*~*~tactically~*~*~ (stealth).
 38183 | Vaults:3 | 38183 ||| Stepping ~*~*~tactically~*~*~ (stealth).
 38208 | Vaults:3 | 38208 ||| INVOKING Heroism.
 38228 | Vaults:3 | Paralysed by a great orb of eyes for 3 turns
 38232 | Vaults:3 | 38232 ||| INVOKING Finesse.
 38250 | Vaults:3 | 38250 ||| INVOKING Heroism.
 38487 | Vaults:3 | Identified the +2 war axe "Tevil" {pain, rCorr SInv}
                  | (Okawaru gifted it to you on level 3 of the Vaults)
 38487 | Vaults:3 | Received a gift from Okawaru
 38714 | Vaults:3 | 38714 ||| DROPPING +2 war axe "Tevil" {pain, rCorr SInv}.
 38736 | Vaults:3 | 38736 ||| INVOKING Heroism.
 38891 | Vaults:3 | 38891 ||| Stepping ~*~*~tactically~*~*~ (hiding).
 38896 | Vaults:3 | 38896 ||| INVOKING Heroism.
 38925 | Vaults:3 | 38925 ||| FLEEEEING.
 38926 | Vaults:3 | 38926 ||| FLEEEEING.
 38927 | Vaults:3 | 38927 ||| FLEEEEING.
 38928 | Vaults:3 | 38928 ||| FLEEEEING.
 38929 | Vaults:3 | 38929 ||| FLEEEEING.
 38930 | Vaults:3 | 38930 ||| FLEEEEING.
 38931 | Vaults:3 | 38931 ||| FLEEEEING.
 38932 | Vaults:3 | 38932 ||| FLEEEEING.
 38933 | Vaults:3 | 38933 ||| FLEEEEING.
 38934 | Vaults:3 | 38934 ||| FLEEEEING.
 38935 | Vaults:3 | 38935 ||| FLEEEEING.
 38936 | Vaults:3 | 38936 ||| FLEEEEING.
 38940 | Vaults:3 | 38940 ||| FLEEEEING.
 38941 | Vaults:3 | 38941 ||| FLEEEEING.
 38942 | Vaults:3 | 38942 ||| FLEEEEING.
 38947 | Vaults:3 | 38947 ||| FLEEEEING.
 38948 | Vaults:3 | 38948 ||| FLEEEEING.
 38957 | Vaults:3 | 38957 ||| FLEEEEING.
 38958 | Vaults:3 | 38958 ||| FLEEEEING.
 38970 | Vaults:3 | 38970 ||| FLEEEEING.
 38993 | Vaults:3 | 38993 ||| FLEEEEING.
 38994 | Vaults:3 | 38994 ||| FLEEEEING.
 38996 | Vaults:3 | 38996 ||| FLEEEEING.
 38998 | Vaults:3 | 38998 ||| FLEEEEING.
 39000 | Vaults:3 | 39000 ||| FLEEEEING.
 39002 | Vaults:3 | 39002 ||| FLEEEEING.
 39321 | Vaults:3 | 39321 ||| INVOKING Heroism.
 39326 | Vaults:3 | 39326 ||| DRINKING 12 potions of curing.
 39326 | Vaults:3 | 39326 ||| (to cure confusion)
 39449 | Vaults:3 | 39449 ||| INVOKING Heroism.
 39504 | Vaults:3 | 39504 ||| Stepping ~*~*~tactically~*~*~ (hiding).
 39661 | Vaults:3 | 39661 ||| Stepping ~*~*~tactically~*~*~ (stealth).
 39662 | Vaults:3 | 39662 ||| Stepping ~*~*~tactically~*~*~ (stealth).
 39669 | Vaults:3 | 39669 ||| Stepping ~*~*~tactically~*~*~ (hiding).
 39682 | Vaults:3 | 39682 ||| FLEEEEING.
 39683 | Vaults:3 | 39683 ||| FLEEEEING.
 39684 | Vaults:3 | 39684 ||| FLEEEEING.
 39685 | Vaults:3 | 39685 ||| FLEEEEING.
 39686 | Vaults:3 | 39686 ||| FLEEEEING.
 39687 | Vaults:3 | 39687 ||| FLEEEEING.
 39688 | Vaults:3 | 39688 ||| FLEEEEING.
 39689 | Vaults:3 | 39689 ||| FLEEEEING.
 39690 | Vaults:3 | 39690 ||| FLEEEEING.
 39691 | Vaults:3 | 39691 ||| FLEEEEING.
 39692 | Vaults:3 | 39692 ||| FLEEEEING.
 39693 | Vaults:3 | 39693 ||| FLEEEEING.
 39694 | Vaults:3 | 39694 ||| FLEEEEING.
 39695 | Vaults:3 | 39695 ||| FLEEEEING.
 39696 | Vaults:3 | 39696 ||| FLEEEEING.
 39697 | Vaults:3 | 39697 ||| FLEEEEING.
 39698 | Vaults:3 | 39698 ||| FLEEEEING.
 39699 | Vaults:3 | 39699 ||| FLEEEEING.
 39700 | Vaults:3 | 39700 ||| FLEEEEING.
 39701 | Vaults:3 | 39701 ||| FLEEEEING.
 39702 | Vaults:3 | 39702 ||| FLEEEEING.
 39703 | Vaults:3 | 39703 ||| FLEEEEING.
 39704 | Vaults:3 | 39704 ||| FLEEEEING.
 39705 | Vaults:3 | 39705 ||| FLEEEEING.
 39706 | Vaults:3 | 39706 ||| FLEEEEING.
 39707 | Vaults:3 | 39707 ||| FLEEEEING.
 39708 | Vaults:3 | 39708 ||| FLEEEEING.
 39709 | Vaults:3 | 39709 ||| FLEEEEING.
 39710 | Vaults:3 | 39710 ||| FLEEEEING.
 39711 | Vaults:3 | 39711 ||| FLEEEEING.
 39712 | Vaults:3 | 39712 ||| FLEEEEING.
 39713 | Vaults:3 | 39713 ||| FLEEEEING.
 39714 | Vaults:3 | 39714 ||| FLEEEEING.
 39715 | Vaults:3 | 39715 ||| FLEEEEING.
 39716 | Vaults:3 | 39716 ||| FLEEEEING.
 39717 | Vaults:3 | 39717 ||| FLEEEEING.
 39718 | Vaults:3 | 39718 ||| FLEEEEING.
 39719 | Vaults:3 | 39719 ||| FLEEEEING.
 39753 | Vaults:3 | Reached skill level 6 in Dodging
 39755 | Vaults:3 | Found a staircase to the Crypt.
 39764 | Vaults:3 | 39764 ||| INVOKING Heroism.
 39850 | Vaults:3 | 39850 ||| FLEEEEING.
 39851 | Vaults:3 | 39851 ||| FLEEEEING.
 39852 | Vaults:3 | 39852 ||| FLEEEEING.
 39853 | Vaults:3 | 39853 ||| FLEEEEING.
 39854 | Vaults:3 | 39854 ||| FLEEEEING.
 39855 | Vaults:3 | 39855 ||| FLEEEEING.
 39856 | Vaults:3 | 39856 ||| FLEEEEING.
 39860 | Vaults:3 | 39860 ||| FLEEEEING.
 39868 | Vaults:3 | 39868 ||| FLEEEEING.
 39869 | Vaults:3 | 39869 ||| FLEEEEING.
 39870 | Vaults:3 | 39870 ||| FLEEEEING.
 39871 | Vaults:3 | 39871 ||| FLEEEEING.
 39873 | Vaults:3 | 39873 ||| FLEEEEING.
 39874 | Vaults:3 | 39874 ||| FLEEEEING.
 39880 | Vaults:3 | 39880 ||| FLEEEEING.
 39881 | Vaults:3 | 39881 ||| FLEEEEING.
 39890 | Vaults:3 | 39890 ||| FLEEEEING.
 39891 | Vaults:3 | 39891 ||| FLEEEEING.
 40236 | Vaults:3 | 40236 ||| DRINKING 11 potions of curing.
 40236 | Vaults:3 | 40236 ||| (to cure confusion)
 40255 | Vaults:3 | 40255 ||| Stepping ~*~*~tactically~*~*~ (hiding).
 40262 | Vaults:3 | 40262 ||| INVOKING Heroism.
 40434 | Vaults:3 | 40434 ||| DROPPING +3 broad axe.
 40439 | Vaults:3 | 40439 ||| Stepping ~*~*~tactically~*~*~ (hiding).
 40444 | Vaults:3 | 40444 ||| INVOKING Heroism.
 40449 | Vaults:3 | 40449 ||| Stepping ~*~*~tactically~*~*~ (hiding).
 40451 | Vaults:3 | 40451 ||| Stepping ~*~*~tactically~*~*~ (hiding).
 40457 | Vaults:3 | 40457 ||| Stepping ~*~*~tactically~*~*~ (hiding).
 40467 | Vaults:3 | 40467 ||| Stepping ~*~*~tactically~*~*~ (hiding).
 40482 | Vaults:3 | Received a gift from Okawaru
 40887 | Vaults:4 | Found Xomoengu's Book Shop.
 40914 | Vaults:4 | 40914 ||| Stepping ~*~*~tactically~*~*~ (hiding).
 40988 | Vaults:4 | 40988 ||| INVOKING Heroism.
 41005 | Vaults:4 | 41005 ||| Stepping ~*~*~tactically~*~*~ (hiding).
 41009 | Vaults:4 | 41009 ||| Stepping ~*~*~tactically~*~*~ (hiding).
 41010 | Vaults:4 | 41010 ||| Stepping ~*~*~tactically~*~*~ (hiding).
 41046 | Vaults:4 | 41046 ||| INVOKING Heroism.
 41051 | Abyss:2  | Cast into level 2 of the Abyss (a wizard)
 41061 | Abyss:2  | 41061 ||| DROPPING +2 hat.
 41151 | Abyss:2  | 41151 ||| INVOKING Heroism.
 41258 | Abyss:2  | 41258 ||| INVOKING Heroism.
 41340 | Abyss:2  | 41340 ||| Stepping ~*~*~tactically~*~*~ (stealth).
 41342 | Abyss:2  | 41342 ||| Stepping ~*~*~tactically~*~*~ (hiding).
 41420 | Abyss:2  | 41420 ||| Stepping ~*~*~tactically~*~*~ (hiding).
 41423 | Abyss:2  | 41423 ||| Stepping ~*~*~tactically~*~*~ (hiding).
 41429 | Abyss:2  | 41429 ||| INVOKING Heroism.
 41478 | Vaults:4 | Escaped the Abyss
 41504 | Vaults:4 | 41504 ||| Stepping ~*~*~tactically~*~*~ (stealth).
 41505 | Vaults:4 | 41505 ||| Stepping ~*~*~tactically~*~*~ (stealth).
 41506 | Vaults:4 | 41506 ||| Stepping ~*~*~tactically~*~*~ (hiding).
 41507 | Vaults:4 | 41507 ||| Stepping ~*~*~tactically~*~*~ (hiding).
 41513 | Vaults:4 | 41513 ||| INVOKING Heroism.
 41578 | Vaults:4 | Reached XP level 21. HP: 146/146 MP: 28/28
 41594 | Vaults:4 | 41594 ||| Stepping ~*~*~tactically~*~*~ (hiding).
 41601 | Vaults:4 | 41601 ||| Stepping ~*~*~tactically~*~*~ (hiding).
 41794 | Vaults:4 | 41794 ||| FLEEEEING.
 41795 | Vaults:4 | 41795 ||| FLEEEEING.
 41796 | Vaults:4 | 41796 ||| FLEEEEING.
 41797 | Vaults:4 | 41797 ||| FLEEEEING.
 41798 | Vaults:4 | 41798 ||| FLEEEEING.
 41799 | Vaults:4 | 41799 ||| FLEEEEING.
 41800 | Vaults:4 | 41800 ||| FLEEEEING.
 41801 | Vaults:4 | 41801 ||| FLEEEEING.
 41802 | Vaults:4 | 41802 ||| FLEEEEING.
 41803 | Vaults:4 | 41803 ||| FLEEEEING.
 41804 | Vaults:4 | 41804 ||| FLEEEEING.
 41805 | Vaults:4 | 41805 ||| FLEEEEING.
 41806 | Vaults:4 | 41806 ||| FLEEEEING.
 41807 | Vaults:4 | 41807 ||| FLEEEEING.
 41808 | Vaults:4 | 41808 ||| FLEEEEING.
 41809 | Vaults:4 | 41809 ||| FLEEEEING.
 41810 | Vaults:4 | 41810 ||| FLEEEEING.
 41811 | Vaults:4 | 41811 ||| FLEEEEING.
 41813 | Vaults:4 | 41813 ||| FLEEEEING.
 41814 | Vaults:4 | 41814 ||| FLEEEEING.
 41815 | Vaults:4 | 41815 ||| FLEEEEING.
 41816 | Vaults:4 | 41816 ||| FLEEEEING.
 41817 | Vaults:4 | 41817 ||| FLEEEEING.
 41818 | Vaults:4 | 41818 ||| FLEEEEING.
 41819 | Vaults:4 | 41819 ||| INVOKING Heroism.
 41821 | Vaults:4 | 41821 ||| DRINKING 10 potions of curing.
 41821 | Vaults:4 | 41821 ||| (to cure confusion)
 41988 | Vaults:4 | 41988 ||| INVOKING Heroism.
 42246 | Vaults:4 | 42246 ||| READING scroll of enchant weapon.
 42246 | Vaults:4 | 42246 ||| ENCHANTING +1 vampiric broad axe.
 42306 | Vaults:4 | Found a runed translucent gate.
 42306 | Vaults:4 | Found a runed translucent gate.
 42306 | Vaults:4 | Found a runed translucent gate.
 42306 | Vaults:4 | Found an opulent altar of Gozag.
 42306 | Vaults:4 | Found Wuqawag's Assorted Antiques.
 42307 | Vaults:4 | Noticed Eldin's ghost (veteran DEHW)
 42308 | Vaults:4 | Found Eseer's Assorted Antiques.
 42319 | Vaults:4 | 42319 ||| Stepping ~*~*~tactically~*~*~ (hiding).
 42321 | Vaults:4 | 42321 ||| Stepping ~*~*~tactically~*~*~ (hiding).
 42322 | Vaults:4 | 42322 ||| Stepping ~*~*~tactically~*~*~ (hiding).
 42560 | Vaults:4 | 42560 ||| INVOKING Heroism.
 42657 | Vaults:4 | 42657 ||| INVOKING Heroism.
 42855 | Vaults:4 | 42855 ||| PLANNING SNAKE:4
 43202 | Snake:4  | Entered Level 4 of the Snake Pit
 43264 | Snake:4  | 43264 ||| INVOKING Heroism.
 43315 | Snake:4  | 43315 ||| Stepping ~*~*~tactically~*~*~ (stealth).
 43322 | Snake:4  | Received a gift from Okawaru
 43428 | Snake:4  | 43428 ||| INVOKING Heroism.
 43464 | Snake:4  | 43464 ||| INVOKING Heroism.
 43517 | Snake:4  | 43517 ||| Stepping ~*~*~tactically~*~*~ (hiding).
 43529 | Snake:4  | 43529 ||| Stepping ~*~*~tactically~*~*~ (hiding).
 43530 | Snake:4  | 43530 ||| INVOKING Heroism.
 43585 | Snake:4  | 43585 ||| FLEEEEING.
 43604 | Snake:4  | 43604 ||| INVOKING Heroism.
 43657 | Snake:4  | 43657 ||| INVOKING Heroism.
 43693 | Snake:4  | 43693 ||| INVOKING Heroism.
 43732 | Snake:4  | 43732 ||| Stepping ~*~*~tactically~*~*~ (stealth).
 43755 | Snake:4  | 43755 ||| Stepping ~*~*~tactically~*~*~ (stealth).
 43783 | Snake:4  | 43783 ||| Stepping ~*~*~tactically~*~*~ (stealth).
 43785 | Snake:4  | 43785 ||| Stepping ~*~*~tactically~*~*~ (hiding).
 43799 | Snake:4  | 43799 ||| Stepping ~*~*~tactically~*~*~ (hiding).
 43822 | Snake:4  | 43822 ||| Stepping ~*~*~tactically~*~*~ (stealth).
 43860 | Snake:4  | 43860 ||| Stepping ~*~*~tactically~*~*~ (stealth).
 43867 | Snake:4  | 43867 ||| INVOKING Heroism.
 43878 | Snake:4  | Reached skill level 21 in Fighting
 43886 | Snake:4  | Reached skill level 18 in Shields
 43902 | Snake:4  | 43902 ||| Stepping ~*~*~tactically~*~*~ (hiding).
 43907 | Snake:4  | 43907 ||| Stepping ~*~*~tactically~*~*~ (hiding).
 43909 | Snake:4  | 43909 ||| Stepping ~*~*~tactically~*~*~ (hiding).
 44040 | Snake:4  | 44040 ||| Stepping ~*~*~tactically~*~*~ (stealth).
 44047 | Snake:4  | 44047 ||| Stepping ~*~*~tactically~*~*~ (stealth).
 44056 | Snake:4  | 44056 ||| Stepping ~*~*~tactically~*~*~ (stealth).
 44058 | Snake:4  | 44058 ||| INVOKING Heroism.
 44099 | Snake:4  | 44099 ||| INVOKING Heroism.
 44134 | Snake:4  | 44134 ||| READING scroll of enchant weapon.
 44134 | Snake:4  | 44134 ||| ENCHANTING +2 vampiric broad axe.
 44162 | Snake:4  | 44162 ||| Stepping ~*~*~tactically~*~*~ (stealth).
 44165 | Snake:4  | 44165 ||| Stepping ~*~*~tactically~*~*~ (stealth).
 44166 | Snake:4  | 44166 ||| Stepping ~*~*~tactically~*~*~ (stealth).
 44265 | Snake:4  | 44265 ||| Stepping ~*~*~tactically~*~*~ (stealth).
 44267 | Snake:4  | 44267 ||| Stepping ~*~*~tactically~*~*~ (hiding).
 44297 | Snake:4  | 44297 ||| Stepping ~*~*~tactically~*~*~ (hiding).
 44343 | Snake:4  | 44343 ||| Stepping ~*~*~tactically~*~*~ (stealth).
 44345 | Snake:4  | 44345 ||| Stepping ~*~*~tactically~*~*~ (hiding).
 44346 | Snake:4  | 44346 ||| Stepping ~*~*~tactically~*~*~ (hiding).
 44352 | Snake:4  | Received a gift from Okawaru
 44400 | Snake:4  | 44400 ||| Stepping ~*~*~tactically~*~*~ (stealth).
 44401 | Snake:4  | 44401 ||| Stepping ~*~*~tactically~*~*~ (stealth).
 44445 | Snake:4  | 44445 ||| Stepping ~*~*~tactically~*~*~ (stealth).
 44447 | Snake:4  | 44447 ||| Stepping ~*~*~tactically~*~*~ (hiding).
 44473 | Snake:4  | 44473 ||| INVOKING Heroism.
 44547 | Snake:4  | Got a serpentine rune of Zot
 44668 | Snake:4  | 44668 ||| Stepping ~*~*~tactically~*~*~ (stealth).
 44702 | Snake:4  | 44702 ||| Stepping ~*~*~tactically~*~*~ (hiding).
 44708 | Snake:4  | Reached XP level 22. HP: 155/155 MP: 29/29
 44885 | Snake:4  | Identified the +7 scale mail "Qackyn" {Fly rCorr} (Okawaru
                  | gifted it to you on level 4 of the Snake Pit)
 44885 | Snake:4  | Received a gift from Okawaru
 45050 | Snake:4  | 45050 ||| PLANNING DEPTHS
 45050 | Snake:4  | 45050 ||| DROPPING +2 pair of gloves of infusion.
 45051 | Snake:4  | 45051 ||| UPGRADING to +0 kite shield of protection.
 45061 | Snake:4  | 45061 ||| DROPPING +0 kite shield of reflection.
 45075 | Snake:4  | 45075 ||| Stepping ~*~*~tactically~*~*~ (hiding).
 45485 | Depths:1 | Entered Level 1 of the Depths
 45488 | Depths:1 | 45488 ||| INVOKING Heroism.
 45524 | Depths:1 | Found a gateway to Hell.
 45530 | Depths:1 | 45530 ||| INVOKING Finesse.
 45586 | Depths:1 | 45586 ||| INVOKING Heroism.
 45587 | Depths:1 | 45587 ||| INVOKING Finesse.
 45741 | Depths:1 | Found a glowing golden altar of the Shining One.
 45757 | Depths:1 | 45757 ||| INVOKING Heroism.
 45758 | Depths:1 | 45758 ||| INVOKING Finesse.
 45825 | Depths:1 | 45825 ||| INVOKING Finesse.
 45850 | Depths:1 | 45850 ||| INVOKING Heroism.
 45922 | Depths:1 | 45922 ||| Stepping ~*~*~tactically~*~*~ (hiding).
 46321 | Depths:2 | 46321 ||| Stepping ~*~*~tactically~*~*~ (hiding).
 46326 | Depths:2 | 46326 ||| INVOKING Heroism.
 46329 | Depths:2 | 46329 ||| INVOKING Finesse.
 46344 | Depths:2 | Reached skill level 21 in Armour
 46411 | Depths:2 | Noticed Bai Suzhen
 46412 | Depths:2 | 46412 ||| INVOKING Heroism.
 46421 | Depths:2 | 46421 ||| INVOKING Finesse.
 46434 | Depths:2 | Killed Bai Suzhen
 46439 | Depths:2 | Noticed Mara
 46460 | Depths:2 | Received a gift from Okawaru
 46484 | Depths:2 | Noticed qw's illusion
 46489 | Depths:2 | Killed Mara
 46524 | Depths:2 | Identified the ring of Estyc {Ice Drain rN+ Int+3}
 46524 | Depths:2 | Noticed Josephina
 46524 | Depths:2 | 46524 ||| INVOKING Heroism.
 46525 | Depths:2 | 46525 ||| INVOKING Finesse.
 46555 | Depths:2 | Killed Josephina
 46555 | Depths:2 | Received a gift from Okawaru
 46713 | Depths:2 | 46713 ||| INVOKING Heroism.
 46795 | Depths:2 | 46795 ||| Stepping ~*~*~tactically~*~*~ (hiding).
 46955 | Depths:2 | 46955 ||| READING scroll of enchant weapon.
 46955 | Depths:2 | 46955 ||| ENCHANTING +3 vampiric broad axe.
 47033 | Depths:2 | Found a one-way gate leading to the halls of Pandemonium.
 47127 | Depths:2 | 47127 ||| Stepping ~*~*~tactically~*~*~ (stealth).
 47218 | Depths:2 | You are sucked into a shaft and drop 1 floor!
 47219 | Depths:3 | 47219 ||| Stepping ~*~*~tactically~*~*~ (hiding).
 47221 | Depths:3 | 47221 ||| Stepping ~*~*~tactically~*~*~ (hiding).
 47222 | Depths:3 | 47222 ||| Stepping ~*~*~tactically~*~*~ (stealth).
 47227 | Depths:3 | 47227 ||| INVOKING Heroism.
 47228 | Depths:3 | 47228 ||| INVOKING Finesse.
 47235 | Depths:3 | Reached skill level 9 in Throwing
 47255 | Depths:3 | 47255 ||| Stepping ~*~*~tactically~*~*~ (hiding).
 47256 | Depths:3 | 47256 ||| Stepping ~*~*~tactically~*~*~ (hiding).
 47268 | Depths:3 | 47268 ||| Stepping ~*~*~tactically~*~*~ (hiding).
 47284 | Depths:3 | 47284 ||| Stepping ~*~*~tactically~*~*~ (stealth).
 47285 | Depths:3 | 47285 ||| Stepping ~*~*~tactically~*~*~ (stealth).
 47344 | Depths:3 | 47344 ||| INVOKING Heroism.
 47345 | Depths:3 | 47345 ||| INVOKING Finesse.
 47376 | Depths:3 | 47376 ||| Stepping ~*~*~tactically~*~*~ (hiding).
 47402 | Depths:3 | Found a one-way gate to the infinite horrors of the Abyss.
 47563 | Depths:3 | 47563 ||| INVOKING Heroism.
 47564 | Depths:3 | 47564 ||| INVOKING Finesse.
 47616 | Depths:3 | Reached XP level 23. HP: 160/164 MP: 26/30
 47630 | Depths:3 | 47630 ||| Stepping ~*~*~tactically~*~*~ (hiding).
 47631 | Depths:3 | 47631 ||| Stepping ~*~*~tactically~*~*~ (hiding).
 47774 | Depths:3 | 47774 ||| DRINKING 10 potions of curing.
 47774 | Depths:3 | 47774 ||| (to cure confusion)
 47803 | Depths:3 | 47803 ||| Stepping ~*~*~tactically~*~*~ (hiding).
 47806 | Depths:3 | 47806 ||| INVOKING Heroism.
 47807 | Depths:3 | 47807 ||| INVOKING Finesse.
 47871 | Depths:3 | 47871 ||| Stepping ~*~*~tactically~*~*~ (stealth).
 47872 | Depths:3 | 47872 ||| Stepping ~*~*~tactically~*~*~ (stealth).
 47875 | Depths:3 | 47875 ||| INVOKING Heroism.
 48133 | Depths:2 | 48133 ||| Stepping ~*~*~tactically~*~*~ (hiding).
 48159 | Depths:2 | 48159 ||| Stepping ~*~*~tactically~*~*~ (stealth).
 48161 | Depths:2 | 48161 ||| INVOKING Heroism.
 48162 | Depths:2 | 48162 ||| INVOKING Finesse.
 48219 | Depths:2 | 48219 ||| Stepping ~*~*~tactically~*~*~ (hiding).
 48240 | Depths:2 | Found a one-way gateway to a ziggurat.
 48540 | Depths:2 | 48540 ||| INVOKING Heroism.
 48541 | Depths:2 | 48541 ||| INVOKING Finesse.
 48593 | Depths:2 | 48593 ||| INVOKING Finesse.
 48594 | Depths:2 | 48594 ||| Stepping ~*~*~tactically~*~*~ (hiding).
 48598 | Depths:2 | 48598 ||| Stepping ~*~*~tactically~*~*~ (stealth).
 48607 | Depths:2 | Received a gift from Okawaru
 48645 | Depths:2 | Found a corrupted altar of Lugonu.
 48646 | Depths:2 | Found Biojam's Jewellery Emporium.
 48653 | Depths:2 | 48653 ||| BUYING ring "Darru" {+Blink rElec rC- EV+4 Dex+10
                  | Slay-3} (1109 gold).
 48653 | Depths:2 | Bought the ring "Darru" {+Blink rElec rC- EV+4 Dex+10
                  | Slay-3} for 1109 gold pieces
 48683 | Depths:2 | 48683 ||| DROPPING +1 pair of boots.
 48948 | Depths:4 | Entered Level 4 of the Depths
 48949 | Depths:4 | 48949 ||| INVOKING Heroism.
 48950 | Depths:4 | 48950 ||| STAIRDANCE
 48952 | Depths:3 | 48952 ||| INVOKING Finesse.
 48985 | Depths:4 | 48985 ||| STAIRDANCE
 49004 | Depths:4 | 49004 ||| Stepping ~*~*~tactically~*~*~ (stealth).
 49006 | Depths:4 | 49006 ||| Stepping ~*~*~tactically~*~*~ (stealth).
 49007 | Depths:4 | 49007 ||| Stepping ~*~*~tactically~*~*~ (stealth).
 49010 | Depths:4 | 49010 ||| STAIRDANCE
 49023 | Depths:4 | 49023 ||| Stepping ~*~*~tactically~*~*~ (stealth).
 49026 | Depths:4 | 49026 ||| INVOKING Heroism.
 49030 | Depths:4 | Noticed a caustic shrike
 49031 | Depths:4 | 49031 ||| INVOKING Finesse.
 49040 | Depths:4 | Noticed a caustic shrike
 49041 | Depths:4 | Noticed a caustic shrike
 49053 | Depths:4 | Noticed a caustic shrike
 49056 | Depths:4 | Identified the +4 ring mail "Waliets" {+Blink Str+7 Slay-2}
                  | (Okawaru gifted it to you on level 4 of the Depths)
 49056 | Depths:4 | Received a gift from Okawaru
 49067 | Depths:4 | Killed a caustic shrike
 49068 | Depths:4 | Killed a caustic shrike
 49077 | Depths:4 | Killed a caustic shrike
 49083 | Depths:4 | Killed a caustic shrike
 49228 | Depths:4 | 49228 ||| Stepping ~*~*~tactically~*~*~ (hiding).
 49338 | Depths:4 | 49338 ||| READING scroll of enchant weapon.
 49338 | Depths:4 | 49338 ||| ENCHANTING +4 vampiric broad axe.
 49345 | Depths:4 | 49345 ||| INVOKING Heroism.
 49423 | Depths:4 | 49423 ||| INVOKING Heroism.
 49424 | Depths:4 | 49424 ||| INVOKING Finesse.
 49428 | Depths:4 | 49428 ||| Stepping ~*~*~tactically~*~*~ (hiding).
 49441 | Depths:4 | 49441 ||| Stepping ~*~*~tactically~*~*~ (hiding).
 49497 | Depths:4 | 49497 ||| Stepping ~*~*~tactically~*~*~ (hiding).
 49597 | Depths:4 | 49597 ||| INVOKING Heroism.
 49620 | Depths:4 | Found a gate to the Realm of Zot.
 49621 | Depths:4 | 49621 ||| DROPPING ring of wizardry.
 49622 | Depths:4 | 49622 ||| READING 12 scrolls of teleportation.
 49637 | Depths:4 | Noticed a shard shrike
 49637 | Depths:4 | a titan changed into a shard shrike
 49646 | Depths:4 | 49646 ||| INVOKING Heroism.
 49652 | Depths:4 | a shard shrike changed into a titan
 49659 | Depths:4 | Noticed a shard shrike
 49659 | Depths:4 | a rockslime changed into a shard shrike
 49663 | Depths:4 | Killed a shard shrike
 49746 | Depths:4 | Found a radiant altar of Vehumet.
 49816 | Depths:4 | 49816 ||| Stepping ~*~*~tactically~*~*~ (stealth).
 49822 | Depths:4 | 49822 ||| INVOKING Finesse.
 49897 | Depths:4 | Found a stormy altar of Qazlal.
 49933 | Depths:4 | 49933 ||| INVOKING Heroism.
 49934 | Depths:4 | 49934 ||| INVOKING Finesse.
 50003 | Depths:4 | 50003 ||| PLANNING VAULTS:5
 50003 | Depths:4 | 50003 ||| DROPPING +4 ring of slaying {mikee}.
 50264 | Vaults:5 | Entered Level 5 of the Vaults
 50265 | Vaults:5 | 50265 ||| INVOKING Heroism.
 50266 | Vaults:5 | 50266 ||| STAIRDANCE
 50272 | Vaults:4 | Received a gift from Okawaru
 50387 | Vaults:5 | 50387 ||| STAIRDANCE
 50388 | Vaults:5 | 50388 ||| INVOKING Heroism.
 50389 | Vaults:5 | 50389 ||| INVOKING Finesse.
 50398 | Vaults:5 | 50398 ||| STAIRDANCE
 50398 | Vaults:5 | Identified the +6 shortbow of Fiwaibb {freeze, rN+++ Dex-2}
 50533 | Vaults:5 | 50533 ||| STAIRDANCE
 50535 | Vaults:4 | 50535 ||| INVOKING Heroism.
 50651 | Vaults:5 | 50651 ||| INVOKING Heroism.
 50652 | Vaults:5 | 50652 ||| INVOKING Finesse.
 50660 | Vaults:5 | Received a gift from Okawaru
 50661 | Vaults:5 | 50661 ||| STAIRDANCE
 50750 | Vaults:4 | 50750 ||| UPGRADING to +0 tower shield.
 50760 | Vaults:4 | 50760 ||| DROPPING +0 kite shield of protection.
 50809 | Vaults:5 | 50809 ||| STAIRDANCE
 50811 | Vaults:4 | 50811 ||| INVOKING Heroism.
 50921 | Vaults:5 | 50921 ||| INVOKING Heroism.
 50933 | Vaults:5 | Reached XP level 24. HP: 172/172 MP: 30/30
 50933 | Vaults:5 | Received a gift from Okawaru
 50935 | Vaults:5 | 50935 ||| STAIRDANCE
 51044 | Vaults:5 | 51044 ||| STAIRDANCE
 51277 | Vaults:5 | 51277 ||| STAIRDANCE
 51478 | Vaults:5 | 51478 ||| STAIRDANCE
 51589 | Vaults:5 | 51589 ||| STAIRDANCE
 51775 | Vaults:5 | 51775 ||| INVOKING Heroism.
 51784 | Vaults:5 | Received a gift from Okawaru
 51790 | Vaults:5 | 51790 ||| STAIRDANCE
 51954 | Vaults:5 | 51954 ||| STAIRDANCE
 51956 | Vaults:4 | 51956 ||| INVOKING Heroism.
 52069 | Vaults:5 | 52069 ||| STAIRDANCE
 52173 | Vaults:5 | 52173 ||| STAIRDANCE
 52174 | Vaults:5 | 52174 ||| INVOKING Heroism.
 52177 | Vaults:5 | Noticed a dread lich
 52178 | Vaults:5 | 52178 ||| INVOKING Finesse.
 52185 | Vaults:5 | 52185 ||| DRINKING 9 potions of curing.
 52185 | Vaults:5 | 52185 ||| (to cure confusion)
 52199 | Vaults:5 | Killed a dread lich
 52199 | Vaults:5 | Received a gift from Okawaru
 52243 | Vaults:5 | Reached skill level 21 in Shields
 52334 | Vaults:5 | 52334 ||| INVOKING Heroism.
 52547 | Vaults:5 | 52547 ||| Stepping ~*~*~tactically~*~*~ (stealth).
 52597 | Vaults:5 | Noticed a dread lich
 52598 | Vaults:5 | 52598 ||| INVOKING Heroism.
 52599 | Vaults:5 | 52599 ||| INVOKING Finesse.
 52603 | Vaults:5 | Paralysed by a dread lich for 3 turns
 52617 | Vaults:5 | Paralysed by a dread lich for 2 turns
 52628 | Vaults:5 | Killed a dread lich
 52628 | Vaults:5 | Received a gift from Okawaru
 52661 | Vaults:5 | Identified the ring of Trepidation {rCorr Dex+6 Stlth+}
 52664 | Vaults:5 | Identified the +10 broad axe of Kagot {vorpal, Will++
                  | Int-5}
 52668 | Vaults:5 | Identified the +0 helmet of Gozag's Castigation {rN+ Regen+
                  | Str+2 Int+4}
 52670 | Vaults:5 | Identified the +3 chain mail "Quokeoq" {Int+2}
 52672 | Vaults:5 | Identified the +1 ring mail of Gyuqiut {Contam rPois rF++
                  | Str+6}
 52743 | Vaults:5 | 52743 ||| INVOKING Heroism.
 52746 | Vaults:5 | 52746 ||| Stepping ~*~*~tactically~*~*~ (hiding).
 52747 | Vaults:5 | 52747 ||| Stepping ~*~*~tactically~*~*~ (hiding).
 52755 | Vaults:5 | Paralysed by an ogre mage for 5 turns
 52849 | Vaults:5 | Identified the +1 rapier "Jokuj" {freeze, rF+ rN+++ Int-4}
 52861 | Vaults:5 | 52861 ||| Stepping ~*~*~tactically~*~*~ (hiding).
 52929 | Vaults:5 | Reached skill level 24 in Fighting
 52960 | Vaults:5 | 52960 ||| INVOKING Heroism.
 52998 | Vaults:5 | 52998 ||| READING scroll of enchant weapon.
 52998 | Vaults:5 | 52998 ||| ENCHANTING +5 vampiric broad axe.
 53028 | Vaults:5 | 53028 ||| Stepping ~*~*~tactically~*~*~ (stealth).
 53029 | Vaults:5 | 53029 ||| Stepping ~*~*~tactically~*~*~ (stealth).
 53031 | Vaults:5 | 53031 ||| Stepping ~*~*~tactically~*~*~ (hiding).
 53033 | Vaults:5 | 53033 ||| Stepping ~*~*~tactically~*~*~ (hiding).
 53156 | Vaults:5 | 53156 ||| Stepping ~*~*~tactically~*~*~ (hiding).
 53163 | Vaults:5 | 53163 ||| INVOKING Heroism.
 53165 | Vaults:5 | 53165 ||| Stepping ~*~*~tactically~*~*~ (hiding).
 53166 | Vaults:5 | 53166 ||| Stepping ~*~*~tactically~*~*~ (hiding).
 53167 | Vaults:5 | 53167 ||| INVOKING Finesse.
 53172 | Vaults:5 | 53172 ||| Stepping ~*~*~tactically~*~*~ (hiding).
 53174 | Vaults:5 | 53174 ||| Stepping ~*~*~tactically~*~*~ (hiding).
 53298 | Vaults:5 | 53298 ||| INVOKING Heroism.
 53444 | Vaults:5 | 53444 ||| INVOKING Heroism.
 53452 | Vaults:5 | Identified the +0 cloak "Ybuaptal" {rF++ Str-3 Dex+4}
                  | (Okawaru gifted it to you on level 5 of the Vaults)
 53452 | Vaults:5 | Received a gift from Okawaru
 53564 | Vaults:5 | 53564 ||| Stepping ~*~*~tactically~*~*~ (stealth).
 53609 | Vaults:5 | Reached skill level 12 in Throwing
 53724 | Vaults:5 | Got a silver rune of Zot
 53725 | Vaults:5 | Identified the +1 robe of the Boiling Point {Rampage Will+
                  | MP-9 Dex+7}
 53732 | Vaults:5 | Identified the amulet of Brilliance {Faith rPois Will+}
 53734 | Vaults:5 | Identified the +8 chain mail of Purpose {rN+ rCorr SInv}
 53881 | Vaults:5 | 53881 ||| Stepping ~*~*~tactically~*~*~ (stealth).
 53882 | Vaults:5 | 53882 ||| Stepping ~*~*~tactically~*~*~ (stealth).
 53884 | Vaults:5 | 53884 ||| Stepping ~*~*~tactically~*~*~ (hiding).
 54018 | Vaults:5 | 54018 ||| PLANNING SHOPPING SPREE
 54018 | Vaults:5 | 54018 ||| UPGRADING to +0 helmet of Gozag's Castigation
                  | {rN+ Regen+ Str+2 Int+4}.
 54028 | Vaults:5 | 54028 ||| DROPPING +2 helmet.
 54029 | Vaults:5 | 54029 ||| UPGRADING to +0 cloak "Ybuaptal" {rF++ Str-3
                  | Dex+4}.
 54039 | Vaults:5 | 54039 ||| DROPPING amulet of Brilliance {Faith rPois
                  | Will+}.
 54040 | Vaults:5 | 54040 ||| UPGRADING to ring of Trepidation {rCorr Dex+6
                  | Stlth+}.
 54042 | Vaults:5 | 54042 ||| UPGRADING to +4 ring of protection.
 54044 | Vaults:5 | 54044 ||| UPGRADING to +8 chain mail of Purpose {rN+ rCorr
                  | SInv}.
 54054 | Vaults:5 | 54054 ||| DROPPING ring of protection from cold.
 54055 | Vaults:5 | 54055 ||| DROPPING ring of Trepidation {rCorr Dex+6
                  | Stlth+}.
 54388 | D:4      | 54388 ||| BUYING scroll of teleportation (42 gold).
 54388 | D:4      | Bought a scroll of teleportation for 42 gold pieces
 54388 | D:4      | 54388 ||| BUYING scroll of teleportation (42 gold).
 54388 | D:4      | Bought a scroll of teleportation for 42 gold pieces
 54481 | D:4      | 54481 ||| BUYING 2 potions of cancellation (208 gold).
 54481 | D:4      | Bought 2 potions of cancellation for 208 gold pieces
 54481 | D:4      | 54481 ||| BUYING 2 potions of curing (78 gold).
 54481 | D:4      | Bought 2 potions of curing for 78 gold pieces
 54510 | D:5      | 54510 ||| BUYING +1 helmet of see invisible (231 gold).
 54510 | D:5      | Bought a +1 helmet of see invisible for 231 gold pieces
 54857 | D:12     | 54857 ||| BUYING amulet of Agnosticism {Reflect rC- rCorr
                  | Int+3 Dex+8 SH+5} (997 gold).
 54857 | D:12     | Bought the amulet of Agnosticism {Reflect rC- rCorr Int+3
                  | Dex+8 SH+5} for 997 gold pieces
 54857 | D:12     | 54857 ||| UPGRADING to amulet of Agnosticism {Reflect rC-
                  | rCorr Int+3 Dex+8 SH+5}.
 54867 | D:12     | 54867 ||| UPGRADING to +8 plate armour "Riumaf" {Str+2}.
 54877 | D:12     | 54877 ||| UPGRADING to +1 helmet of see invisible.
 54887 | D:12     | 54887 ||| READING 5 scrolls of enchant armour.
 54887 | D:12     | 54887 ||| ENCHANTING +1 helmet of see invisible.
 54888 | D:12     | 54888 ||| DROPPING amulet of reflection.
 54889 | D:12     | 54889 ||| UPGRADING to ring "Darru" {+Blink rElec rC- EV+4
                  | Dex+10 Slay-3}.
 54891 | D:12     | 54891 ||| CLEARING SHOPPING LIST
 54891 | D:12     | 54891 ||| PLANNING ZOT
 54891 | D:12     | 54891 ||| READING 16 scrolls of teleportation.
 54895 | D:12     | 54895 ||| UPGRADING to ring "Miafaq" {rF+ rN+ Str+2}.
 55072 | Zot:1    | Entered Level 1 of the Realm of Zot
 55083 | Zot:1    | 55083 ||| Stepping ~*~*~tactically~*~*~ (hiding).
 55085 | Zot:1    | 55085 ||| Stepping ~*~*~tactically~*~*~ (hiding).
 55093 | Zot:1    | 55093 ||| INVOKING Heroism.
 55129 | Zot:1    | 55129 ||| Stepping ~*~*~tactically~*~*~ (stealth).
 55131 | Zot:1    | 55131 ||| Stepping ~*~*~tactically~*~*~ (stealth).
 55132 | Zot:1    | 55132 ||| Stepping ~*~*~tactically~*~*~ (stealth).
 55133 | Zot:1    | 55133 ||| Stepping ~*~*~tactically~*~*~ (hiding).
 55134 | Zot:1    | 55134 ||| Stepping ~*~*~tactically~*~*~ (hiding).
 55135 | Zot:1    | 55135 ||| Stepping ~*~*~tactically~*~*~ (hiding).
 55136 | Zot:1    | 55136 ||| Stepping ~*~*~tactically~*~*~ (hiding).
 55137 | Zot:1    | 55137 ||| Stepping ~*~*~tactically~*~*~ (hiding).
 55138 | Zot:1    | 55138 ||| Stepping ~*~*~tactically~*~*~ (hiding).
 55141 | Zot:1    | 55141 ||| INVOKING Heroism.
 55199 | Zot:1    | Reached skill level 9 in Dodging
 55199 | Zot:1    | Reached XP level 25. HP: 178/178 MP: 30/30
 55205 | Zot:1    | 55205 ||| INVOKING Heroism.
 55219 | Zot:1    | 55219 ||| Stepping ~*~*~tactically~*~*~ (hiding).
 55282 | Zot:1    | 55282 ||| Stepping ~*~*~tactically~*~*~ (stealth).
 55283 | Zot:1    | 55283 ||| Stepping ~*~*~tactically~*~*~ (stealth).
 55284 | Zot:1    | 55284 ||| Stepping ~*~*~tactically~*~*~ (stealth).
 55286 | Zot:1    | 55286 ||| Stepping ~*~*~tactically~*~*~ (hiding).
 55287 | Zot:1    | 55287 ||| Stepping ~*~*~tactically~*~*~ (hiding).
 55294 | Zot:1    | 55294 ||| INVOKING Heroism.
 55298 | Zot:1    | 55298 ||| Stepping ~*~*~tactically~*~*~ (hiding).
 55363 | Zot:1    | 55363 ||| Stepping ~*~*~tactically~*~*~ (hiding).
 55364 | Zot:1    | 55364 ||| INVOKING Heroism.
 55518 | Zot:1    | 55518 ||| INVOKING Heroism.
 55739 | Zot:1    | 55739 ||| Stepping ~*~*~tactically~*~*~ (stealth).
 56217 | Zot:2    | 56217 ||| INVOKING Heroism.
 56236 | Zot:2    | 56236 ||| INVOKING Heroism.
 56298 | Zot:2    | Received a gift from Okawaru
 56579 | Zot:2    | 56579 ||| FLEEEEING.
 56580 | Zot:2    | 56580 ||| FLEEEEING.
 56581 | Zot:2    | 56581 ||| FLEEEEING.
 56583 | Zot:2    | 56583 ||| INVOKING Heroism.
 56809 | Zot:2    | 56809 ||| Stepping ~*~*~tactically~*~*~ (hiding).
 56821 | Zot:2    | 56821 ||| Stepping ~*~*~tactically~*~*~ (hiding).
 56950 | Zot:2    | Noticed a shard shrike
 56951 | Zot:2    | 56951 ||| INVOKING Heroism.
 56952 | Zot:2    | 56952 ||| INVOKING Finesse.
 56966 | Zot:2    | Killed a shard shrike
 56998 | Zot:2    | Noticed a shard shrike
 56999 | Zot:2    | 56999 ||| Stepping ~*~*~tactically~*~*~ (hiding).
 57075 | Zot:2    | 57075 ||| READING 3 scrolls of enchant weapon.
 57075 | Zot:2    | 57075 ||| ENCHANTING +6 vampiric broad axe.
 57076 | Zot:2    | 57076 ||| READING 2 scrolls of enchant weapon.
 57076 | Zot:2    | 57076 ||| ENCHANTING +7 vampiric broad axe.
 57077 | Zot:2    | 57077 ||| READING scroll of enchant weapon.
 57077 | Zot:2    | 57077 ||| ENCHANTING +8 vampiric broad axe.
 57096 | Zot:2    | 57096 ||| Stepping ~*~*~tactically~*~*~ (hiding).
 57116 | Zot:2    | 57116 ||| INVOKING Heroism.
 57148 | Zot:2    | Reached skill level 12 in Dodging
 57158 | Zot:2    | 57158 ||| INVOKING Heroism.
 57189 | Zot:2    | 57189 ||| INVOKING Heroism.
 57190 | Zot:2    | 57190 ||| INVOKING Finesse.
 57198 | Zot:2    | Killed a shard shrike
 57466 | Zot:3    | 57466 ||| INVOKING Heroism.
 57513 | Zot:3    | 57513 ||| Stepping ~*~*~tactically~*~*~ (hiding).
 57559 | Zot:3    | 57559 ||| Stepping ~*~*~tactically~*~*~ (hiding).
 57614 | Zot:3    | 57614 ||| INVOKING Heroism.
 57654 | Zot:3    | 57654 ||| Stepping ~*~*~tactically~*~*~ (stealth).
 57660 | Zot:3    | 57660 ||| Stepping ~*~*~tactically~*~*~ (hiding).
 57668 | Zot:3    | 57668 ||| INVOKING Heroism.
 57692 | Zot:3    | HP: 18/178 [white draconian/blast of cold (48)]
 57693 | Zot:3    | 57693 ||| READING 16 scrolls of teleportation.
 57694 | Zot:3    | 57694 ||| DRINKING 11 potions of heal wounds.
 57695 | Zot:3    | 57695 ||| DRINKING 10 potions of heal wounds.
 57749 | Zot:3    | 57749 ||| INVOKING Heroism.
 57749 | Zot:3    | HP: 37/178 [white draconian/blast of cold[a white draconian
                  | stormcaller] (19)]
 57750 | Zot:3    | 57750 ||| DRINKING 9 potions of heal wounds.
 57824 | Zot:3    | 57824 ||| INVOKING Heroism.
 57917 | Zot:3    | 57917 ||| Stepping ~*~*~tactically~*~*~ (stealth).
 58068 | Zot:3    | 58068 ||| INVOKING Heroism.
 58080 | Zot:3    | 58080 ||| Stepping ~*~*~tactically~*~*~ (hiding).
 58081 | Zot:3    | 58081 ||| Stepping ~*~*~tactically~*~*~ (hiding).
 58120 | Zot:3    | 58120 ||| Stepping ~*~*~tactically~*~*~ (stealth).
 58215 | Zot:3    | 58215 ||| Stepping ~*~*~tactically~*~*~ (hiding).
 58217 | Zot:3    | 58217 ||| INVOKING Heroism.
 58234 | Zot:3    | 58234 ||| Stepping ~*~*~tactically~*~*~ (hiding).
 58414 | Zot:3    | 58414 ||| INVOKING Heroism.
 58424 | Zot:3    | Received a gift from Okawaru
 58458 | Zot:3    | 58458 ||| INVOKING Heroism.
 58465 | Zot:3    | Reached XP level 26. HP: 180/184 MP: 29/30
 58490 | Zot:3    | 58490 ||| DROPPING +3 vorpal broad axe.
 58611 | Zot:3    | Found a runed translucent gate.
 58611 | Zot:3    | Found a runed translucent gate.
 58801 | Zot:3    | Found a runed translucent gate.
 58802 | Zot:3    | Noticed a dread lich
 58802 | Zot:3    | Noticed an ancient lich
 58802 | Zot:3    | Noticed Juzit's ghost (legendary GnFi)
 58802 | Zot:3    | Noticed qw's ghost (veteran MiBe)
 58803 | Zot:3    | Found an ancient bone altar of Kikubaaqudgha.
 58803 | Zot:3    | Noticed an ancient lich
 59086 | Zot:4    | Noticed Parghit
 59087 | Zot:4    | 59087 ||| INVOKING Heroism.
 59088 | Zot:4    | 59088 ||| INVOKING Finesse.
 59103 | Zot:4    | 59103 ||| Stepping ~*~*~tactically~*~*~ (hiding).
 59104 | Zot:4    | 59104 ||| Stepping ~*~*~tactically~*~*~ (hiding).
 59139 | Zot:4    | 59139 ||| INVOKING Finesse.
 59154 | Zot:4    | 59154 ||| Stepping ~*~*~tactically~*~*~ (hiding).
 59168 | Zot:4    | Killed Parghit
 59226 | Zot:4    | 59226 ||| Stepping ~*~*~tactically~*~*~ (hiding).
 59230 | Zot:4    | 59230 ||| Stepping ~*~*~tactically~*~*~ (hiding).
 59254 | Zot:4    | 59254 ||| Stepping ~*~*~tactically~*~*~ (stealth).
 59302 | Zot:4    | 59302 ||| Stepping ~*~*~tactically~*~*~ (stealth).
 59304 | Zot:4    | 59304 ||| Stepping ~*~*~tactically~*~*~ (hiding).
 59305 | Zot:4    | 59305 ||| Stepping ~*~*~tactically~*~*~ (hiding).
 59307 | Zot:4    | 59307 ||| INVOKING Heroism.
 59318 | Zot:4    | Reached skill level 15 in Dodging
 59373 | Zot:4    | 59373 ||| INVOKING Heroism.
 59630 | Zot:4    | 59630 ||| INVOKING Heroism.
 59688 | Zot:4    | Identified the +3 chain mail "Fyokki Etre" {rC+} (Okawaru
                  | gifted it to you on level 4 of the Realm of Zot)
 59688 | Zot:4    | Received a gift from Okawaru
 59698 | Zot:4    | 59698 ||| INVOKING Heroism.
 60092 | Zot:4    | 60092 ||| Stepping ~*~*~tactically~*~*~ (hiding).
 60093 | Zot:4    | 60093 ||| Stepping ~*~*~tactically~*~*~ (hiding).
 60229 | Zot:5    | Entered Level 5 of the Realm of Zot
 60340 | Zot:5    | 60340 ||| INVOKING Heroism.
 60355 | Zot:5    | Noticed an orb of fire
 60355 | Zot:5    | 60355 ||| INVOKING Finesse.
 60355 | Zot:5    | Noticed an orb of fire
 60356 | Zot:5    | 60356 ||| INVOKING Finesse.
 60356 | Zot:5    | Gained mutation: Armour fits poorly on your strangely
                  | shaped body. [an orb of fire]
 60358 | Zot:5    | Noticed an ancient lich
 60365 | Zot:5    | Gained mutation: Your body sometimes deteriorates upon
                  | taking damage. [an orb of fire]
 60369 | Zot:5    | Killed an orb of fire
 60377 | Zot:5    | Gained mutation: You are clumsy. (Dex -2) [an orb of fire]
 60386 | Zot:5    | Killed an orb of fire
 60397 | Zot:5    | Killed an ancient lich
 60420 | Zot:5    | Noticed a Killer Klown
 60421 | Zot:5    | 60421 ||| INVOKING Heroism.
 60440 | Zot:5    | 60440 ||| INVOKING Finesse.
 60449 | Zot:5    | Killed a Killer Klown
 60450 | Zot:5    | 60450 ||| DRINKING 5 potions of mutation.
 60450 | Zot:5    | Lost mutation: You are clumsy. (Dex -2) [potion of
                  | mutation]
 60450 | Zot:5    | Lost mutation: Armour fits poorly on your strangely shaped
                  | body. [potion of mutation]
 60450 | Zot:5    | Lost mutation: Your body sometimes deteriorates upon taking
                  | damage. [potion of mutation]
 60450 | Zot:5    | Gained mutation: A frigid envelope surrounds you and
                  | freezes all who hurt you. [potion of mutation]
 60450 | Zot:5    | Gained mutation: Armour fits poorly on your strangely
                  | shaped body. [potion of mutation]
 60450 | Zot:5    | Gained mutation: You are agile. (Dex +4, Str/Int -1)
                  | [potion of mutation]
 60451 | Zot:5    | 60451 ||| DRINKING 4 potions of mutation.
 60451 | Zot:5    | Lost mutation: You are agile. (Dex +4, Str/Int -1) [potion
                  | of mutation]
 60451 | Zot:5    | Lost mutation: A frigid envelope surrounds you and freezes
                  | all who hurt you. [potion of mutation]
 60451 | Zot:5    | Gained mutation: Your flesh is cold resistant. (rC+)
                  | [potion of mutation]
 60451 | Zot:5    | Gained mutation: Your spells are a little harder to cast,
                  | but a little more powerful. [potion of mutation]
 60452 | Zot:5    | 60452 ||| DRINKING 3 potions of mutation.
 60452 | Zot:5    | Lost mutation: Your spells are a little harder to cast, but
                  | a little more powerful. [potion of mutation]
 60452 | Zot:5    | Lost mutation: Armour fits poorly on your strangely shaped
                  | body. [potion of mutation]
 60452 | Zot:5    | Gained mutation: You have a pair of small horns on your
                  | head. [potion of mutation]
 60456 | Zot:5    | 60456 ||| Stepping ~*~*~tactically~*~*~ (stealth).
 60462 | Zot:5    | 60462 ||| Stepping ~*~*~tactically~*~*~ (stealth).
 60468 | Zot:5    | 60468 ||| Stepping ~*~*~tactically~*~*~ (hiding).
 60494 | Zot:5    | 60494 ||| Stepping ~*~*~tactically~*~*~ (hiding).
 60499 | Zot:5    | 60499 ||| INVOKING Heroism.
 60613 | Zot:5    | 60613 ||| INVOKING Heroism.
 60648 | Zot:5    | Noticed an orb of fire
 60649 | Zot:5    | 60649 ||| INVOKING Finesse.
 60659 | Zot:5    | 60659 ||| INVOKING Heroism.
 60659 | Zot:5    | Noticed a dread lich
 60665 | Zot:5    | Gained mutation: Your spells are a little easier to cast,
                  | but a little less powerful. [an orb of fire]
 60667 | Zot:5    | Killed an orb of fire
 60667 | Zot:5    | Identified the +3 chain mail of the Moon Troll {Fly Will+}
                  | (Okawaru gifted it to you on level 5 of the Realm of Zot)
 60667 | Zot:5    | Received a gift from Okawaru
 60676 | Zot:5    | Killed a dread lich
 60694 | Zot:5    | Noticed a dread lich
 60715 | Zot:5    | Killed a dread lich
 60743 | Zot:5    | Noticed an ancient lich
 60744 | Zot:5    | 60744 ||| INVOKING Heroism.
 60745 | Zot:5    | 60745 ||| INVOKING Finesse.
 60759 | Zot:5    | Killed an ancient lich
 60826 | Zot:5    | 60826 ||| INVOKING Heroism.
 60827 | Zot:5    | Noticed a dread lich
 60829 | Zot:5    | Noticed a Killer Klown
 60830 | Zot:5    | 60830 ||| INVOKING Finesse.
 60846 | Zot:5    | Paralysed by something for 5 turns
 60852 | Zot:5    | 60852 ||| DRINKING 13 potions of curing.
 60852 | Zot:5    | 60852 ||| (to cure confusion)
 60853 | Zot:5    | 60853 ||| DRINKING 12 potions of curing.
 60853 | Zot:5    | 60853 ||| (to cure confusion)
 60862 | Zot:5    | Killed a dread lich
 60863 | Zot:5    | Reached XP level 27. HP: 110/190 MP: 27/30
 60865 | Zot:5    | Noticed an ancient lich
 60875 | Zot:5    | Killed an ancient lich
 61091 | Zot:5    | 61091 ||| INVOKING Heroism.
 61140 | Zot:5    | 61140 ||| INVOKING Heroism.
 61339 | Zot:5    | 61339 ||| INVOKING Heroism.
 61366 | Zot:5    | 61366 ||| INVOKING Finesse.
 61368 | Zot:5    | 61368 ||| INVOKING Heroism.
 61664 | Zot:5    | 61664 ||| PLANNING CONVERSION TO THE SHINING ONE
 61872 | Depths:1 | 61872 ||| INVOKING Heroism.
 61890 | Depths:1 | Fell from the grace of Okawaru
 61890 | Depths:1 | Became a worshipper of the Shining One
 61891 | Depths:1 | 61891 ||| PLANNING CRYPT
 61891 | Depths:1 | 61891 ||| SWAPPING to +10 broad axe of Kagot {vorpal,
                  | Will++ Int-5}.
 61892 | Depths:1 | 61892 ||| UPGRADING to +6 gold dragon scales.
 61902 | Depths:1 | 61902 ||| DROPPING +2 helmet of see invisible.
 61903 | Depths:1 | 61903 ||| UPGRADING to +2 cloak.
 61913 | Depths:1 | 61913 ||| DROPPING +0 helmet of Gozag's Castigation {rN+
                  | Regen+ Str+2 Int+4}.
 61914 | Depths:1 | 61914 ||| READING 5 scrolls of enchant armour.
 61914 | Depths:1 | 61914 ||| ENCHANTING +6 gold dragon scales.
 61915 | Depths:1 | 61915 ||| READING 4 scrolls of enchant armour.
 61915 | Depths:1 | 61915 ||| ENCHANTING +7 gold dragon scales.
 61916 | Depths:1 | 61916 ||| DROPPING +8 plate armour "Riumaf" {Str+2}.
 61917 | Depths:1 | 61917 ||| DROPPING +8 chain mail of Purpose {rN+ rCorr
                  | SInv}.
 61918 | Depths:1 | 61918 ||| READING 3 scrolls of enchant armour.
 61918 | Depths:1 | 61918 ||| ENCHANTING +8 gold dragon scales.
 61919 | Depths:1 | 61919 ||| READING 2 scrolls of enchant armour.
 61919 | Depths:1 | 61919 ||| ENCHANTING +9 gold dragon scales.
 61920 | Depths:1 | 61920 ||| READING scroll of enchant armour.
 61920 | Depths:1 | 61920 ||| ENCHANTING +10 gold dragon scales.
 61921 | Depths:1 | 61921 ||| UPGRADING to +4 ring of protection.
 61923 | Depths:1 | 61923 ||| UPGRADING to +4 ring of evasion.
 61925 | Depths:1 | 61925 ||| UPGRADING to +0 cloak "Ybuaptal" {rF++ Str-3
                  | Dex+4}.
 62167 | Crypt:1  | Entered Level 1 of the Crypt
 62178 | Crypt:1  | Paralysed by something for 3 turns
 62229 | Crypt:1  | Reached * piety under the Shining One
 62357 | Crypt:1  | Identified the ring of Ogroleam {AC+4 Str-5 Slay+5 SInv}
 62362 | Crypt:1  | 62362 ||| Stepping ~*~*~tactically~*~*~ (hiding).
 62364 | Crypt:1  | 62364 ||| Stepping ~*~*~tactically~*~*~ (hiding).
 62538 | Crypt:1  | 62538 ||| READING scroll of enchant armour.
 62538 | Crypt:1  | 62538 ||| ENCHANTING +11 gold dragon scales.
 62554 | Crypt:1  | 62554 ||| Stepping ~*~*~tactically~*~*~ (stealth).
 62601 | Crypt:1  | Reached ** piety under the Shining One
 62607 | Crypt:1  | 62607 ||| Stepping ~*~*~tactically~*~*~ (hiding).
 62815 | Crypt:1  | 62815 ||| Stepping ~*~*~tactically~*~*~ (stealth).
 62817 | Crypt:1  | 62817 ||| Stepping ~*~*~tactically~*~*~ (hiding).
 62829 | Crypt:1  | 62829 ||| Stepping ~*~*~tactically~*~*~ (hiding).
 62858 | Crypt:1  | Reached *** piety under the Shining One
 62859 | Crypt:1  | 62859 ||| Stepping ~*~*~tactically~*~*~ (stealth).
 62894 | Crypt:1  | 62894 ||| Stepping ~*~*~tactically~*~*~ (hiding).
 62903 | Crypt:1  | 62903 ||| Stepping ~*~*~tactically~*~*~ (hiding).
 62904 | Crypt:1  | 62904 ||| Stepping ~*~*~tactically~*~*~ (hiding).
 62905 | Crypt:1  | 62905 ||| Stepping ~*~*~tactically~*~*~ (hiding).
 63141 | Crypt:1  | 63141 ||| UPGRADING to ring of Ogroleam {AC+4 Str-5 Slay+5
                  | SInv}.
 63143 | Crypt:1  | 63143 ||| DROPPING +4 ring of protection.
 63167 | Crypt:2  | Reached skill level 12 in Invocations
 63174 | Crypt:2  | Reached **** piety under the Shining One
 63199 | Crypt:2  | 63199 ||| Stepping ~*~*~tactically~*~*~ (stealth).
 63200 | Crypt:2  | 63200 ||| Stepping ~*~*~tactically~*~*~ (stealth).
 63217 | Crypt:2  | 63217 ||| Stepping ~*~*~tactically~*~*~ (hiding).
 63248 | Crypt:2  | 63248 ||| Stepping ~*~*~tactically~*~*~ (stealth).
 63380 | Crypt:2  | 63380 ||| Stepping ~*~*~tactically~*~*~ (hiding).
 63390 | Crypt:2  | 63390 ||| Stepping randomly (cloudy).
 63391 | Crypt:2  | 63391 ||| Stepping randomly (cloudy).
 63395 | Crypt:2  | 63395 ||| READING 16 scrolls of teleportation.
 63414 | Crypt:2  | 63414 ||| Stepping ~*~*~tactically~*~*~ (stealth).
 63559 | Crypt:2  | Reached ***** piety under the Shining One
 63855 | Crypt:2  | 63855 ||| Stepping ~*~*~tactically~*~*~ (hiding).
 63969 | Crypt:2  | 63969 ||| Stepping ~*~*~tactically~*~*~ (hiding).
 63970 | Crypt:2  | 63970 ||| Stepping ~*~*~tactically~*~*~ (hiding).
 63971 | Crypt:2  | 63971 ||| Stepping ~*~*~tactically~*~*~ (hiding).
 63972 | Crypt:2  | 63972 ||| Stepping ~*~*~tactically~*~*~ (hiding).
 64131 | Crypt:2  | 64131 ||| Stepping ~*~*~tactically~*~*~ (stealth).
 64284 | Crypt:3  | Entered Level 3 of the Crypt
 64287 | Crypt:3  | 64287 ||| STAIRDANCE
 64522 | Crypt:3  | Reached ****** piety under the Shining One
 64531 | Crypt:3  | 64531 ||| Stepping ~*~*~tactically~*~*~ (stealth).
 64532 | Crypt:3  | 64532 ||| INVOKING Brand Weapon With Holy Wrath.
 64532 | Crypt:3  | Identified a +9 broad axe of holy wrath (a +9 vampiric
                  | broad axe blessed by the Shining One)
 64532 | Crypt:3  | Received a gift from the Shining One
 64855 | Crypt:3  | Found an ancient bone altar of Kikubaaqudgha.
 64856 | Crypt:3  | 64856 ||| Stepping ~*~*~tactically~*~*~ (hiding).
 65140 | Crypt:3  | Reached skill level 15 in Invocations
 65358 | Crypt:3  | Noticed Jory
 65361 | Crypt:3  | Found a staircase to the Tomb.
 65378 | Crypt:3  | Killed Jory
 65461 | Crypt:3  | 65461 ||| INVOKING Summon Divine Warrior.
 65467 | Crypt:3  | 65467 ||| INVOKING Cleansing Flame.
 65541 | Crypt:3  | Identified the ring "Qattupsepp" {Str-4 Int+7 Dex+6}
 65687 | Crypt:3  | 65687 ||| DROPPING amulet of guardian spirit.
 65688 | Crypt:3  | 65688 ||| DROPPING ring "Qattupsepp" {Str-4 Int+7 Dex+6}.
 65803 | Crypt:2  | Found a basalt altar of Yredelemnul.
 65815 | Crypt:2  | 65815 ||| PLANNING TOMB
 65815 | Crypt:2  | 65815 ||| SWAPPING to +9 broad axe of holy wrath.
 65897 | Tomb:1   | Entered Level 1 of the Tomb of the Ancients
 65904 | Tomb:1   | 65904 ||| INVOKING Cleansing Flame.
 65975 | Tomb:1   | 65975 ||| INVOKING Summon Divine Warrior.
 65988 | Tomb:1   | HP: 48/192 [frost giant/+2 battleaxe of freezing[the fury
                  | of Okawaru] (1)]
 65989 | Tomb:1   | 65989 ||| READING 15 scrolls of teleportation.
 65989 | Tomb:1   | HP: 14/192 [stone giant[the fury of Okawaru] (12)]
 65990 | Tomb:1   | 65990 ||| DRINKING 9 potions of heal wounds.
 65991 | Tomb:1   | 65991 ||| DRINKING 8 potions of heal wounds.
 66016 | Tomb:1   | 66016 ||| INVOKING Summon Divine Warrior.
 66350 | Tomb:1   | 66350 ||| READING scroll of acquirement.
 66350 | Tomb:1   | 66350 ||| ACQUIRING +1 hat "Qaciboqo" {Int+2 Dex+6}
 66350 | Tomb:1   | Acquired the +1 hat "Qaciboqo" {Int+2 Dex+6}
 66352 | Tomb:1   | 66352 ||| UPGRADING to +1 hat "Qaciboqo" {Int+2 Dex+6}.
 66407 | Tomb:1   | Paralysed by a sphinx for 4 turns
 66538 | Tomb:1   | Paralysed by a sphinx for 5 turns
 66543 | Tomb:1   | 66543 ||| DRINKING 13 potions of curing.
 66543 | Tomb:1   | 66543 ||| (to cure confusion)
 66544 | Tomb:1   | 66544 ||| DRINKING 12 potions of curing.
 66544 | Tomb:1   | 66544 ||| (to cure confusion)
 66547 | Tomb:1   | Paralysed by a sphinx for 2 turns
 66554 | Tomb:1   | Paralysed by a sphinx for 5 turns
 66559 | Tomb:1   | 66559 ||| INVOKING Cleansing Flame.
 66560 | Tomb:1   | 66560 ||| INVOKING Summon Divine Warrior.
 66569 | Tomb:1   | 66569 ||| INVOKING Cleansing Flame.
 66570 | Tomb:1   | Identified the +2 robe of Quha Ach {Harm rElec rC+ Dex+2}
 66570 | Tomb:1   | 66570 ||| INVOKING Cleansing Flame.
 66573 | Tomb:1   | 66573 ||| INVOKING Cleansing Flame.
 66578 | Tomb:1   | 66578 ||| INVOKING Cleansing Flame.
 66580 | Tomb:1   | Noticed a royal mummy
 66583 | Tomb:1   | 66583 ||| INVOKING Cleansing Flame.
 66587 | Tomb:1   | Killed a royal mummy
 66598 | Tomb:1   | Was forgiven by Okawaru
 66816 | Tomb:1   | Noticed a royal mummy
 66817 | Tomb:1   | 66817 ||| INVOKING Summon Divine Warrior.
 66822 | Tomb:1   | Killed a royal mummy
 67006 | Tomb:1   | 67006 ||| INVOKING Cleansing Flame.
 67191 | Tomb:1   | 67191 ||| Stepping ~*~*~tactically~*~*~ (hiding).
 67194 | Tomb:1   | 67194 ||| Stepping ~*~*~tactically~*~*~ (hiding).
 67195 | Tomb:1   | 67195 ||| Stepping ~*~*~tactically~*~*~ (hiding).
 67196 | Tomb:1   | 67196 ||| Stepping ~*~*~tactically~*~*~ (hiding).
 67538 | Tomb:2   | 67538 ||| DRINKING 11 potions of haste.
 67538 | Tomb:2   | Noticed a royal mummy
 67538 | Tomb:2   | Noticed a royal mummy
 67539 | Tomb:2   | 67539 ||| DRINKING 11 potions of attraction.
 67540 | Tomb:2   | 67540 ||| INVOKING Cleansing Flame.
 67540 | Tomb:2   | Noticed a royal mummy
 67540 | Tomb:2   | Noticed a royal mummy
 67541 | Tomb:2   | 67541 ||| INVOKING Cleansing Flame.
 67542 | Tomb:2   | 67542 ||| INVOKING Cleansing Flame.
 67543 | Tomb:2   | 67543 ||| INVOKING Cleansing Flame.
 67544 | Tomb:2   | 67544 ||| INVOKING Cleansing Flame.
 67545 | Tomb:2   | Reached skill level 18 in Invocations
 67545 | Tomb:2   | 67545 ||| INVOKING Cleansing Flame.
 67546 | Tomb:2   | 67546 ||| INVOKING Cleansing Flame.
 67546 | Tomb:2   | Killed a royal mummy
 67546 | Tomb:2   | Killed a royal mummy
 67546 | Tomb:2   | Killed a royal mummy
 67547 | Tomb:2   | 67547 ||| INVOKING Cleansing Flame.
 67548 | Tomb:2   | 67548 ||| INVOKING Cleansing Flame.
 67548 | Tomb:2   | Killed a royal mummy
 67609 | Tomb:2   | 67609 ||| Stepping ~*~*~tactically~*~*~ (hiding).
 67617 | Tomb:2   | 67617 ||| INVOKING Cleansing Flame.
 67619 | Tomb:2   | 67619 ||| INVOKING Cleansing Flame.
 67620 | Tomb:2   | 67620 ||| INVOKING Cleansing Flame.
 67621 | Tomb:2   | 67621 ||| INVOKING Cleansing Flame.
 67634 | Tomb:2   | 67634 ||| INVOKING Cleansing Flame.
 67800 | Tomb:2   | 67800 ||| Stepping ~*~*~tactically~*~*~ (stealth).
 67830 | Tomb:2   | 67830 ||| Stepping ~*~*~tactically~*~*~ (stealth).
 67832 | Tomb:2   | 67832 ||| Stepping ~*~*~tactically~*~*~ (stealth).
 68067 | Tomb:1   | 68067 ||| INVOKING Cleansing Flame.
 68068 | Tomb:1   | 68068 ||| INVOKING Cleansing Flame.
 68084 | Tomb:1   | Noticed a royal mummy
 68085 | Tomb:1   | 68085 ||| INVOKING Cleansing Flame.
 68086 | Tomb:1   | 68086 ||| INVOKING Summon Divine Warrior.
 68089 | Tomb:1   | Killed a royal mummy
 68092 | Tomb:1   | Noticed a royal mummy
 68099 | Tomb:1   | Noticed a royal mummy
 68100 | Tomb:1   | Killed a royal mummy
 68105 | Tomb:1   | Killed a royal mummy
 68114 | Tomb:1   | Noticed a royal mummy
 68116 | Tomb:1   | Noticed a royal mummy
 68117 | Tomb:1   | 68117 ||| INVOKING Cleansing Flame.
 68118 | Tomb:1   | 68118 ||| INVOKING Cleansing Flame.
 68119 | Tomb:1   | 68119 ||| INVOKING Cleansing Flame.
 68119 | Tomb:1   | Killed a royal mummy
 68123 | Tomb:1   | Killed a royal mummy
 68156 | Tomb:1   | Noticed a royal mummy
 68162 | Tomb:1   | Killed a royal mummy
 68163 | Tomb:1   | Reached skill level 21 in Invocations
 68280 | Tomb:1   | Noticed a royal mummy
 68288 | Tomb:1   | 68288 ||| INVOKING Cleansing Flame.
 68289 | Tomb:1   | 68289 ||| INVOKING Cleansing Flame.
 68291 | Tomb:1   | Killed a royal mummy
 68395 | Tomb:1   | Noticed a royal mummy
 68397 | Tomb:1   | Noticed a royal mummy
 68404 | Tomb:1   | 68404 ||| INVOKING Cleansing Flame.
 68405 | Tomb:1   | 68405 ||| INVOKING Cleansing Flame.
 68410 | Tomb:1   | 68410 ||| INVOKING Summon Divine Warrior.
 68412 | Tomb:1   | 68412 ||| INVOKING Cleansing Flame.
 68413 | Tomb:1   | 68413 ||| INVOKING Cleansing Flame.
 68414 | Tomb:1   | 68414 ||| INVOKING Cleansing Flame.
 68414 | Tomb:1   | Killed a royal mummy
 68417 | Tomb:1   | Killed a royal mummy
 68561 | Tomb:1   | Noticed a royal mummy
 68566 | Tomb:1   | 68566 ||| INVOKING Cleansing Flame.
 68567 | Tomb:1   | 68567 ||| INVOKING Cleansing Flame.
 68649 | Tomb:1   | 68649 ||| INVOKING Summon Divine Warrior.
 68652 | Tomb:1   | 68652 ||| INVOKING Cleansing Flame.
 68653 | Tomb:1   | Killed a royal mummy
 68666 | Tomb:1   | Noticed a royal mummy
 68672 | Tomb:1   | 68672 ||| INVOKING Cleansing Flame.
 68673 | Tomb:1   | 68673 ||| INVOKING Cleansing Flame.
 68674 | Tomb:1   | 68674 ||| INVOKING Cleansing Flame.
 68675 | Tomb:1   | 68675 ||| INVOKING Cleansing Flame.
 68675 | Tomb:1   | Killed a royal mummy
 69128 | Tomb:1   | Paralysed by a Zot trap for 3 turns
 69188 | Tomb:2   | 69188 ||| INVOKING Cleansing Flame.
 69189 | Tomb:2   | 69189 ||| INVOKING Cleansing Flame.
 69206 | Tomb:2   | 69206 ||| INVOKING Cleansing Flame.
 69207 | Tomb:2   | 69207 ||| INVOKING Cleansing Flame.
 69211 | Tomb:2   | 69211 ||| INVOKING Cleansing Flame.
 69212 | Tomb:2   | 69212 ||| INVOKING Cleansing Flame.
 69213 | Tomb:2   | 69213 ||| INVOKING Cleansing Flame.
 69455 | Tomb:3   | Entered Level 3 of the Tomb of the Ancients
 69456 | Tomb:3   | 69456 ||| DRINKING 10 potions of haste.
 69457 | Tomb:3   | 69457 ||| DRINKING 10 potions of attraction.
 69465 | Tomb:3   | 69465 ||| INVOKING Cleansing Flame.
 69466 | Tomb:3   | 69466 ||| INVOKING Cleansing Flame.
 69469 | Tomb:3   | 69469 ||| INVOKING Cleansing Flame.
 69470 | Tomb:3   | 69470 ||| INVOKING Cleansing Flame.
 69470 | Tomb:3   | Noticed Boris
 69471 | Tomb:3   | 69471 ||| INVOKING Summon Divine Warrior.
 69474 | Tomb:3   | 69474 ||| INVOKING Cleansing Flame.
 69475 | Tomb:3   | 69475 ||| INVOKING Cleansing Flame.
 69477 | Tomb:3   | 69477 ||| INVOKING Cleansing Flame.
 69477 | Tomb:3   | Killed Boris
 69478 | Tomb:3   | 69478 ||| INVOKING Cleansing Flame.
 69482 | Tomb:3   | Noticed a royal mummy
 69485 | Tomb:3   | 69485 ||| INVOKING Cleansing Flame.
 69485 | Tomb:3   | Noticed a royal mummy
 69487 | Tomb:3   | Noticed a royal mummy
 69490 | Tomb:3   | 69490 ||| INVOKING Cleansing Flame.
 69491 | Tomb:3   | Reached skill level 24 in Invocations
 69491 | Tomb:3   | 69491 ||| INVOKING Cleansing Flame.
 69491 | Tomb:3   | Killed a royal mummy
 69493 | Tomb:3   | Killed a royal mummy
 69496 | Tomb:3   | 69496 ||| INVOKING Cleansing Flame.
 69497 | Tomb:3   | 69497 ||| INVOKING Cleansing Flame.
 69497 | Tomb:3   | Killed a royal mummy
 69522 | Tomb:3   | Noticed a royal mummy
 69526 | Tomb:3   | 69526 ||| INVOKING Cleansing Flame.
 69527 | Tomb:3   | 69527 ||| INVOKING Cleansing Flame.
 69527 | Tomb:3   | Killed a royal mummy
 69527 | Tomb:3   | Noticed a royal mummy
 69530 | Tomb:3   | 69530 ||| INVOKING Cleansing Flame.
 69532 | Tomb:3   | Killed a royal mummy
 69532 | Tomb:3   | Noticed a royal mummy
 69532 | Tomb:3   | Noticed a royal mummy
 69535 | Tomb:3   | Noticed a royal mummy
 69535 | Tomb:3   | Noticed a royal mummy
 69538 | Tomb:3   | Killed a royal mummy
 69542 | Tomb:3   | Killed a royal mummy
 69546 | Tomb:3   | Killed a royal mummy
 69546 | Tomb:3   | HP: 32/192 [something (20)]
 69547 | Tomb:3   | 69547 ||| READING 16 scrolls of teleportation.
 69548 | Tomb:3   | 69548 ||| DRINKING 7 potions of heal wounds.
 69548 | Tomb:3   | Killed a royal mummy
 69878 | Tomb:3   | Identified the +6 scale mail "Fedgh" {*Slow rF- rC+++
                  | Regen+}
 69884 | Tomb:3   | Identified the +3 leather armour of the Miller {Dex+7}
 69911 | Tomb:3   | Identified the +6 short sword "Lyfiofaj" {freeze, rF+}
 69914 | Tomb:3   | Identified the +10 flail "Impbane" {vorpal, Will+}
 69915 | Tomb:3   | Identified the +2 short sword "Buigueci" {vorpal, rElec
                  | Str+4 Stlth-}
 70348 | Tomb:3   | Got a golden rune of Zot
 70379 | Tomb:3   | 70379 ||| PLANNING ZIG
 70379 | Tomb:3   | 70379 ||| SWAPPING to +10 broad axe of Kagot {vorpal,
                  | Will++ Int-5}.
 70380 | Tomb:3   | 70380 ||| DROPPING ring of ice.
 70872 | Depths:2 | 70872 ||| READING 15 scrolls of teleportation.
 70873 | Depths:2 | 70873 ||| STAIRDANCE
 70908 | Depths:2 | 70908 ||| READING 14 scrolls of teleportation.
 70909 | Depths:2 | 70909 ||| STAIRDANCE
 70919 | Depths:2 | 70919 ||| READING 13 scrolls of teleportation.
 70920 | Depths:2 | 70920 ||| STAIRDANCE
 70927 | Depths:2 | 70927 ||| READING 12 scrolls of teleportation.
 70928 | Depths:2 | 70928 ||| STAIRDANCE
 70942 | Depths:2 | 70942 ||| READING 11 scrolls of teleportation.
 70943 | Depths:2 | 70943 ||| STAIRDANCE
 70950 | Depths:2 | 70950 ||| READING 10 scrolls of teleportation.
 70951 | Depths:2 | 70951 ||| STAIRDANCE
 70958 | Depths:2 | 70958 ||| READING 9 scrolls of teleportation.
 70959 | Depths:2 | 70959 ||| STAIRDANCE
 70972 | Depths:2 | 70972 ||| READING 8 scrolls of teleportation.
 70973 | Depths:2 | 70973 ||| STAIRDANCE
 71001 | Depths:2 | 71001 ||| READING 7 scrolls of teleportation.
 71002 | Depths:2 | 71002 ||| STAIRDANCE
 71021 | Depths:2 | 71021 ||| READING 6 scrolls of teleportation.
 71022 | Depths:2 | 71022 ||| STAIRDANCE
 71049 | Depths:2 | 71049 ||| READING 5 scrolls of teleportation.
 71050 | Depths:2 | 71050 ||| STAIRDANCE
 71061 | Depths:2 | 71061 ||| READING 4 scrolls of teleportation.
 71062 | Depths:2 | 71062 ||| STAIRDANCE
 71086 | Depths:2 | 71086 ||| READING 3 scrolls of teleportation.
 71087 | Depths:2 | 71087 ||| STAIRDANCE
 71127 | Depths:2 | 71127 ||| READING 2 scrolls of teleportation.
 71128 | Depths:2 | 71128 ||| STAIRDANCE
 71169 | Depths:2 | 71169 ||| READING scroll of teleportation.
 71170 | Depths:2 | 71170 ||| STAIRDANCE
 71186 | Depths:2 | 71186 ||| Stepping randomly (stuck).
 71187 | Depths:2 | 71187 ||| Stepping randomly (stuck).
 71188 | Depths:2 | 71188 ||| Stepping randomly (stuck).
 71189 | Depths:2 | 71189 ||| Stepping randomly (stuck).
 71190 | Depths:2 | 71190 ||| Stepping randomly (stuck).
 71191 | Depths:2 | 71191 ||| Stepping randomly (stuck).
 71192 | Depths:2 | 71192 ||| Stepping randomly (stuck).
 71193 | Depths:2 | 71193 ||| Stepping randomly (stuck).
 71194 | Depths:2 | 71194 ||| Stepping randomly (stuck).
 71195 | Depths:2 | 71195 ||| Stepping randomly (stuck).
 71196 | Depths:2 | 71196 ||| Stepping randomly (stuck).
 71197 | Depths:2 | 71197 ||| Stepping randomly (stuck).
 71198 | Depths:2 | 71198 ||| Stepping randomly (stuck).
 71199 | Depths:2 | 71199 ||| Stepping randomly (stuck).
 71200 | Depths:2 | 71200 ||| Stepping randomly (stuck).
 71201 | Depths:2 | 71201 ||| Stepping randomly (stuck).
 71202 | Depths:2 | 71202 ||| Stepping randomly (stuck).
 71203 | Depths:2 | 71203 ||| Stepping randomly (stuck).
 71204 | Depths:2 | 71204 ||| Stepping randomly (stuck).
 71205 | Depths:2 | 71205 ||| Stepping randomly (stuck).
 71206 | Depths:2 | 71206 ||| Stepping randomly (stuck).
 71207 | Depths:2 | 71207 ||| Stepping randomly (stuck).
 71208 | Depths:2 | 71208 ||| Stepping randomly (stuck).
 71209 | Depths:2 | 71209 ||| Stepping randomly (stuck).
 71210 | Depths:2 | 71210 ||| Stepping randomly (stuck).
 71211 | Depths:2 | 71211 ||| Stepping randomly (stuck).
 71212 | Depths:2 | 71212 ||| Stepping randomly (stuck).
 71213 | Depths:2 | 71213 ||| Stepping randomly (stuck).
 71214 | Depths:2 | 71214 ||| Stepping randomly (stuck).
 71215 | Depths:2 | 71215 ||| Stepping randomly (stuck).
 71216 | Depths:2 | 71216 ||| Stepping randomly (stuck).
 71217 | Depths:2 | 71217 ||| Stepping randomly (stuck).
 71218 | Depths:2 | 71218 ||| Stepping randomly (stuck).
 71219 | Depths:2 | 71219 ||| Stepping randomly (stuck).
 71220 | Depths:2 | 71220 ||| Stepping randomly (stuck).
 71221 | Depths:2 | 71221 ||| Stepping randomly (stuck).
 71222 | Depths:2 | 71222 ||| Stepping randomly (stuck).
 71223 | Depths:2 | 71223 ||| Stepping randomly (stuck).
 71224 | Depths:2 | 71224 ||| Stepping randomly (stuck).
 71225 | Depths:2 | 71225 ||| Stepping randomly (stuck).
 71226 | Depths:2 | 71226 ||| Stepping randomly (stuck).
 71227 | Depths:2 | 71227 ||| Stepping randomly (stuck).
 71228 | Depths:2 | 71228 ||| Stepping randomly (stuck).
 71229 | Depths:2 | 71229 ||| Stepping randomly (stuck).
 71230 | Depths:2 | 71230 ||| Stepping randomly (stuck).
 71231 | Depths:2 | 71231 ||| Stepping randomly (stuck).
 71232 | Depths:2 | 71232 ||| Stepping randomly (stuck).
 71233 | Depths:2 | 71233 ||| Stepping randomly (stuck).
 71234 | Depths:2 | 71234 ||| Stepping randomly (stuck).
 71235 | Depths:2 | 71235 ||| Stepping randomly (stuck).
 71236 | Depths:2 | 71236 ||| Stepping randomly (stuck).
 71237 | Depths:2 | 71237 ||| Stepping randomly (stuck).
 71238 | Depths:2 | 71238 ||| Stepping randomly (stuck).
 71239 | Depths:2 | 71239 ||| Stepping randomly (stuck).
 71240 | Depths:2 | 71240 ||| Stepping randomly (stuck).
 71241 | Depths:2 | 71241 ||| Stepping randomly (stuck).
 71242 | Depths:2 | 71242 ||| Stepping randomly (stuck).
 71243 | Depths:2 | 71243 ||| Stepping randomly (stuck).
 71244 | Depths:2 | 71244 ||| Stepping randomly (stuck).
 71245 | Depths:2 | 71245 ||| Stepping randomly (stuck).
 71246 | Depths:2 | 71246 ||| Stepping randomly (stuck).
 71247 | Depths:2 | 71247 ||| Stepping randomly (stuck).
 71248 | Depths:2 | 71248 ||| Stepping randomly (stuck).
 71249 | Depths:2 | 71249 ||| Stepping randomly (stuck).
 71250 | Depths:2 | 71250 ||| Stepping randomly (stuck).
 71251 | Depths:2 | 71251 ||| Stepping randomly (stuck).
 71252 | Depths:2 | 71252 ||| Stepping randomly (stuck).
 71253 | Depths:2 | 71253 ||| Stepping randomly (stuck).
 71254 | Depths:2 | 71254 ||| Stepping randomly (stuck).
 71255 | Depths:2 | 71255 ||| Stepping randomly (stuck).
 71256 | Depths:2 | 71256 ||| Stepping randomly (stuck).
 71257 | Depths:2 | 71257 ||| Stepping randomly (stuck).
 71258 | Depths:2 | 71258 ||| Stepping randomly (stuck).
 71259 | Depths:2 | 71259 ||| Stepping randomly (stuck).
 71260 | Depths:2 | 71260 ||| Stepping randomly (stuck).
 71261 | Depths:2 | 71261 ||| Stepping randomly (stuck).
 71262 | Depths:2 | 71262 ||| Stepping randomly (stuck).
 71263 | Depths:2 | 71263 ||| Stepping randomly (stuck).
 71264 | Depths:2 | 71264 ||| Stepping randomly (stuck).
 71265 | Depths:2 | 71265 ||| Stepping randomly (stuck).
 71266 | Depths:2 | 71266 ||| Stepping randomly (stuck).
 71267 | Depths:2 | 71267 ||| Stepping randomly (stuck).
 71268 | Depths:2 | 71268 ||| Stepping randomly (stuck).
 71269 | Depths:2 | 71269 ||| Stepping randomly (stuck).
 71270 | Depths:2 | 71270 ||| Stepping randomly (stuck).
 71271 | Depths:2 | 71271 ||| Stepping randomly (stuck).
 71272 | Depths:2 | 71272 ||| Stepping randomly (stuck).
 71273 | Depths:2 | 71273 ||| Stepping randomly (stuck).
 71274 | Depths:2 | 71274 ||| Stepping randomly (stuck).
 71275 | Depths:2 | 71275 ||| Stepping randomly (stuck).
 71276 | Depths:2 | 71276 ||| Stepping randomly (stuck).
 71277 | Depths:2 | 71277 ||| Stepping randomly (stuck).
 71278 | Depths:2 | 71278 ||| Stepping randomly (stuck).
 71279 | Depths:2 | 71279 ||| Stepping randomly (stuck).
 71280 | Depths:2 | 71280 ||| Stepping randomly (stuck).
 71281 | Depths:2 | 71281 ||| Stepping randomly (stuck).
 71282 | Depths:2 | 71282 ||| Stepping randomly (stuck).
 71283 | Depths:2 | 71283 ||| Stepping randomly (stuck).
 71284 | Depths:2 | 71284 ||| Stepping randomly (stuck).
 71285 | Depths:2 | 71285 ||| Stepping randomly (stuck).
 71286 | Depths:2 | 71286 ||| Stepping randomly (stuck).
 71287 | Depths:2 | 71287 ||| Stepping randomly (stuck).
 71288 | Depths:2 | 71288 ||| Stepping randomly (stuck).
 71289 | Depths:2 | 71289 ||| Stepping randomly (stuck).
 71290 | Depths:2 | 71290 ||| Stepping randomly (stuck).
 71291 | Depths:2 | 71291 ||| Stepping randomly (stuck).
 71292 | Depths:2 | 71292 ||| Stepping randomly (stuck).
 71293 | Depths:2 | 71293 ||| Stepping randomly (stuck).
 71294 | Depths:2 | 71294 ||| Stepping randomly (stuck).
 71295 | Depths:2 | 71295 ||| Stepping randomly (stuck).
 71296 | Depths:2 | 71296 ||| Stepping randomly (stuck).
 71297 | Depths:2 | 71297 ||| Stepping randomly (stuck).
 71298 | Depths:2 | 71298 ||| Stepping randomly (stuck).
 71299 | Depths:2 | 71299 ||| Stepping randomly (stuck).
 71300 | Depths:2 | 71300 ||| Stepping randomly (stuck).
 71301 | Depths:2 | 71301 ||| Stepping randomly (stuck).
 71302 | Depths:2 | 71302 ||| Stepping randomly (stuck).
 71303 | Depths:2 | 71303 ||| Stepping randomly (stuck).
 71304 | Depths:2 | 71304 ||| Stepping randomly (stuck).
 71305 | Depths:2 | 71305 ||| Stepping randomly (stuck).
 71306 | Depths:2 | 71306 ||| Stepping randomly (stuck).
 71307 | Depths:2 | 71307 ||| Stepping randomly (stuck).
 71308 | Depths:2 | 71308 ||| Stepping randomly (stuck).
 71309 | Depths:2 | 71309 ||| Stepping randomly (stuck).
 71310 | Depths:2 | 71310 ||| Stepping randomly (stuck).
 71311 | Depths:2 | 71311 ||| Stepping randomly (stuck).
 71312 | Depths:2 | 71312 ||| Stepping randomly (stuck).
 71313 | Depths:2 | 71313 ||| Stepping randomly (stuck).
 71314 | Depths:2 | 71314 ||| Stepping randomly (stuck).
 71315 | Depths:2 | 71315 ||| Stepping randomly (stuck).
 71316 | Depths:2 | 71316 ||| Stepping randomly (stuck).
 71317 | Depths:2 | 71317 ||| Stepping randomly (stuck).
 71318 | Depths:2 | 71318 ||| Stepping randomly (stuck).
 71319 | Depths:2 | 71319 ||| Stepping randomly (stuck).
 71320 | Depths:2 | 71320 ||| Stepping randomly (stuck).
 71321 | Depths:2 | 71321 ||| Stepping randomly (stuck).
 71322 | Depths:2 | 71322 ||| Stepping randomly (stuck).
 71323 | Depths:2 | 71323 ||| Stepping randomly (stuck).
 71324 | Depths:2 | 71324 ||| Stepping randomly (stuck).
 71325 | Depths:2 | 71325 ||| Stepping randomly (stuck).
 71326 | Depths:2 | 71326 ||| Stepping randomly (stuck).
 71327 | Depths:2 | 71327 ||| Stepping randomly (stuck).
 71328 | Depths:2 | 71328 ||| Stepping randomly (stuck).
 71329 | Depths:2 | 71329 ||| Stepping randomly (stuck).
 71330 | Depths:2 | 71330 ||| Stepping randomly (stuck).
 71331 | Depths:2 | 71331 ||| Stepping randomly (stuck).
 71332 | Depths:2 | 71332 ||| Stepping randomly (stuck).
 71333 | Depths:2 | 71333 ||| Stepping randomly (stuck).
 71334 | Depths:2 | 71334 ||| Stepping randomly (stuck).
 71335 | Depths:2 | 71335 ||| Stepping randomly (stuck).
 71336 | Depths:2 | 71336 ||| Stepping randomly (stuck).
 71337 | Depths:2 | 71337 ||| Stepping randomly (stuck).
 71338 | Depths:2 | 71338 ||| Stepping randomly (stuck).
 71339 | Depths:2 | 71339 ||| Stepping randomly (stuck).
 71340 | Depths:2 | 71340 ||| Stepping randomly (stuck).
 71341 | Depths:2 | 71341 ||| Stepping randomly (stuck).
 71342 | Depths:2 | 71342 ||| Stepping randomly (stuck).
 71343 | Depths:2 | 71343 ||| Stepping randomly (stuck).
 71344 | Depths:2 | 71344 ||| Stepping randomly (stuck).
 71345 | Depths:2 | 71345 ||| Stepping randomly (stuck).
 71346 | Depths:2 | 71346 ||| Stepping randomly (stuck).
 71347 | Depths:2 | 71347 ||| Stepping randomly (stuck).
 71348 | Depths:2 | 71348 ||| Stepping randomly (stuck).
 71349 | Depths:2 | 71349 ||| Stepping randomly (stuck).
 71350 | Depths:2 | 71350 ||| Stepping randomly (stuck).
 71351 | Depths:2 | 71351 ||| Stepping randomly (stuck).
 71352 | Depths:2 | 71352 ||| Stepping randomly (stuck).
 71353 | Depths:2 | 71353 ||| Stepping randomly (stuck).
 71354 | Depths:2 | 71354 ||| Stepping randomly (stuck).
 71355 | Depths:2 | 71355 ||| Stepping randomly (stuck).
 71356 | Depths:2 | 71356 ||| Stepping randomly (stuck).
 71357 | Depths:2 | 71357 ||| Stepping randomly (stuck).
 71358 | Depths:2 | 71358 ||| Stepping randomly (stuck).
 71359 | Depths:2 | 71359 ||| Stepping randomly (stuck).
 71360 | Depths:2 | 71360 ||| Stepping randomly (stuck).
 71361 | Depths:2 | 71361 ||| Stepping randomly (stuck).
 71362 | Depths:2 | 71362 ||| Stepping randomly (stuck).
 71363 | Depths:2 | 71363 ||| Stepping randomly (stuck).
 71364 | Depths:2 | 71364 ||| Stepping randomly (stuck).
 71365 | Depths:2 | 71365 ||| Stepping randomly (stuck).
 71366 | Depths:2 | 71366 ||| Stepping randomly (stuck).
 71367 | Depths:2 | 71367 ||| Stepping randomly (stuck).
 71368 | Depths:2 | 71368 ||| Stepping randomly (stuck).
 71369 | Depths:2 | 71369 ||| Stepping randomly (stuck).
 71370 | Depths:2 | 71370 ||| Stepping randomly (stuck).
 71371 | Depths:2 | 71371 ||| Stepping randomly (stuck).
 71372 | Depths:2 | 71372 ||| Stepping randomly (stuck).
 71373 | Depths:2 | 71373 ||| Stepping randomly (stuck).
 71374 | Depths:2 | 71374 ||| Stepping randomly (stuck).
 71375 | Depths:2 | 71375 ||| Stepping randomly (stuck).
 71376 | Depths:2 | 71376 ||| Stepping randomly (stuck).
 71377 | Depths:2 | 71377 ||| Stepping randomly (stuck).
 71378 | Depths:2 | 71378 ||| Stepping randomly (stuck).
 71379 | Depths:2 | 71379 ||| Stepping randomly (stuck).
 71380 | Depths:2 | 71380 ||| Stepping randomly (stuck).
 71381 | Depths:2 | 71381 ||| Stepping randomly (stuck).
 71382 | Depths:2 | 71382 ||| Stepping randomly (stuck).
 71383 | Depths:2 | 71383 ||| Stepping randomly (stuck).
 71384 | Depths:2 | 71384 ||| Stepping randomly (stuck).
 71385 | Depths:2 | 71385 ||| Stepping randomly (stuck).
 71386 | Depths:2 | 71386 ||| Stepping randomly (stuck).
 71387 | Depths:2 | 71387 ||| Stepping randomly (stuck).
 71388 | Depths:2 | 71388 ||| Stepping randomly (stuck).
 71389 | Depths:2 | 71389 ||| Stepping randomly (stuck).
 71390 | Depths:2 | 71390 ||| Stepping randomly (stuck).
 71391 | Depths:2 | 71391 ||| Stepping randomly (stuck).
 71392 | Depths:2 | 71392 ||| Stepping randomly (stuck).
 71393 | Depths:2 | 71393 ||| Stepping randomly (stuck).
 71394 | Depths:2 | 71394 ||| Stepping randomly (stuck).
 71395 | Depths:2 | 71395 ||| Stepping randomly (stuck).
 71396 | Depths:2 | 71396 ||| Stepping randomly (stuck).
 71397 | Depths:2 | 71397 ||| Stepping randomly (stuck).
 71398 | Depths:2 | 71398 ||| Stepping randomly (stuck).
 71399 | Depths:2 | 71399 ||| Stepping randomly (stuck).
 71400 | Depths:2 | 71400 ||| Stepping randomly (stuck).
 71401 | Depths:2 | 71401 ||| Stepping randomly (stuck).
 71402 | Depths:2 | 71402 ||| Stepping randomly (stuck).
 71403 | Depths:2 | 71403 ||| Stepping randomly (stuck).
 71404 | Depths:2 | 71404 ||| Stepping randomly (stuck).
 71405 | Depths:2 | 71405 ||| Stepping randomly (stuck).
 71406 | Depths:2 | 71406 ||| Stepping randomly (stuck).
 71407 | Depths:2 | 71407 ||| Stepping randomly (stuck).
 71408 | Depths:2 | 71408 ||| Stepping randomly (stuck).
 71409 | Depths:2 | 71409 ||| Stepping randomly (stuck).
 71410 | Depths:2 | 71410 ||| Stepping randomly (stuck).
 71411 | Depths:2 | 71411 ||| Stepping randomly (stuck).
 71412 | Depths:2 | 71412 ||| Stepping randomly (stuck).
 71413 | Depths:2 | 71413 ||| Stepping randomly (stuck).
 71414 | Depths:2 | 71414 ||| Stepping randomly (stuck).
 71415 | Depths:2 | 71415 ||| Stepping randomly (stuck).
 71416 | Depths:2 | 71416 ||| Stepping randomly (stuck).
 71417 | Depths:2 | 71417 ||| Stepping randomly (stuck).
 71418 | Depths:2 | 71418 ||| Stepping randomly (stuck).
 71419 | Depths:2 | 71419 ||| Stepping randomly (stuck).
 71420 | Depths:2 | 71420 ||| Stepping randomly (stuck).
 71421 | Depths:2 | 71421 ||| Stepping randomly (stuck).
 71422 | Depths:2 | 71422 ||| Stepping randomly (stuck).
 71423 | Depths:2 | 71423 ||| Stepping randomly (stuck).
 71424 | Depths:2 | 71424 ||| Stepping randomly (stuck).
 71425 | Depths:2 | 71425 ||| Stepping randomly (stuck).
 71426 | Depths:2 | 71426 ||| Stepping randomly (stuck).
 71427 | Depths:2 | 71427 ||| Stepping randomly (stuck).
 71428 | Depths:2 | 71428 ||| Stepping randomly (stuck).
 71429 | Depths:2 | 71429 ||| Stepping randomly (stuck).
 71430 | Depths:2 | 71430 ||| Stepping randomly (stuck).
 71431 | Depths:2 | 71431 ||| Stepping randomly (stuck).
 71432 | Depths:2 | 71432 ||| Stepping randomly (stuck).
 71433 | Depths:2 | 71433 ||| Stepping randomly (stuck).
 71434 | Depths:2 | 71434 ||| Stepping randomly (stuck).
 71435 | Depths:2 | 71435 ||| Stepping randomly (stuck).
 71436 | Depths:2 | 71436 ||| Stepping randomly (stuck).
 71437 | Depths:2 | 71437 ||| Stepping randomly (stuck).
 71438 | Depths:2 | 71438 ||| Stepping randomly (stuck).
 71439 | Depths:2 | 71439 ||| Stepping randomly (stuck).
 71440 | Depths:2 | 71440 ||| Stepping randomly (stuck).
 71441 | Depths:2 | 71441 ||| Stepping randomly (stuck).
 71442 | Depths:2 | 71442 ||| Stepping randomly (stuck).
 71443 | Depths:2 | 71443 ||| Stepping randomly (stuck).
 71444 | Depths:2 | 71444 ||| Stepping randomly (stuck).
 71445 | Depths:2 | 71445 ||| Stepping randomly (stuck).
 71446 | Depths:2 | 71446 ||| Stepping randomly (stuck).
 71447 | Depths:2 | 71447 ||| Stepping randomly (stuck).
 71448 | Depths:2 | 71448 ||| Stepping randomly (stuck).
 71449 | Depths:2 | 71449 ||| Stepping randomly (stuck).
 71450 | Depths:2 | 71450 ||| Stepping randomly (stuck).
 71451 | Depths:2 | 71451 ||| Stepping randomly (stuck).
 71452 | Depths:2 | 71452 ||| Stepping randomly (stuck).
 71453 | Depths:2 | 71453 ||| Stepping randomly (stuck).
 71454 | Depths:2 | 71454 ||| Stepping randomly (stuck).
 71455 | Depths:2 | 71455 ||| Stepping randomly (stuck).
 71456 | Depths:2 | 71456 ||| Stepping randomly (stuck).
 71457 | Depths:2 | 71457 ||| Stepping randomly (stuck).
 71458 | Depths:2 | 71458 ||| Stepping randomly (stuck).
 71459 | Depths:2 | 71459 ||| Stepping randomly (stuck).
 71460 | Depths:2 | 71460 ||| Stepping randomly (stuck).
 71461 | Depths:2 | 71461 ||| Stepping randomly (stuck).
 71462 | Depths:2 | 71462 ||| Stepping randomly (stuck).
 71463 | Depths:2 | 71463 ||| Stepping randomly (stuck).
 71464 | Depths:2 | 71464 ||| Stepping randomly (stuck).
 71465 | Depths:2 | 71465 ||| Stepping randomly (stuck).
 71466 | Depths:2 | 71466 ||| Stepping randomly (stuck).
 71467 | Depths:2 | 71467 ||| Stepping randomly (stuck).
 71468 | Depths:2 | 71468 ||| Stepping randomly (stuck).
 71469 | Depths:2 | 71469 ||| Stepping randomly (stuck).
 71470 | Depths:2 | 71470 ||| Stepping randomly (stuck).
 71471 | Depths:2 | 71471 ||| Stepping randomly (stuck).
 71472 | Depths:2 | 71472 ||| Stepping randomly (stuck).
 71473 | Depths:2 | 71473 ||| Stepping randomly (stuck).
 71474 | Depths:2 | 71474 ||| Stepping randomly (stuck).
 71475 | Depths:2 | 71475 ||| Stepping randomly (stuck).
 71476 | Depths:2 | 71476 ||| Stepping randomly (stuck).
 71477 | Depths:2 | 71477 ||| Stepping randomly (stuck).
 71478 | Depths:2 | 71478 ||| Stepping randomly (stuck).
 71479 | Depths:2 | 71479 ||| Stepping randomly (stuck).
 71480 | Depths:2 | 71480 ||| Stepping randomly (stuck).
 71481 | Depths:2 | 71481 ||| Stepping randomly (stuck).
 71482 | Depths:2 | 71482 ||| Stepping randomly (stuck).
 71483 | Depths:2 | 71483 ||| Stepping randomly (stuck).
 71484 | Depths:2 | 71484 ||| Stepping randomly (stuck).
 71485 | Depths:2 | 71485 ||| Stepping randomly (stuck).
 71486 | Depths:2 | 71486 ||| Stepping randomly (stuck).
 71487 | Depths:2 | 71487 ||| Stepping randomly (stuck).
 71488 | Depths:2 | 71488 ||| Stepping randomly (stuck).
 71489 | Depths:2 | 71489 ||| Stepping randomly (stuck).
 71490 | Depths:2 | 71490 ||| Stepping randomly (stuck).
 71491 | Depths:2 | 71491 ||| Stepping randomly (stuck).
 71492 | Depths:2 | 71492 ||| Stepping randomly (stuck).
 71493 | Depths:2 | 71493 ||| Stepping randomly (stuck).
 71494 | Depths:2 | 71494 ||| Stepping randomly (stuck).
 71495 | Depths:2 | 71495 ||| Stepping randomly (stuck).
 71496 | Depths:2 | 71496 ||| Stepping randomly (stuck).
 71497 | Depths:2 | 71497 ||| Stepping randomly (stuck).
 71498 | Depths:2 | 71498 ||| Stepping randomly (stuck).
 71499 | Depths:2 | 71499 ||| Stepping randomly (stuck).
 71500 | Depths:2 | 71500 ||| Stepping randomly (stuck).
 71501 | Depths:2 | 71501 ||| Stepping randomly (stuck).
 71502 | Depths:2 | 71502 ||| Stepping randomly (stuck).
 71503 | Depths:2 | 71503 ||| Stepping randomly (stuck).
 71504 | Depths:2 | 71504 ||| Stepping randomly (stuck).
 71505 | Depths:2 | 71505 ||| Stepping randomly (stuck).
 71506 | Depths:2 | 71506 ||| Stepping randomly (stuck).
 71507 | Depths:2 | 71507 ||| Stepping randomly (stuck).
 71508 | Depths:2 | 71508 ||| Stepping randomly (stuck).
 71509 | Depths:2 | 71509 ||| Stepping randomly (stuck).
 71510 | Depths:2 | 71510 ||| Stepping randomly (stuck).
 71511 | Depths:2 | 71511 ||| Stepping randomly (stuck).
 71512 | Depths:2 | 71512 ||| Stepping randomly (stuck).
 71513 | Depths:2 | 71513 ||| Stepping randomly (stuck).
 71514 | Depths:2 | 71514 ||| Stepping randomly (stuck).
 71515 | Depths:2 | 71515 ||| Stepping randomly (stuck).
 71516 | Depths:2 | 71516 ||| Stepping randomly (stuck).
 71517 | Depths:2 | 71517 ||| Stepping randomly (stuck).
 71518 | Depths:2 | 71518 ||| Stepping randomly (stuck).
 71519 | Depths:2 | 71519 ||| Stepping randomly (stuck).
 71520 | Depths:2 | 71520 ||| Stepping randomly (stuck).
 71521 | Depths:2 | 71521 ||| Stepping randomly (stuck).
 71522 | Depths:2 | 71522 ||| Stepping randomly (stuck).
 71523 | Depths:2 | 71523 ||| Stepping randomly (stuck).
 71524 | Depths:2 | 71524 ||| Stepping randomly (stuck).
 71525 | Depths:2 | 71525 ||| Stepping randomly (stuck).
 71526 | Depths:2 | 71526 ||| Stepping randomly (stuck).
 71527 | Depths:2 | 71527 ||| Stepping randomly (stuck).
 71528 | Depths:2 | 71528 ||| Stepping randomly (stuck).
 71529 | Depths:2 | 71529 ||| Stepping randomly (stuck).
 71530 | Depths:2 | 71530 ||| Stepping randomly (stuck).
 71531 | Depths:2 | 71531 ||| Stepping randomly (stuck).
 71532 | Depths:2 | 71532 ||| Stepping randomly (stuck).
 71533 | Depths:2 | 71533 ||| Stepping randomly (stuck).
 71534 | Depths:2 | 71534 ||| Stepping randomly (stuck).
 71535 | Depths:2 | 71535 ||| Stepping randomly (stuck).
 71536 | Depths:2 | 71536 ||| Stepping randomly (stuck).
 71537 | Depths:2 | 71537 ||| Stepping randomly (stuck).
 71538 | Depths:2 | 71538 ||| Stepping randomly (stuck).
 71539 | Depths:2 | 71539 ||| Stepping randomly (stuck).
 71540 | Depths:2 | 71540 ||| Stepping randomly (stuck).
 71541 | Depths:2 | 71541 ||| Stepping randomly (stuck).
 71542 | Depths:2 | 71542 ||| Stepping randomly (stuck).
 71543 | Depths:2 | 71543 ||| Stepping randomly (stuck).
 71544 | Depths:2 | 71544 ||| Stepping randomly (stuck).
 71545 | Depths:2 | 71545 ||| Stepping randomly (stuck).
 71546 | Depths:2 | 71546 ||| Stepping randomly (stuck).
 71547 | Depths:2 | 71547 ||| Stepping randomly (stuck).
 71548 | Depths:2 | 71548 ||| Stepping randomly (stuck).
 71549 | Depths:2 | 71549 ||| Stepping randomly (stuck).
 71550 | Depths:2 | 71550 ||| Stepping randomly (stuck).
 71551 | Depths:2 | 71551 ||| Stepping randomly (stuck).
 71552 | Depths:2 | 71552 ||| Stepping randomly (stuck).
 71553 | Depths:2 | 71553 ||| Stepping randomly (stuck).
 71554 | Depths:2 | 71554 ||| Stepping randomly (stuck).
 71555 | Depths:2 | 71555 ||| Stepping randomly (stuck).
 71556 | Depths:2 | 71556 ||| Stepping randomly (stuck).
 71557 | Depths:2 | 71557 ||| Stepping randomly (stuck).
 71558 | Depths:2 | 71558 ||| Stepping randomly (stuck).
 71559 | Depths:2 | 71559 ||| Stepping randomly (stuck).
 71560 | Depths:2 | 71560 ||| Stepping randomly (stuck).
 71561 | Depths:2 | 71561 ||| Stepping randomly (stuck).
 71562 | Depths:2 | 71562 ||| Stepping randomly (stuck).
 71563 | Depths:2 | 71563 ||| Stepping randomly (stuck).
 71564 | Depths:2 | 71564 ||| Stepping randomly (stuck).
 71565 | Depths:2 | 71565 ||| Stepping randomly (stuck).
 71566 | Depths:2 | 71566 ||| Stepping randomly (stuck).
 71567 | Depths:2 | 71567 ||| Stepping randomly (stuck).
 71568 | Depths:2 | 71568 ||| Stepping randomly (stuck).
 71569 | Depths:2 | 71569 ||| Stepping randomly (stuck).
 71570 | Depths:2 | 71570 ||| Stepping randomly (stuck).
 71571 | Depths:2 | 71571 ||| Stepping randomly (stuck).
 71572 | Depths:2 | 71572 ||| Stepping randomly (stuck).
 71573 | Depths:2 | 71573 ||| Stepping randomly (stuck).
 71574 | Depths:2 | 71574 ||| Stepping randomly (stuck).
 71575 | Depths:2 | 71575 ||| Stepping randomly (stuck).
 71576 | Depths:2 | 71576 ||| Stepping randomly (stuck).
 71577 | Depths:2 | 71577 ||| Stepping randomly (stuck).
 71578 | Depths:2 | 71578 ||| Stepping randomly (stuck).
 71579 | Depths:2 | 71579 ||| Stepping randomly (stuck).
 71580 | Depths:2 | 71580 ||| Stepping randomly (stuck).
 71581 | Depths:2 | 71581 ||| Stepping randomly (stuck).
 71582 | Depths:2 | 71582 ||| Stepping randomly (stuck).
 71583 | Depths:2 | 71583 ||| Stepping randomly (stuck).
 71584 | Depths:2 | 71584 ||| Stepping randomly (stuck).
 71585 | Depths:2 | 71585 ||| Stepping randomly (stuck).
 71586 | Depths:2 | 71586 ||| Stepping randomly (stuck).
 71587 | Depths:2 | 71587 ||| Stepping randomly (stuck).
 71588 | Depths:2 | 71588 ||| Stepping randomly (stuck).
 71589 | Depths:2 | 71589 ||| Stepping randomly (stuck).
 71590 | Depths:2 | 71590 ||| Stepping randomly (stuck).
 71591 | Depths:2 | 71591 ||| Stepping randomly (stuck).
 71592 | Depths:2 | 71592 ||| Stepping randomly (stuck).
 71593 | Depths:2 | 71593 ||| Stepping randomly (stuck).
 71594 | Depths:2 | 71594 ||| Stepping randomly (stuck).
 71595 | Depths:2 | 71595 ||| Stepping randomly (stuck).
 71596 | Depths:2 | 71596 ||| Stepping randomly (stuck).
 71597 | Depths:2 | 71597 ||| Stepping randomly (stuck).
 71598 | Depths:2 | 71598 ||| Stepping randomly (stuck).
 71599 | Depths:2 | 71599 ||| Stepping randomly (stuck).
 71600 | Depths:2 | 71600 ||| Stepping randomly (stuck).
 71601 | Depths:2 | 71601 ||| Stepping randomly (stuck).
 71602 | Depths:2 | 71602 ||| Stepping randomly (stuck).
 71603 | Depths:2 | 71603 ||| Stepping randomly (stuck).
 71604 | Depths:2 | 71604 ||| Stepping randomly (stuck).
 71605 | Depths:2 | 71605 ||| Stepping randomly (stuck).
 71606 | Depths:2 | 71606 ||| Stepping randomly (stuck).
 71607 | Depths:2 | 71607 ||| Stepping randomly (stuck).
 71608 | Depths:2 | 71608 ||| Stepping randomly (stuck).
 71609 | Depths:2 | 71609 ||| Stepping randomly (stuck).
 71610 | Depths:2 | 71610 ||| Stepping randomly (stuck).
 71611 | Depths:2 | 71611 ||| Stepping randomly (stuck).
 71612 | Depths:2 | 71612 ||| Stepping randomly (stuck).
 71613 | Depths:2 | 71613 ||| Stepping randomly (stuck).
 71614 | Depths:2 | 71614 ||| Stepping randomly (stuck).
 71615 | Depths:2 | 71615 ||| Stepping randomly (stuck).
 71616 | Depths:2 | 71616 ||| Stepping randomly (stuck).
 71617 | Depths:2 | 71617 ||| Stepping randomly (stuck).
 71618 | Depths:2 | 71618 ||| Stepping randomly (stuck).
 71619 | Depths:2 | 71619 ||| Stepping randomly (stuck).
 71620 | Depths:2 | 71620 ||| Stepping randomly (stuck).
 71621 | Depths:2 | 71621 ||| Stepping randomly (stuck).
 71622 | Depths:2 | 71622 ||| Stepping randomly (stuck).
 71623 | Depths:2 | 71623 ||| Stepping randomly (stuck).
 71624 | Depths:2 | 71624 ||| Stepping randomly (stuck).
 71625 | Depths:2 | 71625 ||| Stepping randomly (stuck).
 71626 | Depths:2 | 71626 ||| Stepping randomly (stuck).
 71627 | Depths:2 | 71627 ||| Stepping randomly (stuck).
 71628 | Depths:2 | 71628 ||| Stepping randomly (stuck).
 71629 | Depths:2 | 71629 ||| Stepping randomly (stuck).
 71630 | Depths:2 | 71630 ||| Stepping randomly (stuck).
 71631 | Depths:2 | 71631 ||| Stepping randomly (stuck).
 71632 | Depths:2 | 71632 ||| Stepping randomly (stuck).
 71633 | Depths:2 | 71633 ||| Stepping randomly (stuck).
 71634 | Depths:2 | 71634 ||| Stepping randomly (stuck).
 71635 | Depths:2 | 71635 ||| Stepping randomly (stuck).
 71636 | Depths:2 | 71636 ||| Stepping randomly (stuck).
 71637 | Depths:2 | 71637 ||| Stepping randomly (stuck).
 71638 | Depths:2 | 71638 ||| Stepping randomly (stuck).
 71639 | Depths:2 | 71639 ||| Stepping randomly (stuck).
 71640 | Depths:2 | 71640 ||| Stepping randomly (stuck).
 71641 | Depths:2 | 71641 ||| Stepping randomly (stuck).
 71642 | Depths:2 | 71642 ||| Stepping randomly (stuck).
 71643 | Depths:2 | 71643 ||| Stepping randomly (stuck).
 71644 | Depths:2 | 71644 ||| Stepping randomly (stuck).
 71645 | Depths:2 | 71645 ||| Stepping randomly (stuck).
 71646 | Depths:2 | 71646 ||| Stepping randomly (stuck).
 71647 | Depths:2 | 71647 ||| Stepping randomly (stuck).
 71648 | Depths:2 | 71648 ||| Stepping randomly (stuck).
 71649 | Depths:2 | 71649 ||| Stepping randomly (stuck).
 71650 | Depths:2 | 71650 ||| Stepping randomly (stuck).
 71651 | Depths:2 | 71651 ||| Stepping randomly (stuck).
 71652 | Depths:2 | 71652 ||| Stepping randomly (stuck).
 71653 | Depths:2 | 71653 ||| Stepping randomly (stuck).
 71654 | Depths:2 | 71654 ||| Stepping randomly (stuck).
 71655 | Depths:2 | 71655 ||| Stepping randomly (stuck).
 71656 | Depths:2 | 71656 ||| Stepping randomly (stuck).
 71657 | Depths:2 | 71657 ||| Stepping randomly (stuck).
 71658 | Depths:2 | 71658 ||| Stepping randomly (stuck).
 71659 | Depths:2 | 71659 ||| Stepping randomly (stuck).
 71660 | Depths:2 | 71660 ||| Stepping randomly (stuck).
 71661 | Depths:2 | 71661 ||| Stepping randomly (stuck).
 71662 | Depths:2 | 71662 ||| Stepping randomly (stuck).
 71663 | Depths:2 | 71663 ||| Stepping randomly (stuck).
 71664 | Depths:2 | 71664 ||| Stepping randomly (stuck).
 71665 | Depths:2 | 71665 ||| Stepping randomly (stuck).
 71666 | Depths:2 | 71666 ||| Stepping randomly (stuck).
 71667 | Depths:2 | 71667 ||| Stepping randomly (stuck).
 71668 | Depths:2 | 71668 ||| Stepping randomly (stuck).
 71669 | Depths:2 | 71669 ||| Stepping randomly (stuck).
 71670 | Depths:2 | 71670 ||| Stepping randomly (stuck).
 71671 | Depths:2 | 71671 ||| Stepping randomly (stuck).
 71672 | Depths:2 | 71672 ||| Stepping randomly (stuck).
 71673 | Depths:2 | 71673 ||| Stepping randomly (stuck).
 71674 | Depths:2 | 71674 ||| Stepping randomly (stuck).
 71675 | Depths:2 | 71675 ||| Stepping randomly (stuck).
 71676 | Depths:2 | 71676 ||| Stepping randomly (stuck).
 71677 | Depths:2 | 71677 ||| Stepping randomly (stuck).
 71678 | Depths:2 | 71678 ||| Stepping randomly (stuck).
 71679 | Depths:2 | 71679 ||| Stepping randomly (stuck).
 71680 | Depths:2 | 71680 ||| Stepping randomly (stuck).
 71681 | Depths:2 | 71681 ||| Stepping randomly (stuck).
 71682 | Depths:2 | 71682 ||| Stepping randomly (stuck).
 71683 | Depths:2 | 71683 ||| Stepping randomly (stuck).
 71684 | Depths:2 | 71684 ||| Stepping randomly (stuck).
 71685 | Depths:2 | 71685 ||| Stepping randomly (stuck).
 71686 | Depths:2 | 71686 ||| Stepping randomly (stuck).
 71687 | Depths:2 | 71687 ||| Stepping randomly (stuck).
 71688 | Depths:2 | 71688 ||| Stepping randomly (stuck).
 71689 | Depths:2 | 71689 ||| Stepping randomly (stuck).
 71690 | Depths:2 | 71690 ||| Stepping randomly (stuck).
 71691 | Depths:2 | 71691 ||| Stepping randomly (stuck).
 71692 | Depths:2 | 71692 ||| Stepping randomly (stuck).
 71693 | Depths:2 | 71693 ||| Stepping randomly (stuck).
 71694 | Depths:2 | 71694 ||| Stepping randomly (stuck).
 71695 | Depths:2 | 71695 ||| Stepping randomly (stuck).
 71696 | Depths:2 | 71696 ||| Stepping randomly (stuck).
 71697 | Depths:2 | 71697 ||| Stepping randomly (stuck).
 71698 | Depths:2 | 71698 ||| Stepping randomly (stuck).
 71699 | Depths:2 | 71699 ||| Stepping randomly (stuck).
 71700 | Depths:2 | 71700 ||| Stepping randomly (stuck).
 71701 | Depths:2 | 71701 ||| Stepping randomly (stuck).
 71702 | Depths:2 | 71702 ||| Stepping randomly (stuck).
 71703 | Depths:2 | 71703 ||| Stepping randomly (stuck).
 71704 | Depths:2 | 71704 ||| Stepping randomly (stuck).
 71705 | Depths:2 | 71705 ||| Stepping randomly (stuck).
 71706 | Depths:2 | 71706 ||| Stepping randomly (stuck).
 71707 | Depths:2 | 71707 ||| Stepping randomly (stuck).
 71708 | Depths:2 | 71708 ||| Stepping randomly (stuck).
 71709 | Depths:2 | 71709 ||| Stepping randomly (stuck).
 71710 | Depths:2 | 71710 ||| Stepping randomly (stuck).
 71711 | Depths:2 | 71711 ||| Stepping randomly (stuck).
 71712 | Depths:2 | 71712 ||| Stepping randomly (stuck).
 71713 | Depths:2 | 71713 ||| Stepping randomly (stuck).
 71714 | Depths:2 | 71714 ||| Stepping randomly (stuck).
 71715 | Depths:2 | 71715 ||| Stepping randomly (stuck).
 71716 | Depths:2 | 71716 ||| Stepping randomly (stuck).
 71717 | Depths:2 | 71717 ||| Stepping randomly (stuck).
 71718 | Depths:2 | 71718 ||| Stepping randomly (stuck).
 71719 | Depths:2 | 71719 ||| Stepping randomly (stuck).
 71720 | Depths:2 | 71720 ||| Stepping randomly (stuck).
 71721 | Depths:2 | 71721 ||| Stepping randomly (stuck).
 71722 | Depths:2 | 71722 ||| Stepping randomly (stuck).
 71723 | Depths:2 | 71723 ||| Stepping randomly (stuck).
 71724 | Depths:2 | 71724 ||| Stepping randomly (stuck).
 71725 | Depths:2 | 71725 ||| Stepping randomly (stuck).
 71726 | Depths:2 | 71726 ||| Stepping randomly (stuck).
 71727 | Depths:2 | 71727 ||| Stepping randomly (stuck).
 71728 | Depths:2 | 71728 ||| Stepping randomly (stuck).
 71729 | Depths:2 | 71729 ||| Stepping randomly (stuck).
 71730 | Depths:2 | 71730 ||| Stepping randomly (stuck).
 71731 | Depths:2 | 71731 ||| Stepping randomly (stuck).
 71732 | Depths:2 | 71732 ||| Stepping randomly (stuck).
 71733 | Depths:2 | 71733 ||| Stepping randomly (stuck).
 71734 | Depths:2 | 71734 ||| Stepping randomly (stuck).
 71735 | Depths:2 | 71735 ||| Stepping randomly (stuck).
 71736 | Depths:2 | 71736 ||| Stepping randomly (stuck).
 71737 | Depths:2 | 71737 ||| Stepping randomly (stuck).
 71738 | Depths:2 | 71738 ||| Stepping randomly (stuck).
 71739 | Depths:2 | 71739 ||| Stepping randomly (stuck).
 71740 | Depths:2 | 71740 ||| Stepping randomly (stuck).
 71741 | Depths:2 | 71741 ||| Stepping randomly (stuck).
 71742 | Depths:2 | 71742 ||| Stepping randomly (stuck).
 71743 | Depths:2 | 71743 ||| Stepping randomly (stuck).
 71744 | Depths:2 | 71744 ||| Stepping randomly (stuck).
 71745 | Depths:2 | 71745 ||| Stepping randomly (stuck).
 71746 | Depths:2 | 71746 ||| Stepping randomly (stuck).
 71747 | Depths:2 | 71747 ||| Stepping randomly (stuck).
 71748 | Depths:2 | 71748 ||| Stepping randomly (stuck).
 71749 | Depths:2 | 71749 ||| Stepping randomly (stuck).
 71750 | Depths:2 | 71750 ||| Stepping randomly (stuck).
 71751 | Depths:2 | 71751 ||| Stepping randomly (stuck).
 71752 | Depths:2 | 71752 ||| Stepping randomly (stuck).
 71753 | Depths:2 | 71753 ||| Stepping randomly (stuck).
 71754 | Depths:2 | 71754 ||| Stepping randomly (stuck).
 71755 | Depths:2 | 71755 ||| Stepping randomly (stuck).
 71756 | Depths:2 | 71756 ||| Stepping randomly (stuck).
 71757 | Depths:2 | 71757 ||| Stepping randomly (stuck).
 71758 | Depths:2 | 71758 ||| Stepping randomly (stuck).
 71759 | Depths:2 | 71759 ||| Stepping randomly (stuck).
 71760 | Depths:2 | 71760 ||| Stepping randomly (stuck).
 71761 | Depths:2 | 71761 ||| Stepping randomly (stuck).
 71762 | Depths:2 | 71762 ||| Stepping randomly (stuck).
 71763 | Depths:2 | 71763 ||| Stepping randomly (stuck).
 71764 | Depths:2 | 71764 ||| Stepping randomly (stuck).
 71765 | Depths:2 | 71765 ||| Stepping randomly (stuck).
 71766 | Depths:2 | 71766 ||| Stepping randomly (stuck).
 71767 | Depths:2 | 71767 ||| Stepping randomly (stuck).
 71768 | Depths:2 | 71768 ||| Stepping randomly (stuck).
 71769 | Depths:2 | 71769 ||| Stepping randomly (stuck).
 71770 | Depths:2 | 71770 ||| Stepping randomly (stuck).
 71771 | Depths:2 | 71771 ||| Stepping randomly (stuck).
 71772 | Depths:2 | 71772 ||| Stepping randomly (stuck).
 71773 | Depths:2 | 71773 ||| Stepping randomly (stuck).
 71774 | Depths:2 | 71774 ||| Stepping randomly (stuck).
 71775 | Depths:2 | 71775 ||| Stepping randomly (stuck).
 71776 | Depths:2 | 71776 ||| Stepping randomly (stuck).
 71777 | Depths:2 | 71777 ||| Stepping randomly (stuck).
 71778 | Depths:2 | 71778 ||| Stepping randomly (stuck).
 71779 | Depths:2 | 71779 ||| Stepping randomly (stuck).
 71780 | Depths:2 | 71780 ||| Stepping randomly (stuck).
 71781 | Depths:2 | 71781 ||| Stepping randomly (stuck).
 71782 | Depths:2 | 71782 ||| Stepping randomly (stuck).
 71783 | Depths:2 | 71783 ||| Stepping randomly (stuck).
 71784 | Depths:2 | 71784 ||| Stepping randomly (stuck).
 71785 | Depths:2 | 71785 ||| Stepping randomly (stuck).
 71786 | Depths:2 | 71786 ||| Stepping randomly (stuck).
 71787 | Depths:2 | 71787 ||| Stepping randomly (stuck).
 71788 | Depths:2 | 71788 ||| Stepping randomly (stuck).
 71789 | Depths:2 | 71789 ||| Stepping randomly (stuck).
 71790 | Depths:2 | 71790 ||| Stepping randomly (stuck).
 71791 | Depths:2 | 71791 ||| Stepping randomly (stuck).
 71792 | Depths:2 | 71792 ||| Stepping randomly (stuck).
 71793 | Depths:2 | 71793 ||| Stepping randomly (stuck).
 71794 | Depths:2 | 71794 ||| Stepping randomly (stuck).
 71795 | Depths:2 | 71795 ||| Stepping randomly (stuck).
 71796 | Depths:2 | 71796 ||| Stepping randomly (stuck).
 71797 | Depths:2 | 71797 ||| Stepping randomly (stuck).
 71798 | Depths:2 | 71798 ||| Stepping randomly (stuck).
 71799 | Depths:2 | 71799 ||| Stepping randomly (stuck).
 71800 | Depths:2 | 71800 ||| Stepping randomly (stuck).
 71801 | Depths:2 | 71801 ||| Stepping randomly (stuck).
 71802 | Depths:2 | 71802 ||| Stepping randomly (stuck).
 71803 | Depths:2 | 71803 ||| Stepping randomly (stuck).
 71804 | Depths:2 | 71804 ||| Stepping randomly (stuck).
 71805 | Depths:2 | 71805 ||| Stepping randomly (stuck).
 71806 | Depths:2 | 71806 ||| Stepping randomly (stuck).
 71807 | Depths:2 | 71807 ||| Stepping randomly (stuck).
 71808 | Depths:2 | 71808 ||| Stepping randomly (stuck).
 71809 | Depths:2 | 71809 ||| Stepping randomly (stuck).
 71810 | Depths:2 | 71810 ||| Stepping randomly (stuck).
 71811 | Depths:2 | 71811 ||| Stepping randomly (stuck).
 71812 | Depths:2 | 71812 ||| Stepping randomly (stuck).
 71813 | Depths:2 | 71813 ||| Stepping randomly (stuck).
 71814 | Depths:2 | 71814 ||| Stepping randomly (stuck).
 71815 | Depths:2 | 71815 ||| Stepping randomly (stuck).
 71816 | Depths:2 | 71816 ||| Stepping randomly (stuck).
 71817 | Depths:2 | 71817 ||| Stepping randomly (stuck).
 71818 | Depths:2 | 71818 ||| Stepping randomly (stuck).
 71819 | Depths:2 | 71819 ||| Stepping randomly (stuck).
 71820 | Depths:2 | 71820 ||| Stepping randomly (stuck).
 71821 | Depths:2 | 71821 ||| Stepping randomly (stuck).
 71822 | Depths:2 | 71822 ||| Stepping randomly (stuck).
 71823 | Depths:2 | 71823 ||| Stepping randomly (stuck).
 71824 | Depths:2 | 71824 ||| Stepping randomly (stuck).
 71825 | Depths:2 | 71825 ||| Stepping randomly (stuck).
 71826 | Depths:2 | 71826 ||| Stepping randomly (stuck).
 71827 | Depths:2 | 71827 ||| Stepping randomly (stuck).
 71828 | Depths:2 | 71828 ||| Stepping randomly (stuck).
 71829 | Depths:2 | 71829 ||| Stepping randomly (stuck).
 71830 | Depths:2 | 71830 ||| Stepping randomly (stuck).
 71831 | Depths:2 | 71831 ||| Stepping randomly (stuck).
 71832 | Depths:2 | 71832 ||| Stepping randomly (stuck).
 71833 | Depths:2 | 71833 ||| Stepping randomly (stuck).
 71834 | Depths:2 | 71834 ||| Stepping randomly (stuck).
 71835 | Depths:2 | 71835 ||| Stepping randomly (stuck).
 71836 | Depths:2 | 71836 ||| Stepping randomly (stuck).
 71837 | Depths:2 | 71837 ||| Stepping randomly (stuck).
 71838 | Depths:2 | 71838 ||| Stepping randomly (stuck).
 71839 | Depths:2 | 71839 ||| Stepping randomly (stuck).
 71840 | Depths:2 | 71840 ||| Stepping randomly (stuck).
 71841 | Depths:2 | 71841 ||| Stepping randomly (stuck).
 71842 | Depths:2 | 71842 ||| Stepping randomly (stuck).
 71843 | Depths:2 | 71843 ||| Stepping randomly (stuck).
 71844 | Depths:2 | 71844 ||| Stepping randomly (stuck).
 71845 | Depths:2 | 71845 ||| Stepping randomly (stuck).
 71846 | Depths:2 | 71846 ||| Stepping randomly (stuck).
 71847 | Depths:2 | 71847 ||| Stepping randomly (stuck).
 71848 | Depths:2 | 71848 ||| Stepping randomly (stuck).
 71849 | Depths:2 | 71849 ||| Stepping randomly (stuck).
 71850 | Depths:2 | 71850 ||| Stepping randomly (stuck).
 71851 | Depths:2 | 71851 ||| Stepping randomly (stuck).
 71852 | Depths:2 | 71852 ||| Stepping randomly (stuck).
 71853 | Depths:2 | 71853 ||| Stepping randomly (stuck).
 71854 | Depths:2 | 71854 ||| Stepping randomly (stuck).
 71855 | Depths:2 | 71855 ||| Stepping randomly (stuck).
 71856 | Depths:2 | 71856 ||| Stepping randomly (stuck).
 71857 | Depths:2 | 71857 ||| Stepping randomly (stuck).
 71858 | Depths:2 | 71858 ||| Stepping randomly (stuck).
 71859 | Depths:2 | 71859 ||| Stepping randomly (stuck).
 71860 | Depths:2 | 71860 ||| Stepping randomly (stuck).
 71861 | Depths:2 | 71861 ||| Stepping randomly (stuck).
 71862 | Depths:2 | 71862 ||| Stepping randomly (stuck).
 71863 | Depths:2 | 71863 ||| Stepping randomly (stuck).
 71864 | Depths:2 | 71864 ||| Stepping randomly (stuck).
 71865 | Depths:2 | 71865 ||| Stepping randomly (stuck).
 71866 | Depths:2 | 71866 ||| Stepping randomly (stuck).
 71867 | Depths:2 | 71867 ||| Stepping randomly (stuck).
 71868 | Depths:2 | 71868 ||| Stepping randomly (stuck).
 71869 | Depths:2 | 71869 ||| Stepping randomly (stuck).
 71870 | Depths:2 | 71870 ||| Stepping randomly (stuck).
 71871 | Depths:2 | 71871 ||| Stepping randomly (stuck).
 71872 | Depths:2 | 71872 ||| Stepping randomly (stuck).
 71873 | Depths:2 | 71873 ||| Stepping randomly (stuck).
 71874 | Depths:2 | 71874 ||| Stepping randomly (stuck).
 71875 | Depths:2 | 71875 ||| Stepping randomly (stuck).
 71876 | Depths:2 | 71876 ||| Stepping randomly (stuck).
 71877 | Depths:2 | 71877 ||| Stepping randomly (stuck).
 71878 | Depths:2 | 71878 ||| Stepping randomly (stuck).
 71879 | Depths:2 | 71879 ||| Stepping randomly (stuck).
 71880 | Depths:2 | 71880 ||| Stepping randomly (stuck).
 71881 | Depths:2 | 71881 ||| Stepping randomly (stuck).
 71882 | Depths:2 | 71882 ||| Stepping randomly (stuck).
 71883 | Depths:2 | 71883 ||| Stepping randomly (stuck).
 71884 | Depths:2 | 71884 ||| Stepping randomly (stuck).
 71885 | Depths:2 | 71885 ||| Stepping randomly (stuck).
 71886 | Depths:2 | 71886 ||| Stepping randomly (stuck).
 71887 | Depths:2 | 71887 ||| Stepping randomly (stuck).
 71888 | Depths:2 | 71888 ||| Stepping randomly (stuck).
 71889 | Depths:2 | 71889 ||| Stepping randomly (stuck).
 71890 | Depths:2 | 71890 ||| Stepping randomly (stuck).
 71891 | Depths:2 | 71891 ||| Stepping randomly (stuck).
 71892 | Depths:2 | 71892 ||| Stepping randomly (stuck).
 71893 | Depths:2 | 71893 ||| Stepping randomly (stuck).
 71894 | Depths:2 | 71894 ||| Stepping randomly (stuck).
 71895 | Depths:2 | 71895 ||| Stepping randomly (stuck).
 71896 | Depths:2 | 71896 ||| Stepping randomly (stuck).
 71897 | Depths:2 | 71897 ||| Stepping randomly (stuck).
 71898 | Depths:2 | 71898 ||| Stepping randomly (stuck).
 71899 | Depths:2 | 71899 ||| Stepping randomly (stuck).
 71900 | Depths:2 | 71900 ||| Stepping randomly (stuck).
 71901 | Depths:2 | 71901 ||| Stepping randomly (stuck).
 71902 | Depths:2 | 71902 ||| Stepping randomly (stuck).
 71903 | Depths:2 | 71903 ||| Stepping randomly (stuck).
 71904 | Depths:2 | 71904 ||| Stepping randomly (stuck).
 71905 | Depths:2 | 71905 ||| Stepping randomly (stuck).
 71906 | Depths:2 | 71906 ||| Stepping randomly (stuck).
 71907 | Depths:2 | 71907 ||| Stepping randomly (stuck).
 71908 | Depths:2 | 71908 ||| Stepping randomly (stuck).
 71909 | Depths:2 | 71909 ||| Stepping randomly (stuck).
 71910 | Depths:2 | 71910 ||| Stepping randomly (stuck).
 71911 | Depths:2 | 71911 ||| Stepping randomly (stuck).
 71912 | Depths:2 | 71912 ||| Stepping randomly (stuck).
 71913 | Depths:2 | 71913 ||| Stepping randomly (stuck).
 71914 | Depths:2 | 71914 ||| Stepping randomly (stuck).
 71915 | Depths:2 | 71915 ||| Stepping randomly (stuck).
 71916 | Depths:2 | 71916 ||| Stepping randomly (stuck).
 71917 | Depths:2 | 71917 ||| Stepping randomly (stuck).
 71918 | Depths:2 | 71918 ||| Stepping randomly (stuck).
 71919 | Depths:2 | 71919 ||| Stepping randomly (stuck).
 71920 | Depths:2 | 71920 ||| Stepping randomly (stuck).
 71921 | Depths:2 | 71921 ||| Stepping randomly (stuck).
 71922 | Depths:2 | 71922 ||| Stepping randomly (stuck).
 71923 | Depths:2 | 71923 ||| Stepping randomly (stuck).
 71924 | Depths:2 | 71924 ||| Stepping randomly (stuck).
 71925 | Depths:2 | 71925 ||| Stepping randomly (stuck).
 71926 | Depths:2 | 71926 ||| Stepping randomly (stuck).
 71927 | Depths:2 | 71927 ||| Stepping randomly (stuck).
 71928 | Depths:2 | 71928 ||| Stepping randomly (stuck).
 71929 | Depths:2 | 71929 ||| Stepping randomly (stuck).
 71930 | Depths:2 | 71930 ||| Stepping randomly (stuck).
 71931 | Depths:2 | 71931 ||| Stepping randomly (stuck).
 71932 | Depths:2 | 71932 ||| Stepping randomly (stuck).
 71933 | Depths:2 | 71933 ||| Stepping randomly (stuck).
 71934 | Depths:2 | 71934 ||| Stepping randomly (stuck).
 71935 | Depths:2 | 71935 ||| Stepping randomly (stuck).
 71936 | Depths:2 | 71936 ||| Stepping randomly (stuck).
 71937 | Depths:2 | 71937 ||| Stepping randomly (stuck).
 71938 | Depths:2 | 71938 ||| Stepping randomly (stuck).
 71939 | Depths:2 | 71939 ||| Stepping randomly (stuck).
 71940 | Depths:2 | 71940 ||| Stepping randomly (stuck).
 71941 | Depths:2 | 71941 ||| Stepping randomly (stuck).
 71942 | Depths:2 | 71942 ||| Stepping randomly (stuck).
 71943 | Depths:2 | 71943 ||| Stepping randomly (stuck).
 71944 | Depths:2 | 71944 ||| Stepping randomly (stuck).
 71945 | Depths:2 | 71945 ||| Stepping randomly (stuck).
 71946 | Depths:2 | 71946 ||| Stepping randomly (stuck).
 71947 | Depths:2 | 71947 ||| Stepping randomly (stuck).
 71948 | Depths:2 | 71948 ||| Stepping randomly (stuck).
 71949 | Depths:2 | 71949 ||| Stepping randomly (stuck).
 71950 | Depths:2 | 71950 ||| Stepping randomly (stuck).
 71951 | Depths:2 | 71951 ||| Stepping randomly (stuck).
 71952 | Depths:2 | 71952 ||| Stepping randomly (stuck).
 71953 | Depths:2 | 71953 ||| Stepping randomly (stuck).
 71954 | Depths:2 | 71954 ||| Stepping randomly (stuck).
 71955 | Depths:2 | 71955 ||| Stepping randomly (stuck).
 71956 | Depths:2 | 71956 ||| Stepping randomly (stuck).
 71957 | Depths:2 | 71957 ||| Stepping randomly (stuck).
 71958 | Depths:2 | 71958 ||| Stepping randomly (stuck).
 71959 | Depths:2 | 71959 ||| Stepping randomly (stuck).
 71960 | Depths:2 | 71960 ||| Stepping randomly (stuck).
 71961 | Depths:2 | 71961 ||| Stepping randomly (stuck).
 71962 | Depths:2 | 71962 ||| Stepping randomly (stuck).
 71963 | Depths:2 | 71963 ||| Stepping randomly (stuck).
 71964 | Depths:2 | 71964 ||| Stepping randomly (stuck).
 71965 | Depths:2 | 71965 ||| Stepping randomly (stuck).
 71966 | Depths:2 | 71966 ||| Stepping randomly (stuck).
 71967 | Depths:2 | 71967 ||| Stepping randomly (stuck).
 71968 | Depths:2 | 71968 ||| Stepping randomly (stuck).
 71969 | Depths:2 | 71969 ||| Stepping randomly (stuck).
 71970 | Depths:2 | 71970 ||| Stepping randomly (stuck).
 71971 | Depths:2 | 71971 ||| Stepping randomly (stuck).
 71972 | Depths:2 | 71972 ||| Stepping randomly (stuck).
 71973 | Depths:2 | 71973 ||| Stepping randomly (stuck).
 71974 | Depths:2 | 71974 ||| Stepping randomly (stuck).
 71975 | Depths:2 | 71975 ||| Stepping randomly (stuck).
 71976 | Depths:2 | 71976 ||| Stepping randomly (stuck).
 71977 | Depths:2 | 71977 ||| Stepping randomly (stuck).
 71978 | Depths:2 | 71978 ||| Stepping randomly (stuck).
 71979 | Depths:2 | 71979 ||| Stepping randomly (stuck).
 71980 | Depths:2 | 71980 ||| Stepping randomly (stuck).
 71981 | Depths:2 | 71981 ||| Stepping randomly (stuck).
 71982 | Depths:2 | 71982 ||| Stepping randomly (stuck).
 71983 | Depths:2 | 71983 ||| Stepping randomly (stuck).
 71984 | Depths:2 | 71984 ||| Stepping randomly (stuck).
 71985 | Depths:2 | 71985 ||| Stepping randomly (stuck).
 71986 | Depths:2 | 71986 ||| Stepping randomly (stuck).
 71987 | Depths:2 | 71987 ||| Stepping randomly (stuck).
 71988 | Depths:2 | 71988 ||| Stepping randomly (stuck).
 71989 | Depths:2 | 71989 ||| Stepping randomly (stuck).
 71990 | Depths:2 | 71990 ||| Stepping randomly (stuck).
 71991 | Depths:2 | 71991 ||| Stepping randomly (stuck).
 71992 | Depths:2 | 71992 ||| Stepping randomly (stuck).
 71993 | Depths:2 | 71993 ||| Stepping randomly (stuck).
 71994 | Depths:2 | 71994 ||| Stepping randomly (stuck).
 71995 | Depths:2 | 71995 ||| Stepping randomly (stuck).
 71996 | Depths:2 | 71996 ||| Stepping randomly (stuck).
 71997 | Depths:2 | 71997 ||| Stepping randomly (stuck).
 71998 | Depths:2 | 71998 ||| Stepping randomly (stuck).
 71999 | Depths:2 | 71999 ||| Stepping randomly (stuck).
 72000 | Depths:2 | 72000 ||| Stepping randomly (stuck).
 72001 | Depths:2 | 72001 ||| Stepping randomly (stuck).
 72002 | Depths:2 | 72002 ||| Stepping randomly (stuck).
 72003 | Depths:2 | 72003 ||| Stepping randomly (stuck).
 72004 | Depths:2 | 72004 ||| Stepping randomly (stuck).
 72005 | Depths:2 | 72005 ||| Stepping randomly (stuck).
 72006 | Depths:2 | 72006 ||| Stepping randomly (stuck).
 72007 | Depths:2 | 72007 ||| Stepping randomly (stuck).
 72008 | Depths:2 | 72008 ||| Stepping randomly (stuck).
 72009 | Depths:2 | 72009 ||| Stepping randomly (stuck).
 72010 | Depths:2 | 72010 ||| Stepping randomly (stuck).
 72011 | Depths:2 | 72011 ||| Stepping randomly (stuck).
 72012 | Depths:2 | 72012 ||| Stepping randomly (stuck).
 72013 | Depths:2 | 72013 ||| Stepping randomly (stuck).
 72014 | Depths:2 | 72014 ||| Stepping randomly (stuck).
 72015 | Depths:2 | 72015 ||| Stepping randomly (stuck).
 72016 | Depths:2 | 72016 ||| Stepping randomly (stuck).
 72017 | Depths:2 | 72017 ||| Stepping randomly (stuck).
 72018 | Depths:2 | 72018 ||| Stepping randomly (stuck).
 72019 | Depths:2 | 72019 ||| Stepping randomly (stuck).
 72020 | Depths:2 | 72020 ||| Stepping randomly (stuck).
 72021 | Depths:2 | 72021 ||| Stepping randomly (stuck).
 72022 | Depths:2 | 72022 ||| Stepping randomly (stuck).
 72023 | Depths:2 | 72023 ||| Stepping randomly (stuck).
 72024 | Depths:2 | 72024 ||| Stepping randomly (stuck).
 72025 | Depths:2 | 72025 ||| Stepping randomly (stuck).
 72026 | Depths:2 | 72026 ||| Stepping randomly (stuck).
 72027 | Depths:2 | 72027 ||| Stepping randomly (stuck).
 72028 | Depths:2 | 72028 ||| Stepping randomly (stuck).
 72029 | Depths:2 | 72029 ||| Stepping randomly (stuck).
 72030 | Depths:2 | 72030 ||| Stepping randomly (stuck).
 72031 | Depths:2 | 72031 ||| Stepping randomly (stuck).
 72032 | Depths:2 | 72032 ||| Stepping randomly (stuck).
 72033 | Depths:2 | 72033 ||| Stepping randomly (stuck).
 72034 | Depths:2 | 72034 ||| Stepping randomly (stuck).
 72035 | Depths:2 | 72035 ||| Stepping randomly (stuck).
 72036 | Depths:2 | 72036 ||| Stepping randomly (stuck).
 72037 | Depths:2 | 72037 ||| Stepping randomly (stuck).
 72038 | Depths:2 | 72038 ||| Stepping randomly (stuck).
 72039 | Depths:2 | 72039 ||| Stepping randomly (stuck).
 72040 | Depths:2 | 72040 ||| Stepping randomly (stuck).
 72041 | Depths:2 | 72041 ||| Stepping randomly (stuck).
 72042 | Depths:2 | 72042 ||| Stepping randomly (stuck).
 72043 | Depths:2 | 72043 ||| Stepping randomly (stuck).
 72044 | Depths:2 | 72044 ||| Stepping randomly (stuck).
 72045 | Depths:2 | 72045 ||| Stepping randomly (stuck).
 72046 | Depths:2 | 72046 ||| Stepping randomly (stuck).
 72047 | Depths:2 | 72047 ||| Stepping randomly (stuck).
 72048 | Depths:2 | 72048 ||| Stepping randomly (stuck).
 72049 | Depths:2 | 72049 ||| Stepping randomly (stuck).
 72050 | Depths:2 | 72050 ||| Stepping randomly (stuck).
 72051 | Depths:2 | 72051 ||| Stepping randomly (stuck).
 72052 | Depths:2 | 72052 ||| Stepping randomly (stuck).
 72053 | Depths:2 | 72053 ||| Stepping randomly (stuck).
 72054 | Depths:2 | 72054 ||| Stepping randomly (stuck).
 72055 | Depths:2 | 72055 ||| Stepping randomly (stuck).
 72056 | Depths:2 | 72056 ||| Stepping randomly (stuck).
 72057 | Depths:2 | 72057 ||| Stepping randomly (stuck).
 72058 | Depths:2 | 72058 ||| Stepping randomly (stuck).
 72059 | Depths:2 | 72059 ||| Stepping randomly (stuck).
 72060 | Depths:2 | 72060 ||| Stepping randomly (stuck).
 72061 | Depths:2 | 72061 ||| Stepping randomly (stuck).
 72062 | Depths:2 | 72062 ||| Stepping randomly (stuck).
 72063 | Depths:2 | 72063 ||| Stepping randomly (stuck).
 72064 | Depths:2 | 72064 ||| Stepping randomly (stuck).
 72065 | Depths:2 | 72065 ||| Stepping randomly (stuck).
 72066 | Depths:2 | 72066 ||| Stepping randomly (stuck).
 72067 | Depths:2 | 72067 ||| Stepping randomly (stuck).
 72068 | Depths:2 | 72068 ||| Stepping randomly (stuck).
 72069 | Depths:2 | 72069 ||| Stepping randomly (stuck).
 72070 | Depths:2 | 72070 ||| Stepping randomly (stuck).
 72071 | Depths:2 | 72071 ||| Stepping randomly (stuck).
 72072 | Depths:2 | 72072 ||| Stepping randomly (stuck).
 72073 | Depths:2 | 72073 ||| Stepping randomly (stuck).
 72074 | Depths:2 | 72074 ||| Stepping randomly (stuck).
 72075 | Depths:2 | 72075 ||| Stepping randomly (stuck).
 72076 | Depths:2 | 72076 ||| Stepping randomly (stuck).
 72077 | Depths:2 | 72077 ||| Stepping randomly (stuck).
 72078 | Depths:2 | 72078 ||| Stepping randomly (stuck).
 72079 | Depths:2 | 72079 ||| Stepping randomly (stuck).
 72080 | Depths:2 | 72080 ||| Stepping randomly (stuck).
 72081 | Depths:2 | 72081 ||| Stepping randomly (stuck).
 72082 | Depths:2 | 72082 ||| Stepping randomly (stuck).
 72083 | Depths:2 | 72083 ||| Stepping randomly (stuck).
 72084 | Depths:2 | 72084 ||| Stepping randomly (stuck).
 72085 | Depths:2 | 72085 ||| Stepping randomly (stuck).
 72086 | Depths:2 | 72086 ||| Stepping randomly (stuck).
 72087 | Depths:2 | 72087 ||| Stepping randomly (stuck).
 72088 | Depths:2 | 72088 ||| Stepping randomly (stuck).
 72089 | Depths:2 | 72089 ||| Stepping randomly (stuck).
 72090 | Depths:2 | 72090 ||| Stepping randomly (stuck).
 72091 | Depths:2 | 72091 ||| Stepping randomly (stuck).
 72092 | Depths:2 | 72092 ||| Stepping randomly (stuck).
 72093 | Depths:2 | 72093 ||| Stepping randomly (stuck).
 72094 | Depths:2 | 72094 ||| Stepping randomly (stuck).
 72095 | Depths:2 | 72095 ||| Stepping randomly (stuck).
 72096 | Depths:2 | 72096 ||| Stepping randomly (stuck).
 72097 | Depths:2 | 72097 ||| Stepping randomly (stuck).
 72098 | Depths:2 | 72098 ||| Stepping randomly (stuck).
 72099 | Depths:2 | 72099 ||| Stepping randomly (stuck).
 72100 | Depths:2 | 72100 ||| Stepping randomly (stuck).
 72101 | Depths:2 | 72101 ||| Stepping randomly (stuck).
 72102 | Depths:2 | 72102 ||| Stepping randomly (stuck).
 72103 | Depths:2 | 72103 ||| Stepping randomly (stuck).
 72104 | Depths:2 | 72104 ||| Stepping randomly (stuck).
 72105 | Depths:2 | 72105 ||| Stepping randomly (stuck).
 72106 | Depths:2 | 72106 ||| Stepping randomly (stuck).
 72107 | Depths:2 | 72107 ||| Stepping randomly (stuck).
 72108 | Depths:2 | 72108 ||| Stepping randomly (stuck).
 72109 | Depths:2 | 72109 ||| Stepping randomly (stuck).
 72110 | Depths:2 | 72110 ||| Stepping randomly (stuck).
 72111 | Depths:2 | 72111 ||| Stepping randomly (stuck).
 72112 | Depths:2 | 72112 ||| Stepping randomly (stuck).
 72113 | Depths:2 | 72113 ||| Stepping randomly (stuck).
 72114 | Depths:2 | 72114 ||| Stepping randomly (stuck).
 72115 | Depths:2 | 72115 ||| Stepping randomly (stuck).
 72116 | Depths:2 | 72116 ||| Stepping randomly (stuck).
 72117 | Depths:2 | 72117 ||| Stepping randomly (stuck).
 72118 | Depths:2 | 72118 ||| Stepping randomly (stuck).
 72119 | Depths:2 | 72119 ||| Stepping randomly (stuck).
 72120 | Depths:2 | 72120 ||| Stepping randomly (stuck).
 72121 | Depths:2 | 72121 ||| Stepping randomly (stuck).
 72122 | Depths:2 | 72122 ||| Stepping randomly (stuck).
 72123 | Depths:2 | 72123 ||| Stepping randomly (stuck).
 72124 | Depths:2 | 72124 ||| Stepping randomly (stuck).
 72125 | Depths:2 | 72125 ||| Stepping randomly (stuck).
 72126 | Depths:2 | 72126 ||| Stepping randomly (stuck).
 72127 | Depths:2 | 72127 ||| Stepping randomly (stuck).
 72128 | Depths:2 | 72128 ||| Stepping randomly (stuck).
 72129 | Depths:2 | 72129 ||| Stepping randomly (stuck).
 72130 | Depths:2 | 72130 ||| Stepping randomly (stuck).
 72131 | Depths:2 | 72131 ||| Stepping randomly (stuck).
 72132 | Depths:2 | 72132 ||| Stepping randomly (stuck).
 72133 | Depths:2 | 72133 ||| Stepping randomly (stuck).
 72134 | Depths:2 | 72134 ||| Stepping randomly (stuck).
 72135 | Depths:2 | 72135 ||| Stepping randomly (stuck).
 72136 | Depths:2 | 72136 ||| Stepping randomly (stuck).
 72137 | Depths:2 | 72137 ||| Stepping randomly (stuck).
 72138 | Depths:2 | 72138 ||| Stepping randomly (stuck).
 72139 | Depths:2 | 72139 ||| Stepping randomly (stuck).
 72140 | Depths:2 | 72140 ||| Stepping randomly (stuck).
 72141 | Depths:2 | 72141 ||| Stepping randomly (stuck).
 72142 | Depths:2 | 72142 ||| Stepping randomly (stuck).
 72143 | Depths:2 | 72143 ||| Stepping randomly (stuck).
 72144 | Depths:2 | 72144 ||| Stepping randomly (stuck).
 72145 | Depths:2 | 72145 ||| Stepping randomly (stuck).
 72146 | Depths:2 | 72146 ||| Stepping randomly (stuck).
 72147 | Depths:2 | 72147 ||| Stepping randomly (stuck).
 72148 | Depths:2 | 72148 ||| Stepping randomly (stuck).
 72149 | Depths:2 | 72149 ||| Stepping randomly (stuck).
 72150 | Depths:2 | Quit the game

Levels and vault maps discovered:
D:1:      lightli_arrival_chessboard, layout_rooms, basic_ecumenical_altar,
          nicolae_titane
D:2:      layout_rooms, serial_co_window_serial, co_window_corner_a,
          co_window_paths_b, co_window_corner_a, co_window_cross_1,
          co_window_paths_b, co_window_paths_c, co_window_cross_4,
          co_window_paths_c, co_window_broadway_a, co_window_unsneaky_path_d,
          co_window_2corner, co_window_4corner_b, serial_shops, shop
D:3:      layout_rooms, tgw_xom, biasface_ghost_orc_armoury,
          hangedman_decor_riveting
D:4:      layout_basic, nicolae_dithmenos_through_a_glass_darkly,
          grunt_temple_overflow_open, serial_shops, shop,
          minmay_shop_grid_forest, minmay_manual_mandibuliform
D:5:      layout_loops_corners, kennysheep_mini, serial_shops, shop
D:6:      layout_cave_pools, mainiacjoe_overflow_surrounded_room,
          mainiacjoe_overflow_divided_tiny
D:7:      layout_basic, marbit_many_paths, kennysheep_mini_moat,
          minmay_temple_entry_hall
D:8:      layout_cave_pools, ashenzari_altar_1, trog_wizard,
          kennysheep_little_box, due_lair_maze_entry_diamond, uniq_gastronok
D:9:      layout_rooms
D:10:     layout_basic, orc_0_dummy
D:11:     layout_cave_pools
D:12:     layout_rooms, serial_shops, nicolae_shop_hallway_plus,
          nicolae_hepliaklqana_hippocampus
D:13:     layout_cave_pods, lightli_vaults_fourway_checkpoint, serial_park,
          serial_park_square1 [serial_park_minivault_5x5_3], serial_park_square3
          [serial_park_minivault_5x5_5], serial_park_square2
D:14:     layout_basic, lemuel_tele_altar, serial_shops, nicolae_lakefront_shop,
          enter_trove_2, minmay_misc_feat_chi
D:15:     gammafunk_enter_depths_forms, layout_irregular_city, fedhas_altar_1
Lair:1:   layout_cave_shapes
Lair:2:   layout_long_grid, minmay_shoals_entry_beasts, grunt_megastairs_1
Lair:3:   layout_regular_city, minmay_snake_entry_six_corridors
Lair:4:   layout_loops_ring, minmay_slime_entry_oklob_enclosed, enter_volcano_3
Lair:5:   wormcave, layout_misc_corridors
Shoals:1: layout_shoals, uniq_mlioglotl
Shoals:2: layout_shoals
Shoals:3: layout_shoals, ebering_ghost_disaster_area
Shoals:4: shoals_end_simple, layout_shoals, gammafunk_ghost_tricky_traps
Snake:1:  minmay_snake_river, layout_layer_cave, corexii_hall_statues_s,
          lemuel_fruit_tree
Snake:2:  layout_basic, drop_trap, guppyfry_snake_island, minmay_shop_grove,
          serial_bayou_shore_a
Snake:3:  nrook_guardian_serpent_snake_passage, layout_misc_corridors,
          st_stairs_12, abandoned_shop
Snake:4:  grunt_snake_rune_spirals, layout_onion_interference,
          nicolae_snake_magic_snake_eye
Orc:1:    layout_caves, gammafunk_ghost_berserking_beasts, nicolae_shop_gadgets
Orc:2:    grunt_orc_cross, layout_caves, uniq_donald, uniq_maurice
Vaults:1: vaults_standard_mumra_x, v_misc_16, v_misc_28,
          hangedman_vaults_cutoff, v_pattern_3, nicolae_vaults_puzzle_piece,
          hangedman_vaults_cutoff, st_squares, ontoclasm_vaults_gateway,
          layout_vaults_ring
Vaults:2: gammafunk_ghost_necromancy, hangedman_vaults_trim, vaults_dpeg_doors,
          vaults_dpeg_ring, v_misc_3, st_lattice, v_misc_4, vaults_dpeg_hooks,
          vaults_mumra_lcd, hangedman_vaults_restitches, grunt_vaults_twisty,
          v_misc_4, layout_vaults_big_cross
Vaults:3: minmay_crypt_entry_simple_box, v_rooms_3, hangedman_vaults_maws,
          nicolae_vaults_disjoint_gnomons, v_misc_11, v_alt_pattern_2,
          dpeg_vaults_hating_casters, nicolae_vaults_little_ls,
          nicolae_vaults_little_squares_6, grunt_vaults_hallway_long,
          v_pattern_4, layout_vaults_omnibox
Vaults:4: ebering_ghost_gozag, vaults_room_fours, grunt_vaults_hallway_long,
          vaults_room_octagon, vaults_room_ringed_pool, v_misc_31,
          grunt_vaults_swirl, hangedman_vaults_restitches,
          layout_vaults_omnigrid, serial_shops, nicolae_shop_waterfront
Vaults:5
Crypt:1:  layout_chaotic_city, st_stairs_11, uniq_saint_roka
Crypt:2:  layout_catacombs, grunt_megastairs_2, lemuel_upstairs_altar
Crypt:3:  grunt_crypt_end_deaths_head
Tomb:1
Tomb:2
Tomb:3:   uniq_boris
Depths:1: layout_long_grid, hell_entry, ebering_dispersal_statue_hall, tso_altar
Depths:2: minmay_roctagon, layout_basic, enter_ziggurat_d,
          rand_demon_pan_entry_4, hangedman_abyss_or_decor_passed,
          pf_hell_entry_tar_river, abyss_entry_flame_altar,
          chequers_serial_rivers_large_a, minmay_shop_enchanted_jewellery,
          uniq_bai_suzhen, uniq_mara, uniq_josephina
Depths:3: nicolae_cairo_tiling_large_dashed, layout_cross, pf_coc_iceberg,
          abyss_entry, infiniplex_staircase_squiggle
Depths:4: evilmike_zot_entry_round, layout_basic, pan_entry,
          nicolae_qazlal_general_emergency, hell_entry,
          nicolae_vehumet_altar_sigil, kennysheep_random_hallway
Zot:1:    layout_onion_interference
Zot:2:    minmay_elemental_castle, layout_gridville
Zot:3:    layout_cathedral_of_symmetry, gammafunk_ghost_crypt, evilmike_ambush
          [evilmike_ambush_outer_basic, evilmike_ambush_inner_basic]
Zot:4:    layout_concentric_octagons, hangedman_zot_wheel_spokes, uniq_parghit
Zot:5:    layout_gridlike, st_stairs_1

Skill      XL: |  1  2  3  4  5  6  7  8  9 10 11 12 13 14 15 16 17 18 19 20 21 22 23 24 25 26 27 |
---------------+----------------------------------------------------------------------------------+-----
Axes           | 2 3 4 5 6 7 8 9 10 12 14 15 16 17 18 | 18.0
Fighting       | 4 5 6 7 8 9 10 12 13 15 17 18 20 21 22 23 24 | 24.7
Invocations    | 1 4 5 9 10 24 | 24.8
Dodging        | 1 2 3 4 5 6 7 8 9 14 17 | 17.0
Armour         | 4 5 6 7 9 10 11 12 13 14 16 18 19 20 21 22 | 22.3
Throwing       | 1 2 4 7 8 10 11 12 14 | 14.1
Shields        | 4 8 10 11 12 13 14 15 16 17 18 19 22 | 22.0

Action                   |  1- 3 |  4- 6 |  7- 9 | 10-12 | 13-15 | 16-18 | 19-21 | 22-24 | 25-27 || total
-------------------------+-------+-------+-------+-------+-------+-------+-------+-------+-------++-------
Melee: War axe           |    96 |   110 |   214 |   408 |  1226 |       |       |       |       ||  2054
       Hand axe          |       |       |       |       |    23 |       |       |       |       ||    23
       Broad axe         |       |       |       |       |    42 |  1604 |  1703 |  1511 |  2032 ||  6892
       Headbutt          |       |       |       |       |       |       |       |       |   361 ||   361
Throw: Boomerang         |       |    21 |    42 |    95 |   140 |    26 |    97 |    58 |    92 ||   571
       Javelin           |       |       |       |       |    18 |    51 |     1 |    32 |   135 ||   237
Invok: Heroism           |       |       |    16 |    25 |    43 |    48 |    42 |    40 |    37 ||   251
       Finesse           |       |       |       |     1 |    14 |     7 |     4 |    24 |    10 ||    60
       Cleansing Flame   |       |       |       |       |       |       |       |       |    66 ||    66
       Summon Divine War |       |       |       |       |       |       |       |       |     9 ||     9
       Brand Weapon With |       |       |       |       |       |       |       |       |     1 ||     1
  Use: Scroll            |     9 |     5 |     8 |     6 |    14 |     6 |     3 |     6 |    29 ||    86
       Potion            |       |     1 |       |       |     5 |     1 |     5 |     2 |    17 ||    31
 Stab: Petrified         |       |       |       |       |     4 |       |       |       |       ||     4
       Confused          |       |       |       |       |       |       |       |       |     6 ||     6
Armor: Scale mail        |    19 |       |       |       |       |       |       |       |       ||    19
       Plate armour      |    32 |    85 |   145 |   219 |   584 |   684 |   687 |   674 |   265 ||  3375
       Gold dragon scale |       |       |       |       |       |       |       |       |   424 ||   424
Dodge: Dodged            |    36 |    23 |    43 |   108 |   469 |   536 |   572 |   538 |   974 ||  3299
Block: Buckler           |    14 |    19 |    23 |       |       |       |       |       |       ||    56
       Kite shield       |       |       |    32 |   230 |   648 |  1309 |  1395 |   606 |       ||  4220
       Reflection        |       |       |       |       |     1 |   132 |   128 |    28 |    44 ||   333
       Tower shield      |       |       |       |       |       |       |       |   607 |  2452 ||  3059

Table legend:
 A = Non-vault XP
 B = Vault XP
 C = Vault XP percentage of total XP
 D = Non-vault monster count
 E = Vault monster count
 F = Vault count percentage of total count
                 A         B        C        D         E       F
            +---------+---------+-------+---------+---------+-------
      Total |  844873 |  837354 |  49.8 |    1576 |     938 |  37.3
            +---------+---------+-------+---------+---------+-------
        D:1 |      39 |       0 |   0.0 |      19 |       0 |   0.0
        D:2 |      54 |       0 |   0.0 |      20 |       0 |   0.0
        D:3 |      61 |      12 |  16.4 |      12 |       4 |  25.0
        D:4 |     604 |      19 |   3.0 |      31 |       4 |  11.4
        D:5 |    1445 |       0 |   0.0 |      32 |       0 |   0.0
        D:6 |     480 |       0 |   0.0 |      12 |       0 |   0.0
        D:7 |     807 |      80 |   9.0 |       9 |       1 |  10.0
        D:8 |    2091 |    2709 |  56.4 |      32 |       9 |  22.0
        D:9 |    3261 |       0 |   0.0 |      18 |       0 |   0.0
       D:10 |    2330 |       0 |   0.0 |      22 |       0 |   0.0
       D:11 |    2892 |       0 |   0.0 |      13 |       0 |   0.0
       D:12 |    9072 |       0 |   0.0 |      29 |       0 |   0.0
       D:13 |    8597 |   10504 |  55.0 |      32 |      18 |  36.0
       D:14 |    7815 |       0 |   0.0 |      18 |       0 |   0.0
       D:15 |    9887 |    5732 |  36.7 |      20 |      10 |  33.3
     Lair:1 |    3145 |       0 |   0.0 |      10 |       0 |   0.0
     Lair:2 |    5531 |    1313 |  19.2 |      18 |       4 |  18.2
     Lair:3 |    6342 |    2093 |  24.8 |      23 |      10 |  30.3
     Lair:4 |    7638 |    1981 |  20.6 |      33 |       5 |  13.2
     Lair:5 |    6877 |    6242 |  47.6 |      18 |      17 |  48.6
   Shoals:1 |   10043 |    1742 |  14.8 |      16 |       1 |   5.9
   Shoals:2 |   12810 |       0 |   0.0 |      32 |       0 |   0.0
   Shoals:3 |   19040 |       0 |   0.0 |      37 |       0 |   0.0
   Shoals:4 |   13173 |   19187 |  59.3 |      26 |      34 |  56.7
    Snake:1 |   15715 |    9584 |  37.9 |      32 |      12 |  27.3
    Snake:2 |   32075 |     589 |   1.8 |      71 |       2 |   2.7
    Snake:3 |   10067 |    1731 |  14.7 |      20 |       3 |  13.0
    Snake:4 |   32793 |   48441 |  59.6 |      63 |      69 |  52.3
      Orc:1 |    4271 |       0 |   0.0 |      27 |       0 |   0.0
      Orc:2 |    4156 |   10854 |  72.3 |      36 |      36 |  50.0
   Vaults:1 |   38487 |   28640 |  42.7 |      62 |      35 |  36.1
   Vaults:2 |   31146 |   24508 |  44.0 |      44 |      32 |  42.1
   Vaults:3 |   37426 |   26743 |  41.7 |      52 |      40 |  43.5
   Vaults:4 |   27546 |   45437 |  62.3 |      38 |      52 |  57.8
   Vaults:5 |   13274 |  101288 |  88.4 |      19 |      81 |  81.0
    Crypt:1 |   23385 |    2647 |  10.2 |      36 |       3 |   7.7
    Crypt:2 |   18992 |    3576 |  15.8 |      30 |       7 |  18.9
    Crypt:3 |       0 |   69824 | 100.0 |       0 |     120 | 100.0
     Tomb:1 |   11975 |   74309 |  86.1 |      39 |      53 |  57.6
     Tomb:2 |   39308 |   62783 |  61.5 |      70 |      90 |  56.2
     Tomb:3 |   21123 |   71195 |  77.1 |      37 |      60 |  61.9
   Depths:1 |   39695 |       0 |   0.0 |      46 |       0 |   0.0
   Depths:2 |   32689 |   29797 |  47.7 |      42 |      24 |  36.4
   Depths:3 |   39549 |       0 |   0.0 |      45 |       0 |   0.0
   Depths:4 |   45057 |   19656 |  30.4 |      43 |      17 |  28.3
      Zot:1 |   44710 |       0 |   0.0 |      41 |       0 |   0.0
      Zot:2 |   24322 |   24563 |  50.2 |      21 |      20 |  48.8
      Zot:3 |   40196 |   29946 |  42.7 |      34 |      24 |  41.4
      Zot:4 |   37148 |    3216 |   8.0 |      29 |       1 |   3.3
      Zot:5 |   30283 |   96413 |  76.1 |      22 |      40 |  64.5
    Abyss:2 |   15451 |       0 |   0.0 |      45 |       0 |   0.0
            +---------+---------+-------+---------+---------+-------
